Workbook
Name \0: #REF!
Name \00: #REF!
Name \a: #REF!
Name \AA: [1]LIQUIDACION!#REF!
Name \b: [2]STRSUMM0!#REF!
Name \bb: [2]STRSUMM0!#REF!
Name \E: #REF!
Name \EE: #REF!
Name \eliminar: [3]RESUM96!#REF!
Name \eliminar1: [3]RESUM96!#REF!
Name \G: #REF!
Name \k: '[4]7422CW00'!#REF!
Name \l: [5]STRSUMM0!#REF!
Name \M: #REF!
Name \ñ: '[6]7422CW00'!#REF!
Name \P: #REF!
Name \q: #REF!
Name \R: #REF!
Name \s: #REF!
Name \V: #REF!
Name \X: [0]!ERR
Name \Z: [0]!ERR
Name ________________EST1: #REF!
Name ________________EST10: #REF!
Name ________________EST11: #REF!
Name ________________EST12: #REF!
Name ________________EST13: #REF!
Name ________________EST14: #REF!
Name ________________EST15: #REF!
Name ________________EST16: #REF!
Name ________________EST17: #REF!
Name ________________EST18: #REF!
Name ________________EST19: #REF!
Name ________________EST2: #REF!
Name ________________EST3: #REF!
Name ________________EST4: #REF!
Name ________________EST5: #REF!
Name ________________EST6: #REF!
Name ________________EST7: #REF!
Name ________________EST8: #REF!
Name ________________EST9: #REF!
Name ________________EXC1: #REF!
Name ________________EXC10: #REF!
Name ________________EXC11: #REF!
Name ________________EXC12: #REF!
Name ________________EXC2: #REF!
Name ________________EXC3: #REF!
Name ________________EXC4: #REF!
Name ________________EXC5: #REF!
Name ________________EXC6: #REF!
Name ________________EXC7: #REF!
Name ________________EXC8: #REF!
Name ________________EXC9: #REF!
Name _______________EST1: #REF!
Name _______________EST10: #REF!
Name _______________EST11: #REF!
Name _______________EST12: #REF!
Name _______________EST13: #REF!
Name _______________EST14: #REF!
Name _______________EST15: #REF!

Sheet Hoja1
A1: FONDO DE DESARROLLO LOCAL DE TUNJUELITO
A2: PROCESO DE LICITACIÒN PÙBLICA No. FDLT-SAMC-339-2024 (120804)
A3: INFORME CONSOLIDADO VERIFICACIÓN DE REQUISITOS HABILITANTES
A4: OBJETO:“ “PRESTAR LOS SERVICIOS DE CAPACITACIÓN EN PARTICIPACIÓN CIUDADANA, FORMULACIÓN DE PROYECTOS COMUNITARIOS Y DOTACIÓN DE ELEMENTOS A GRUPOS, ORGANIZACIONES E INSTANCIAS DE PARTICIPACIÓN, DE LA LOCALIDAD DE TUNJUELITO EN EL MARCO DEL PROYECTO 2069”
A5: ITEM | B5: PROPONENTE (NOMBRE DE LA EMPRESA ) | D5: CAPACIDAD JURÍDICA | E5: CAPACIDAD FINANCIERA | F5: CAPACIDAD ORGANIZACIONAL | G5: EXPERIENCIA CUMPLE NO / CUMPLE | H5: BUENAS PRACTICAS AMBIENTALES/ REQUISITOS HABILITANTES CUMPLE/NO CUMPLE | I5: CUMPLIMIENTO REQUISITOS TÉCNICO REQUISITOS HABILITANTES CUMPLE/NO CUMPLE | J5: HABILITADO/NO HABILITADO
A6: 1 | B6: FUNDACIÓN OTRO ROLLO SOCIAL | D6: CUMPLE | E6: CUMPLE | F6: CUMPLE | G6: CUMPLE | H6: CUMPLE | I6: CUMPLE | J6: HABILITADO
A7: 2 | B7: CIDOR CONULTING ALLIANCE SAS | D7: CUMPLE | E7: CUMPLE | F7: CUMPLE | G7: CUMPLE | H7: CUMPLE | I7: CUMPLE | J7: HABILITADO
A8: 3 | B8: BONGA BUSTAMANTE SAS | D8: CUMPLE | E8: CUMPLE | F8: CUMPLE | G8: NO CUMPLE | H8: CUMPLE | I8: CUMPLE | J8: NO HABILITADO
A9: 4 | B9: FUNDACIÓN STAR COP HUMANITY | D9: CUMPLE | E9: CUMPLE | F9: CUMPLE | G9: CUMPLE | H9: CUMPLE | I9: CUMPLE | J9: HABILITADO
A10: 5 | B10: CORSERVICOL | D10: NO CUMPLE | E10: CUMPLE | F10: CUMPLE | G10: CUMPLE | H10: NO CUMPLE | I10: CUMPLE | J10: NO HABILITADO
A11: 6 | B11: Consultores y Asesores TIC SAS | D11: CUMPLE | E11: CUMPLE | F11: CUMPLE | G11: CUMPLE | H11: CUMPLE | I11: CUMPLE | J11: HABILITADO
A12: 7 | B12: CORPORACIÓN UNIFICADA NACIONAL DE EDUCACIÓN SUPERIOR CUN | D12: CUMPLE | E12: CUMPLE | F12: CUMPLE | G12: CUMPLE | H12: CUMPLE | I12: CUMPLE | J12: HABILITADO
A13: 8 | B13: FUNDACIÓN COLOMBIA ÚTIL | D13: CUMPLE | E13: CUMPLE | F13: CUMPLE | G13: CUMPLE | H13: CUMPLE | I13: NO CUMPLE | J13: NO HABILITADO
A14: 9 | B14: INDUHOTEL SAS | D14: CUMPLE | E14: CUMPLE | F14: CUMPLE | G14: CUMPLE | H14: CUMPLE | I14: CUMPLE | J14: HABILITADO
A15: 10 | B15: ASOCIACIÒN PARA EL DESARROLLO INTEGRAL DE LA FAMILIA COLOMBIANA - ADIFCOL | D15: NO CUMPLE | E15: CUMPLE | F15: CUMPLE | G15: CUMPLE | H15: NO CUMPLE | I15: NO CUMPLE | J15: NO HABILITADO
A16: 11 | B16: FUNDESCO | D16: CUMPLE | E16: CUMPLE | F16: CUMPLE | G16: CUMPLE | H16: CUMPLE | I16: CUMPLE | J16: HABILITADO
A17: 12 | B17: FUNDACIÓN INTERNACIONAL DE PEDAGOGÍA CONCEPTUAL ALBERTO MERANI | D17: CUMPLE | E17: CUMPLE | F17: CUMPLE | G17: CUMPLE | H17: CUMPLE | I17: CUMPLE | J17: HABILITADO
A18: 13 | B18: DOKUMA | D18: CUMPLE | E18: CUMPLE | F18: CUMPLE | G18: CUMPLE | H18: CUMPLE | I18: CUMPLE | J18: HABILITADO
B20: MIEMBROS DEL COMITÉ EVALUADOR:
H23: ZAIDE NATALIE BURGOS
H24: PROFESIONAL DE APOYO FDLT

Sheet PPTO
A1: ESTUDIO DE MERCADO OBJETO: “PRESTAR LOS SERVICIOS DE CAPACITACIÓN EN PARTICIPACIÓN CIUDADANA, FORMULACIÓN DE PROYECTOS COMUNITARIOS Y DOTACIÓN DE ELEMENTOS A GRUPOS, ORGANIZACIONES E INSTANCIAS DE PARTICIPACIÓN, DE LA LOCALIDAD DE TUNJUELITO EN EL MARCO DEL PROYECTO 2069”
A2: NOMBRE DEL PROYECTO 2069
A3: NO. | B3: ITEM | C3: DETALLE CONCEPTO | D3: Unidad de Medida | E3: Cot. 01 IVA Incluido | F3: Empresa Cotizante 01 | G3: Cot. 02 IVA Incluido | H3: Empresa Cotizante 02 | I3: Cot. 03 IVA Incluido | J3: Empresa Cotizante 03 | K3: Cot. 04 IVA Incluido | L3: Empresa Cotizante 04 | M3: No. de Cotizaciones | N3: MEDIANA | O3: DESVIACIÓN ESTANDAR | P3: PORCENTAJE DESVIACION | Q3: VALOR PROMEDIO UNITARIO IVA INCLUIDO | R3: VALOR UNITARIO IVA INCLUIDO (VIGENCIA 2024) (REDONDEADO AL MÚLTIPLO DE 50 MÁS CERCANO SUPERIOR) | S3: CANTIDAD | T3: VALOR TOTAL CON IVA
A5: Componente 1. Presupuestos participativos - Proceso de formación para la participación Expedición agroecológica en tren por la Sabana de Bogotá
A6: 1 | B6: CHAQUETA SIN ACOLCHAR TIPO ROMPEVIENTOS | C6: Tejido de resistencia al frío y el viento 100% poliéster y ultraligeros; Zona frontal con pro-tección contra el viento, zona de espalda tejido micromesh o rejilla para una correcta transpira-ción. Debe de proteger el cuello; Cremallera que no se enganche y que tenga un buen tirador para poder abrirlo, quitarlo y ponerlo en marcha con o sin guantes; Bolsillos traseros y también acceso fácil a los bolsillos del maillot o chaqueta; Deta-lles reflectantes o colores brillantes y llamativos para ser visibles tallas para adultos, con logotipos de la Alcaldía y del colectivo | D6: Unidad | E6: =60000*1.19 -> 71400 | F6: PROMOCIONALES BORDADOS Y DOTACIONES | G6: =70000*1.19 -> 83300 | H6: ZOOM | I6: =50000*1.19 -> 59500 | J6: SENI | M6: =+COUNT(E6,G6,I6) -> 3 | N6: =+MEDIAN(E6,G6,I6) -> 71400 | O6: =+STDEVA(I6,G6,E6) -> 11900 | P6: =+O6/N6 -> 0.16666667 | Q6: =+AVERAGE(E6,G6,I6) -> 71400 | R6: =+_xlfn.CEILING.MATH(Q6,50,FALSE) -> 71400 | S6: 140 | T6: =+R6*S6 -> 9996000
A7: 2 | B7: SOMBRERO SAFARI | C7: Sombrero safari protección sol, cuello solapa pesca, deportivo, en material de dril, talla única estandar, con logos del colectivo de la Alcaldía. | D7: UNIDAD | E7: =15000*1.19 -> 17850 | F7: PROMOCIONALES BORDADOS Y DOTACIONES | G7: =18000*1.19 -> 21420 | H7: ZOOM | I7: =17850*1.19 -> 21241.5 | J7: NEO BRAND S.A.S | M7: =+COUNT(E7,G7,I7) -> 3 | N7: =+MEDIAN(E7,G7,I7) -> 21241.5 | O7: =+STDEVA(I7,G7,E7) -> 2011.5928 | P7: =+O7/N7 -> 0.094701073 | Q7: =+AVERAGE(E7,G7,I7) -> 20170.5 | R7: =+_xlfn.CEILING.MATH(Q7,50,FALSE) -> 20200 | S7: 140 | T7: =+R7*S7 -> 2828000
A8: 3 | B8: SOMBRILLA PLEGABLE | C8: Sombrilla automática de mango de lujo 10 varillas, tamaño mediano, tela anti-fluido, con filtro UV, sublimada con logos del comité y de la Alcaldía, en dos de sus caras, color a definición de acuerdo a la solicitud del Fondo de Desarrollo Local. | D8: UNIDAD | E8: 29655 | F8: NEO BRAND S.A.S | G8: =15000*1.19 -> 17850 | H8: ZOOM | I8: =16000*1.19 -> 19040 | J8: SENI | M8: =+COUNT(E8,G8,I8) -> 3 | N8: =+MEDIAN(E8,G8,I8) -> 19040 | O8: =+STDEVA(I8,G8,E8) -> 6499.3891 | P8: =+O8/N8 -> 0.34135447 | Q8: =+AVERAGE(E8,G8,I8) -> 22181.667 | R8: =+_xlfn.CEILING.MATH(Q8,50,FALSE) -> 22200 | S8: 140 | T8: =+R8*S8 -> 3108000
A9: COMPONENTE 1 ACTIVIDAD 2 SEMINARIOS EN VEEDURIA CIUDADANA (ACTIVIDAD 2) DOS SEMINARIOS DE 3 HORAS
A10: 4 | B10: BOLIGRAFOS PERSONALIZADOS | C10: Boligrafos personalizados con el logo de la Alcaldía y del colectivo, retractil y con resaltador en la cabeza del bolígrafo, en plástico, de tinta negra | D10: UNIDAD | E10: =1956*1.19 -> 2327.64 | F10: PROMOCIONALES BORDADOS Y DOTACIONES | G10: =2506*1.19 -> 2982.14 | H10: ZOOM | I10: =2500*1.19 -> 2975 | J10: SENI | M10: =+COUNT(E10,G10,I10) -> 3 | N10: =+MEDIAN(E10,G10,I10) -> 2975 | O10: =+STDEVA(I10,G10,E10) -> 375.83157 | P10: =+O10/N10 -> 0.12632994 | Q10: =+AVERAGE(E10,G10,I10) -> 2761.5933 | R10: =+_xlfn.CEILING.MATH(Q10,50,FALSE) -> 2800 | S10: 100 | T10: =+R10*S10 -> 280000
A11: 5 | B11: Planeador mensual | C11: Planeador-Agenda: Con Pastas en madera MDF impresa de alta calidad. Hojas de Papel de caña de azúcar o papel reciclable Tamaño de la hoja approximado: 9.3 cm x 21.6 cm Dimensiones aproximadas: 22 cm x 11 cm x 2.5 c Con separa de hojas que tengan informaciòn sobre el proyecto. | D11: UNIDAD | E11: =23000*1.19 -> 27370 | F11: ZOOM | G11: =15000*1.19 -> 17850 | H11: SENI | M11: =+COUNT(E11,G11,I11) -> 2 | N11: =+MEDIAN(E11,G11) -> 22610 | O11: =+STDEVA(I11,G11,E11) -> 6731.6566 | P11: =+O11/N11 -> 0.29772917 | Q11: =+AVERAGE(E11,G11,I11) -> 22610 | R11: =+_xlfn.CEILING.MATH(Q11,50,FALSE) -> 22650 | S11: 100 | T11: =+R11*S11 -> 2265000
A12: 6 | B12: BOLSA EN TELA RESISTENTE | C12: Bolsa en tela impermeable o antifluido sublimada de tamaño de 40cm x 35 cm, con logos de la Alcaldía y del colectivo | D12: UNIDAD | E12: =4200*1.19 -> 4998 | F12: ZOOM | G12: =3500*1.19 -> 4165 | H12: SENI | I12: 4760 | J12: NEOBRAND | M12: =+COUNT(E12,G12,I12) -> 3 | N12: =+MEDIAN(E12,G12,I12) -> 4760 | O12: =+STDEVA(I12,G12,E12) -> 429.0606 | P12: =+O12/N12 -> 0.090138782 | Q12: =+AVERAGE(E12,G12,I12) -> 4641 | R12: =+_xlfn.CEILING.MATH(Q12,50,FALSE) -> 4650 | S12: 100 | T12: =+R12*S12 -> 465000
A13: 7 | B13: Refrigerio tipo 2 | C13: Un sólido: Un pastel de pollo o un pastel gloria, jugo o avena en caja, fruta (manzana, pera, durazno, banano, mandarina, o ciruela) y dulce de chocolate Que cumpla con las normas de Bioseguridad - Empacado | D13: UNIDAD | E13: 10000 | F13: Eventos Castillo Imperial F.R. | G13: 12000 | H13: Hacienda el refugio | I13: 13000 | J13: EVENTOS Y LOGISTICA HADOSH | M13: =+COUNT(E13,G13,I13) -> 3 | N13: =+MEDIAN(E13,G13,I13) -> 12000 | O13: =+STDEVA(I13,G13,E13) -> 1527.5252 | P13: =+O13/N13 -> 0.12729377 | Q13: =+AVERAGE(E13,G13,I13) -> 11666.667 | R13: =+_xlfn.CEILING.MATH(Q13,50,FALSE) -> 11700 | S13: 100 | T13: =+R13*S13 -> 1170000
A14: Componente 1. Recurso humano
A15: 8 | B15: Coordinador | C15: Título Profesional en ciencias sociales, economía, administración pública, profesional en psicología o profesionales que pertenezcan al NBC equivalente según lo establecido por el SNIES. | D15: UNIDAD | Q15: 4773000 | R15: 4773000 | S15: 5 | T15: =+R15*S15 -> 23865000
A16: 9 | B16: Docente capacitador | C16: Profesional en ciencia sociales o humanas, ciencias políticas, sociología, antropología, administración pública, historia o profesionales de las áreas de ciencias sociales que pertenezcan al NBC y según lo establecido por el SNIES | D16: UNIDAD | Q16: 4773000 | R16: 4773000 | S16: 5 | T16: =+R16*S16 -> 23865000
A17: PUBLICIDAD
A18: 10 | B18: PAUTA PUBLICITARIA | C18: DISEÑO, GRABACION Y PUBLICACION DE UNA CUÑA RADIAL DE 30 SEGUNDOS, CON 20 EMISIONES A CONVENIR; EL GUION SERA REALIZADO POR EL AREA DE PRENSA DE ALCALDIA LOCAL | D18: UNIDAD | E18: 1360000 | F18: MI BOSA ESTEREO | G18: 1670000 | H18: EL CARMEN | M18: =+COUNT(E18,G18,I18) -> 2 | N18: =+MEDIAN(E18,G18,I18) -> 1515000 | O18: =+STDEVA(I18,G18,E18) -> 219203.1 | P18: =+O18/N18 -> 0.14468852 | Q18: =+AVERAGE(E18,G18,I18) -> 1515000 | R18: =+_xlfn.CEILING.MATH(Q18,50,FALSE) -> 1515000 | S18: 1 | T18: =+R18*S18 -> 1515000
A19: Componente 1. Presupuestos participativos - Proceso de formación para la participación ciudadana "Expedición agroecológica en tren por la Sabana de Bogotá"
A20: 11 | B20: PENDON VERTICAL TAMAÑO DE 90x1 40m | C20: Pendón vertical: impresión en Lona Banner policromía 13 onzas impreso a full color tamaño de 90x140m con estructura en araña (diseño estregado por el área de prensa de la Alcaldía Local) | D20: UNIDAD | E20: =130000*1.19 -> 154700 | F20: PROMOCIONALES BORDADOS Y DOTACIONES | G20: =130000*1.19 -> 154700 | H20: ZOOM | I20: =140000*1.19 -> 166600 | J20: SENI | M20: =+COUNT(E20,G20,I20) -> 3 | N20: =+MEDIAN(E20,G20,I20) -> 154700 | O20: =+STDEVA(I20,G20,E20) -> 6870.4682 | P20: =+O20/N20 -> 0.044411559 | Q20: =+AVERAGE(E20,G20,I20) -> 158666.67 | R20: =+_xlfn.CEILING.MATH(Q20,50,FALSE) -> 158700 | S20: 1 | T20: =+R20*S20 -> 158700
A21: 12 | B21: Refrigerio tipo 2 | C21: Un sólido: Un pastel de pollo o un pastel gloria, jugo o avena en caja, fruta (manzana, pera, durazno, banano, mandarina, o ciruela) y dulce de chocolate Que cumpla con las normas de Bioseguridad - Empacado | D21: UNIDAD | E21: 10000 | F21: Eventos Castillo Imperial F.R. | G21: 12000 | H21: Hacienda el refugio | I21: 13000 | J21: EVENTOS Y LOGISTICA HADOSH | M21: =+COUNT(E21,G21,I21) -> 3 | N21: =+MEDIAN(E21,G21,I21) -> 12000 | O21: =+STDEVA(I21,G21,E21) -> 1527.5252 | P21: =+O21/N21 -> 0.12729377 | Q21: =+AVERAGE(E21,G21,I21) -> 11666.667 | R21: =+_xlfn.CEILING.MATH(Q21,50,FALSE) -> 11700 | S21: 840 | T21: =+R21*S21 -> 9828000
A22: 13 | B22: Diploma | C22: Certidficación: Diploma y/o certificado: entrega de diploma y/o certificados nivel básico en papel opalina de 240 gr, tintas 4x0, tamaño carta según diseño. | D22: UNIDAD | E22: =6500*1.19 -> 7735 | F22: PROMOCIONALES BORDADOS Y DOTACIONES | G22: =3000*1.19 -> 3570 | H22: ZOOM | I22: =5000*1.19 -> 5950 | J22: SENI | M22: =+COUNT(E22,G22,I22) -> 3 | N22: =+MEDIAN(E22,G22,I22) -> 5950 | O22: =+STDEVA(I22,G22,E22) -> 2089.5713 | P22: =+O22/N22 -> 0.35118846 | Q22: =+AVERAGE(E22,G22,I22) -> 5751.6667 | R22: =+_xlfn.CEILING.MATH(Q22,50,FALSE) -> 5800 | S22: 140 | T22: =+R22*S22 -> 812000
A23: 14 | B23: Camiseta | C23: Camiseta en algodón con logos sublimados de la alcaldía y del colectivo | D23: UNIDAD | E23: =22000*1.19 -> 26180 | F23: PROMOCIONALES BORDADOS Y DOTACIONES | G23: =18000*1.19 -> 21420 | H23: ZOOM | I23: =28000*1.19 -> 33320 | J23: SENI | M23: =+COUNT(E23,G23,I23) -> 3 | N23: =+MEDIAN(E23,G23,I23) -> 26180 | O23: =+STDEVA(I23,G23,E23) -> 5989.5353 | P23: =+O23/N23 -> 0.22878286 | Q23: =+AVERAGE(E23,G23,I23) -> 26973.333 | R23: =+_xlfn.CEILING.MATH(Q23,50,FALSE) -> 27000 | S23: 140 | T23: =+R23*S23 -> 3780000
A24: 15 | B24: Cartulinas | C24: cartulinas en octavos x 10 un | D24: UNIDAD | E24: =3100*1.19 -> 3689 | F24: ALVAREZ RAMOS ARVEY | G24: 4500 | H24: LA GARZA | I24: 4990 | J24: ÉXITO | M24: =+COUNT(E24,G24,I24) -> 3 | N24: =+MEDIAN(E24,G24,I24) -> 4500 | O24: =+STDEVA(I24,G24,E24) -> 657.06697 | P24: =+O24/N24 -> 0.14601488 | Q24: =+AVERAGE(E24,G24,I24) -> 4393 | R24: =+_xlfn.CEILING.MATH(Q24,50,FALSE) -> 4400 | S24: 140 | T24: =+R24*S24 -> 616000
A25: 16 | B25: Caja de Marcadores x 10 | C25: Caja de marcadores de diferentes colores permanentes | D25: UNIDAD | E25: =13800*1.19 -> 16422 | F25: ALVAREZ RAMOS ARVEY | G25: 18600 | H25: papeleria editoria zapata | I25: =17000*1.19 -> 20230 | J25: DISTRIBUCIONES LUK S DU S.A.S | M25: =+COUNT(E25,G25,I25) -> 3 | N25: =+MEDIAN(E25,G25,I25) -> 18600 | O25: =+STDEVA(I25,G25,E25) -> 1910.5605 | P25: =+O25/N25 -> 0.10271831 | Q25: =+AVERAGE(E25,G25,I25) -> 18417.333 | R25: =+_xlfn.CEILING.MATH(Q25,50,FALSE) -> 18450 | S25: 140 | T25: =+R25*S25 -> 2583000
A26: 17 | B26: Caja de colores x 12 | C26: 12 lápices de color, punta más gruesa de 4 mm, lápices de cuerpo redondo, colores variados | D26: UNIDAD | E26: 11900 | F26: INVERSIONES ZB | G26: 12900 | H26: EXITO | I26: 11900 | J26: MARIN PAPELERIA | M26: =+COUNT(E26,G26,I26) -> 3 | N26: =+MEDIAN(E26,G26,I26) -> 11900 | O26: =+STDEVA(I26,G26,E26) -> 577.35027 | P26: =+O26/N26 -> 0.048516829 | Q26: =+AVERAGE(E26,G26,I26) -> 12233.333 | R26: =+_xlfn.CEILING.MATH(Q26,50,FALSE) -> 12250 | S26: 140 | T26: =+R26*S26 -> 1715000
A27: Salida agroecológica por tren por la Sábana de Bogotá
A28: 18 | B28: Salida en tren de la sabana | C28: Pasaje por persona adulta en tren por la sabana, desde la estación de gran estación hasta zipaquirá ida y vuelta | D28: UNIDAD | E28: 70200 | F28: Turistren | M28: =+COUNT(E28,G28,I28) -> 1 | N28: =+MEDIAN(E28,G28,I28) -> 70200 | Q28: =+AVERAGE(E28,G28,I28) -> 70200 | R28: =+_xlfn.CEILING.MATH(Q28,50,FALSE) -> 70200 | S28: 160 | T28: =+R28*S28 -> 11232000
A29: 19 | B29: Desayunos en el tren tipo1 | C29: Tamal, pan y gaseosa | D29: UNIDAD | E29: 15000 | F29: EVENTOS Y LOGISTICA HADOSH | G29: 14000 | H29: Hacienda el refugio | I29: =15000*1.19 -> 17850 | J29: Turistren | M29: =+COUNT(E29,G29,I29) -> 3 | N29: =+MEDIAN(E29,G29,I29) -> 15000 | O29: =+STDEVA(I29,G29,E29) -> 1997.707 | P29: =+O29/N29 -> 0.13318047 | Q29: =+AVERAGE(E29,G29,I29) -> 15616.667 | R29: =+_xlfn.CEILING.MATH(Q29,50,FALSE) -> 15650 | S29: 160 | T29: =+R29*S29 -> 2504000
A30: 20 | B30: Almuerzos en zipaquirá tipo 1 | C30: Almuerzo típico de Zipaquirá, platos especiales parrillada: pechuga, chatas, costillas de cerdo, ensalda, jugo y postre | D30: UNIDAD | E30: 50000 | F30: EVENTOS Y LOGISTICA HADOSH | G30: 39000 | H30: Hacienda el refugio | I30: =45000*1.19 -> 53550 | J30: Turistren | M30: =+COUNT(E30,G30,I30) -> 3 | N30: =+MEDIAN(E30,G30,I30) -> 50000 | O30: =+STDEVA(I30,G30,E30) -> 7586.2266 | P30: =+O30/N30 -> 0.15172453 | Q30: =+AVERAGE(E30,G30,I30) -> 47516.667 | R30: =+_xlfn.CEILING.MATH(Q30,50,FALSE) -> 47550 | S30: 160 | T30: =+R30*S30 -> 7608000
A31: 21 | B31: Refrigerios en el tren tipo 1 | C31: Mantecada y jugo | D31: UNIDAD | E31: 10000 | F31: EVENTOS Y LOGISTICA HADOSH | G31: 7000 | H31: Hacienda el refugio | I31: =10000*1.19 -> 11900 | J31: Turistren | M31: =+COUNT(E31,G31,I31) -> 3 | N31: =+MEDIAN(E31,G31,I31) -> 10000 | O31: =+STDEVA(I31,G31,E31) -> 2470.4925 | P31: =+O31/N31 -> 0.24704925 | Q31: =+AVERAGE(E31,G31,I31) -> 9633.3333 | R31: =+_xlfn.CEILING.MATH(Q31,50,FALSE) -> 9650 | S31: 160 | T31: =+R31*S31 -> 1544000
A32: 22 | B32: TRANSPORTE DENTRO CIUDAD BOGOTA (BUS) de 20 a 25 km por recorrido | C32: Alquiler de un bus con capacidad de 40 pasajeros, capacidad de carga en bodega, en perfectas condiciones técnicas con documentación completamente al día Modelo Mínimo 2015 (SOAT, Revisión Técnico-Mecánica, Tarjeta de Propiedad, Copia de revisión de ultimo Mantenimiento) para transporte, punto de partida localidad de Tunjuelito con recorrido dentro de la ciudad de Bogotá, distrito Capital (Incluye ida y regreso al sitio de origen al finalizar el evento tanto de las personas como de sus productos) | D32: UNIDAD | E32: 600000 | F32: Eventos Castillo Imperial F.R. | G32: 680000 | H32: Hacienda el refugio | I32: 800000 | J32: EVENTOS Y LOGISTICA HADOSH | M32: 4 | N32: =+MEDIAN(E32,G32,I32) -> 680000 | O32: =+STDEVA(I32,G32,E32) -> 100664.46 | P32: =+O32/N32 -> 0.14803597 | Q32: =+AVERAGE(E32,G32,I32) -> 693333.33 | R32: =+_xlfn.CEILING.MATH(Q32,50,FALSE) -> 693350 | S32: 4 | T32: =+R32*S32 -> 2773400
A33: 23 | B33: TRANSPORTE EN MUNICIPIOS A 100 KM DE DISTANCIA DE BOGOTA | C33: Transporte de la estacion de tren de Zipaquira hasta la mina de sal de Zipaquira ida y vuelta por persona 1.7 kilometros | D33: UNIDAD | E33: 14000 | F33: TURISTREN | G33: 14000 | H33: CASTILLO IMPERIAL | I33: 14000 | J33: HACIENDA EL REFUGIO | M33: 4 | N33: =+MEDIAN(E33,G33,I33) -> 14000 | O33: =+STDEVA(I33,G33,E33) -> 0 | P33: =+O33/N33 -> 0 | Q33: =+AVERAGE(E33,G33,I33) -> 14000 | R33: =+_xlfn.CEILING.MATH(Q33,50,FALSE) -> 14000 | S33: 160 | T33: =+R33*S33 -> 2240000
A34: 24 | B34: POLIZA DE ACCIDENTES | C34: "Póliza por un día (debe cubrir toda clase de accidentes) Póliza de Responsabilidad Civil Extracontractual para beneficiarios de cualquier proyecto (Niños, Niñas, Adultos, Adultos Mayores) a cargo del contratista y que los cubra de cualquier eventualidad que se presente por 1 día una Jornada | D34: UNIDAD | E34: 6500 | F34: sura | G34: 5000 | H34: seguros del estado | M34: =+COUNT(E34,G34,I34) -> 2 | N34: =+MEDIAN(E34,G34,I34) -> 5750 | O34: =+STDEVA(I34,G34,E34) -> 1060.6602 | P34: =+O34/N34 -> 0.18446264 | Q34: =+AVERAGE(E34,G34,I34) -> 5750 | R34: =+_xlfn.CEILING.MATH(Q34,50,FALSE) -> 5750 | S34: 160 | T34: =+R34*S34 -> 920000
A35: 25 | B35: Entrada a la catedral de Sal de Zipaquirá | C35: Incluye la entrada a la Catedral de sal d e Zipaquira y el trasnporte desde la parada del tren en Zipaquirá hasta la Catedral de sal d e Zipaquira y viceversa. | D35: UNIDAD | E35: 77000 | F35: catedral de sal de zipaquira | M35: =+COUNT(E35,G35,I35) -> 1 | N35: =+MEDIAN(E35,G35,I35) -> 77000 | Q35: =+AVERAGE(E35,G35,I35) -> 77000 | R35: =+_xlfn.CEILING.MATH(Q35,50,FALSE) -> 77000 | S35: 160 | T35: =+R35*S35 -> 12320000
U36: =+SUM(T6:T35) -> 129991100
A37: =+A35+1 -> 26 | B37: CHAQUETA ACOLCHADA LIGERA | C37: Chaqueta acolchada ligera, en material adidas antifluido impermeable, con forro malla pool al interior de la chaqueta, con dos bolsillos laterales, de color azul rey con capota con el logo del comite de Libertad Religioso y de la Alcaldía. (como es el logos, sublimadao o bordado, y acomodar logos de acuerdo con el manual de imagen) | D37: Unidad | E37: 20 | F37: 73637 | G37: NEO BRAND S.A.S | H37: =70000*1.19 -> 83300 | I37: PROMOCIONALES BORDADOS Y DOTACIONES | J37: =75000*1.19 -> 89250 | K37: ZOOM PUBLICIDAD | L37: =+COUNT(F37,H37,J37) -> 3 | M37: =+AVERAGE(F37,H37,J37) -> 82062.333 | N37: =+STDEVA(F37,H37,J37) -> 7879.7402 | O37: =+N37/M37 -> 0.096021401 | Q37: =+MEDIAN(J37,H37,F37) -> 83300 | R37: =+_xlfn.CEILING.MATH(M37,50,FALSE) -> 82100 | S37: 20 | T37: =+R37*S37 -> 1642000
A38: =+A37+1 -> 27 | B38: PENDON VERTICAL TAMAÑO DE 90x1 40m | C38: Pendón vertical: pendón enrrollable o pendón roll up Impresión: Impresión digital en plóter full color, Alta resolución Material: Base RollUp en aluminio + Banner 13 oz. (Tela PVC ). (diseño estregado por el área de prensa de la Alcaldía Local) | D38: UNIDAD | E38: 4 | F38: =130000*1.19 -> 154700 | G38: PROMOCIONALES BORDADOS Y DOTACIONES | H38: =130000*1.19 -> 154700 | I38: ZOOM | J38: =140000*1.19 -> 166600 | K38: SENI | L38: =+COUNT(F38,H38,J38) -> 3 | M38: =+AVERAGE(F38,H38,J38) -> 158666.67 | N38: =+STDEVA(F38,H38,J38) -> 6870.4682 | O38: =+N38/M38 -> 0.04330127 | Q38: =+MEDIAN(J38,H38,F38) -> 154700 | R38: =+_xlfn.CEILING.MATH(M38,50,FALSE) -> 158700 | S38: 4 | T38: =+R38*S38 -> 634800
A39: =+A38+1 -> 28 | B39: Millar de FOLLETOS | C39: Folleto plegable a 3 cuerpos refilado, impresión a full color, material en propalcote esmaltado, plastificado, tamaño carta 21,59 x27,94 cm (por millar (mil unidades) Diseños pór parte de la oficina de prensa | D39: PAQUETE POR MIL | E39: 2 | F39: =350000*1.19 -> 416500 | G39: PROMOCIONALES BORDADOS Y DOTACIONES | H39: 630000 | I39: ZOOM PUBLICIDAD | J39: 666400 | K39: NEO BRAND S.A.S | L39: =+COUNT(F39,H39,J39) -> 3 | M39: =+AVERAGE(F39,H39,J39) -> 570966.67 | N39: =+STDEVA(F39,H39,J39) -> 135004.46 | O39: =+N39/M39 -> 0.23644893 | Q39: =+MEDIAN(J39,H39,F39) -> 630000 | R39: =+_xlfn.CEILING.MATH(M39,50,FALSE) -> 571000 | S39: 2 | T39: =+R39*S39 -> 1142000
A40: =+A39+1 -> 29 | B40: MILLAR DE MARCALIBROS O SEPARADORES | C40: Marcalibro o separador de tamaño 8 cm x 2cm, impresión a full color, por dos caras, matertial en propalcote de 300gr | D40: PAQUETE POR MIL | E40: 1 | F40: =353728*1.19 -> 420936.32 | G40: NEO BRAND S.A.S | H40: =416500*1.19 -> 495635 | I40: PROMOCIONALES BORDADOS Y DOTACIONES | J40: =355000*1.19 -> 422450 | K40: ZOOM PUBLICIDAD | L40: =+COUNT(F40,H40,J40) -> 3 | M40: =+AVERAGE(F40,H40,J40) -> 446340.44 | N40: =+STDEVA(F40,H40,J40) -> 42697.05 | O40: =+N40/M40 -> 0.095660276 | Q40: =+MEDIAN(J40,H40,F40) -> 422450 | R40: =+_xlfn.CEILING.MATH(M40,50,FALSE) -> 446350 | S40: 1 | T40: =+R40*S40 -> 446350
A41: =+A40+1 -> 30 | B41: MILLAR DE MARCALIBROS O SEPARADORES | C41: Marcalibro o separador de tamaño 5,5cm x 14,5cm, impresión a full color, por dos caras, matertial en propalcote de 300gr | D41: PAQUETE POR MIL | E41: 1 | F41: =620000*1.19 -> 737800 | G41: NEO BRAND S.A.S | H41: 773500 | I41: PROMOCIONALES BORDADOS Y DOTACIONES | J41: =630000*1.19 -> 749700 | K41: ZOOM PUBLICIDAD | L41: =+COUNT(F41,H41,J41) -> 3 | M41: =+AVERAGE(F41,H41,J41) -> 753666.67 | N41: =+STDEVA(F41,H41,J41) -> 18177.55 | O41: =+N41/M41 -> 0.024118819 | Q41: =+MEDIAN(J41,H41,F41) -> 749700 | R41: =+_xlfn.CEILING.MATH(M41,50,FALSE) -> 753700 | S41: 1 | T41: =+R41*S41 -> 753700
A42: =+A41+1 -> 31 | B42: AGENDA ARGOLLADA | C42: Agenda argollada de medidas 21cmx14cm, con las 3 primeras impresas con fotografías de la organización, losgos y una reseña de la política pública de libertad religiosa, pasta dura y de 100 hojas C/U (Reseña, generalizar) | D42: UNIDAD | E42: 300 | F42: 13628 | G42: NEO BRAND S.A.S | H42: 13685 | I42: PROMOCIONALES BORDADOS Y DOTACIONES | J42: =10000*1.19 -> 11900 | K42: ZOOM PUBLICIDAD | L42: =+COUNT(F42,H42,J42) -> 3 | M42: =+AVERAGE(F42,H42,J42) -> 13071 | N42: =+STDEVA(F42,H42,J42) -> 1014.5161 | O42: =+N42/M42 -> 0.077615801 | Q42: =+MEDIAN(J42,H42,F42) -> 13628 | R42: =+_xlfn.CEILING.MATH(M42,50,FALSE) -> 13100 | S42: 300 | T42: =+R42*S42 -> 3930000
A43: =+A42+1 -> 32 | B43: BOLIGRAFOS PERSONALIZADOS | C43: Boligrafos personalizados con el logo de la Alcaldía y del comité de libertad religiosa, retractil y con resaltador en la cabeza del bolígrafo | D43: UNIDAD | E43: 300 | F43: =1956*1.19 -> 2327.64 | G43: PROMOCIONALES BORDADOS Y DOTACIONES | H43: 740 | I43: ZOOM | J43: 2500 | K43: SENI | L43: =+COUNT(F43,H43,J43) -> 3 | M43: =+AVERAGE(F43,H43,J43) -> 1855.88 | N43: =+STDEVA(F43,H43,J43) -> 970.2155 | O43: =+N43/M43 -> 0.52277922 | Q43: =+MEDIAN(J43,H43,F43) -> 2327.64 | R43: =+_xlfn.CEILING.MATH(M43,50,FALSE) -> 1900 | S43: 300 | T43: =+R43*S43 -> 570000
A44: =+A43+1 -> 33 | B44: PINES DE SOLAPA | C44: Pines de solapa redondos de 20 mm borde dorado, con logo del comité de libertad religiosa y logos de la Alcaldía | D44: UNIDAD | E44: 500 | F44: 5600 | G44: NEO BRAND S.A.S | H44: 5355 | I44: PROMOCIONALES BORDADOS Y DOTACIONES | J44: =5000*1.19 -> 5950 | K44: ZOOM PUBLICIDAD | L44: =+COUNT(F44,H44,J44) -> 3 | M44: =+AVERAGE(F44,H44,J44) -> 5635 | N44: =+STDEVA(F44,H44,J44) -> 299.04013 | O44: =+N44/M44 -> 0.053068346 | Q44: =+MEDIAN(J44,H44,F44) -> 5600 | R44: =+_xlfn.CEILING.MATH(M44,50,FALSE) -> 5650 | S44: 500 | T44: =+R44*S44 -> 2825000
A45: =+A44+1 -> 34 | B45: RESMA DE PAPEL | C45: Resma membreteada tamaño carta, con los logos del Comité de Libertad Religiosa y logos de la Alcaldia | D45: UNIDAD | E45: 2 | F45: 149600 | G45: NEO BRAND S.A.S | H45: =90000*1.19 -> 107100 | I45: PROMOCIONALES BORDADOS Y DOTACIONES | J45: 134000 | K45: DESING PUBLICIDAD | L45: =+COUNT(F45,H45,J45) -> 3 | M45: =+AVERAGE(F45,H45,J45) -> 130233.33 | N45: =+STDEVA(F45,H45,J45) -> 21498.915 | O45: =+N45/M45 -> 0.16507997 | Q45: =+MEDIAN(J45,H45,F45) -> 134000 | R45: =+_xlfn.CEILING.MATH(M45,50,FALSE) -> 130250 | S45: 2 | T45: =+R45*S45 -> 260500
A46: =+A45+1 -> 35 | B46: CARPETAS CORPORATIVAS | C46: Carpetas corporativas tamaño carta, impresas a full color, papel propalcote 300gr, impresa 4x4 las caras, laminada | D46: UNIDAD | E46: 200 | F46: 3700 | G46: NEO BRAND S.A.S | H46: 4105 | I46: PROMOCIONALES BORDADOS Y DOTACIONES | J46: =3200*1.19 -> 3808 | K46: ZOOM PUBLICIDAD | L46: =+COUNT(F46,H46,J46) -> 3 | M46: =+AVERAGE(F46,H46,J46) -> 3871 | N46: =+STDEVA(F46,H46,J46) -> 209.72124 | O46: =+N46/M46 -> 0.054177536 | Q46: =+MEDIAN(J46,H46,F46) -> 3808 | R46: =+_xlfn.CEILING.MATH(M46,50,FALSE) -> 3900 | S46: 2000 | T46: =+R46*S46 -> 7800000
A47: =+A46+1 -> 36 | B47: ESCARAPELAS | C47: Escaraperla tipo periodista con cinta marcada con el logo del Comité de libertad religiosa y logos de la Alcaldía, fundas en acetato alto calibre, cintas estampadas a 1tinta y full color | D47: UNIDAD | E47: 200 | F47: 4227 | G47: NEO BRAND S.A.S | H47: 4998 | I47: PROMOCIONALES BORDADOS Y DOTACIONES | J47: =4500*1.19 -> 5355 | K47: ZOOM PUBLICIDAD | L47: =+COUNT(F47,H47,J47) -> 3 | M47: =+AVERAGE(F47,H47,J47) -> 4860 | N47: =+STDEVA(F47,H47,J47) -> 576.5232 | O47: =+N47/M47 -> 0.11862617 | Q47: =+MEDIAN(J47,H47,F47) -> 4998 | R47: =+_xlfn.CEILING.MATH(M47,50,FALSE) -> 4900 | S47: 200 | T47: =+R47*S47 -> 980000
A48: =+A47+1 -> 37 | B48: CARNETS CORPORATIVOS | C48: Carnets corporativos para empresas impresos en PVC con tintas UV LED, con porta-escarapela y un yoyo o cinta | D48: UNIDAD | E48: 20 | F48: 16660 | G48: NEO BRAND S.A.S | H48: 17850 | I48: PROMOCIONALES BORDADOS Y DOTACIONES | J48: =13500*1.19 -> 16065 | K48: ZOOM PUBLICIDAD | L48: =+COUNT(F48,H48,J48) -> 3 | M48: =+AVERAGE(F48,H48,J48) -> 16858.333 | N48: =+STDEVA(F48,H48,J48) -> 908.87751 | O48: =+N48/M48 -> 0.053912655 | Q48: =+MEDIAN(J48,H48,F48) -> 16660 | R48: =+_xlfn.CEILING.MATH(M48,50,FALSE) -> 16900 | S48: 20 | T48: =+R48*S48 -> 338000
A49: =+A48+1 -> 38 | B49: SOBRE DE INVITACIÓN | C49: Sobres de invitación de tamaño 18cm x 13,5 cm membretiados con los logos de la Alcadía y del comité de libertad religiosa | D49: UNIDAD | E49: 100 | F49: 3332 | G49: NEO BRAND S.A.S | H49: 3808 | I49: PROMOCIONALES BORDADOS Y DOTACIONES | J49: =3000*1.19 -> 3570 | K49: ZOOM PUBLICIDAD | L49: =+COUNT(F49,H49,J49) -> 3 | M49: =+AVERAGE(F49,H49,J49) -> 3570 | N49: =+STDEVA(F49,H49,J49) -> 238 | O49: =+N49/M49 -> 0.066666667 | Q49: =+MEDIAN(J49,H49,F49) -> 3570 | R49: =+_xlfn.CEILING.MATH(M49,50,FALSE) -> 3600 | S49: 100 | T49: =+R49*S49 -> 360000
A50: =+A49+1 -> 39 | B50: INVITACIONES | C50: Invitaciones de 9,5 cm x 9,5cm membretiados con los logos de la Alcaldía y del Comité de Libertad Religiosa. | D50: UNIDAD | E50: 100 | F50: 3100 | G50: NEO BRAND S.A.S | H50: 4165 | I50: PROMOCIONALES BORDADOS Y DOTACIONES | J50: =3000*1.19 -> 3570 | K50: ZOOM PUBLICIDAD | L50: =+COUNT(F50,H50,J50) -> 3 | M50: =+AVERAGE(F50,H50,J50) -> 3611.6667 | N50: =+STDEVA(F50,H50,J50) -> 533.72121 | O50: =+N50/M50 -> 0.14777699 | Q50: =+MEDIAN(J50,H50,F50) -> 3570 | R50: =+_xlfn.CEILING.MATH(M50,50,FALSE) -> 3650 | S50: 100 | T50: =+R50*S50 -> 365000 | U50: =+SUM(T37:T50) -> 22047350
B52: Bolsa de monto agotable, dotación a organizaciones, instancias de participacion y mesas | C52: El monto disponible para esta bolsa es de $26.223.071 y los ítems que componen dicha bolsa, pueden ser ofertados en la pestaña de este documento denominada INSUMOS DE LAS BOLSAS | D52: UNIDAD | E52: 1 | T52: 211961550 | U52: =+T52 -> 211961550
U53: =+U52+U50+U36 -> 364000000
A55: Bolsa de monto agotable, dotación a organizaciones, instancias de participacion y mesas
A56: 1 | B56: CHAQUETA DOBLE FAZ | C56: Chaqueta unisex, en material antifluido impermeable, doble faz, con dos bolsillos laterales, de colores, con capota con el logos de la agrupación y de la Alcaldía. | F56: 89964 | G56: NEO BRAND S.A.S | H56: =85000*1.19 -> 101150 | I56: PROMOCIONALES BORDADOS Y DOTACIONES | J56: =90000*1.19 -> 107100 | K56: ZOOM PUBLICIDAD | L56: =+COUNT(F56,H56,J56) -> 3 | M56: =+AVERAGE(F56,H56,J56) -> 99404.667 | N56: =+STDEVA(F56,H56,J56) -> 8700.3026 | O56: =+N56/M56 -> 0.087524086 | P56: =+MEDIAN(J56,H56,F56) -> 101150 | R56: =+_xlfn.CEILING.MATH(M56,50,FALSE) -> 99450 | S56: 1 | T56: =+R56*S56 -> 99450
A57: 2 | B57: Grabadora de voz | C57: Grabadora de voz (de periodista) Con monitor de grabación (pantalla) 4 GB de almacenamiento, con posibilidad de ser expandible. Con capaciadd de grabar en formato MP3. Con altavoz para escuchar las grabaciones y puerto para conectividad USB. | D57: Unidad | F57: 130000 | G57: M&C TECHNOLOGY | H57: 150000 | I57: MEGASTORE | J57: 140000 | K57: CDPRONTO | L57: =+COUNT(F57,H57,J57) -> 3 | M57: =+AVERAGE(F57,H57,J57) -> 140000 | N57: =+STDEVA(F57,H57,J57) -> 10000 | O57: =+N57/M57 -> 0.071428571 | P57: =+MEDIAN(J57,H57,F57) -> 140000 | R57: =+_xlfn.CEILING.MATH(M57,50,FALSE) -> 140000 | S57: 1 | T57: =+R57*S57 -> 140000
A58: 3 | B58: MORRAL | C58: Morral para adultos con medidas de 30 cm de ancho, 42 cm de alto y 12 cm de profundidad, elaborados en lona y forrados, estampado o sublimado según manual de imagen y diseño de la Alcaldía de la mejor tela | F58: =35000*1.19 -> 41650 | G58: PROMOCIONALES BORDADOS Y DOTACIONES | H58: =40000*1.19 -> 47600 | I58: ZOOM PUBLICIDAD | J58: =38050*1.19 -> 45279.5 | K58: NEO BRAND S.A.S | L58: =+COUNT(F58,H58,J58) -> 3 | M58: =+AVERAGE(F58,H58,J58) -> 44843.167 | N58: =+STDEVA(F58,H58,J58) -> 2998.9023 | O58: =+N58/M58 -> 0.066875347 | P58: =+MEDIAN(J58,H58,F58) -> 45279.5 | R58: =+_xlfn.CEILING.MATH(M58,50,FALSE) -> 44850 | S58: 1 | T58: =+R58*S58 -> 44850
A59: 4 | B59: AGENDAS CON PROGRAMADOR | C59: AGENDA CON PLANEADOR DIARIO, EN PASTA DURA, DE 100 HOJAS (tamaño carta) | F59: =22015*1.19 -> 26197.85 | G59: NEO BRAND S.A.S | H59: =23800*1.19 -> 28322 | I59: PROMOCIONALES BORDADOS Y DOTACIONES | J59: =24500*1.19 -> 29155 | K59: ZOOM PUBLICIDAD | L59: =+COUNT(F59,H59,J59) -> 3 | M59: =+AVERAGE(F59,H59,J59) -> 27891.617 | N59: =+STDEVA(F59,H59,J59) -> 1524.83 | O59: =+N59/M59 -> 0.05466983 | P59: =+MEDIAN(J59,H59,F59) -> 28322 | R59: =+_xlfn.CEILING.MATH(M59,50,FALSE) -> 27900 | S59: 1 | T59: =+R59*S59 -> 27900
A60: 5 | B60: Caja de esferos de colores surtidos x 12 | C60: Boligrafos Negro con mina 0.7 mm y con tapa. Punta Coreana de 0.7 mm. Tinta gel de secado inmediato | F60: 5450 | G60: CIPE | H60: 6600 | I60: DISFENIX | J60: 4500 | K60: LUKS DU | L60: =+COUNT(F60,H60,J60) -> 3 | M60: =+AVERAGE(F60,H60,J60) -> 5516.6667 | N60: =+STDEVA(F60,H60,J60) -> 1051.5861 | O60: =+N60/M60 -> 0.19061984 | P60: =+MEDIAN(J60,H60,F60) -> 5450 | R60: =+_xlfn.CEILING.MATH(M60,50,FALSE) -> 5550 | S60: 1 | T60: =+R60*S60 -> 5550
A61: 6 | B61: Hoodie | C61: Buzo capota “hoodie”, unisex, con un bolsillo grande en la zona delantera inferior, 100% algodón perchado Con tres (3) logos institucionales 2 atrás tamaño bolsillo y uno (1) adelante tamaño carta con frase alusiva al proyecto, el diseño de los logos será entregado por la oficina de prensa. Tamaños desed la s, hasta la xl | F61: =50000*1.19 -> 59500 | G61: MGR | H61: =50000*1.19 -> 59500 | I61: ZOOM PUBLICIDAD | J61: =50000*1.19 -> 59500 | K61: PROMOCIONALES BORDADOS Y DOTACIONES | L61: =+COUNT(F61,H61,J61) -> 3 | M61: =+AVERAGE(F61,H61,J61) -> 59500 | N61: =+STDEVA(F61,H61,J61) -> 0 | O61: =+N61/M61 -> 0 | P61: =+MEDIAN(J61,H61,F61) -> 59500 | R61: =+_xlfn.CEILING.MATH(M61,50,FALSE) -> 59500 | S61: 1 | T61: =+R61*S61 -> 59500
A62: 7 | B62: CAMISETA TIPO POLO | C62: Camiseta tipo polo de 220gr, manga corta, cuello reforzado 100% algodón o del material principal y pechera reforzada, 1 logo pequeños en pecho bordado de tamaño 8 cm x 8 cm “Alcaldía Mayor de Bogotá”, y 1 logo grande de 30 cm x 12 cm en la espalda bordado “Alcaldía de Bogotá” | F62: =28322*1.19 -> 33703.18 | G62: NEO BRAND S.A.S | H62: 44030 | I62: PROMOCIONALES BORDADOS Y DOTACIONES | J62: =44030*1.19 -> 52395.7 | K62: ZOOM PUBLICIDAD | L62: =+COUNT(F62,H62,J62) -> 3 | M62: =+AVERAGE(F62,H62,J62) -> 43376.293 | N62: =+STDEVA(F62,H62,J62) -> 9363.3902 | O62: =+N62/M62 -> 0.21586423 | P62: =+MEDIAN(J62,H62,F62) -> 44030 | R62: =+_xlfn.CEILING.MATH(M62,50,FALSE) -> 43400 | S62: 1 | T62: =+R62*S62 -> 43400
A63: 8 | B63: SOMBRILLA PLEGABLE | C63: Sombrilla automática de mango de lujo 10 varillas, tamaño mediano, tela anti-fluido, con filtro UV, sublimada con logos del comité y de la Alcaldía, en dos de sus caras, color a definición de acuerdo a la solicitud del Fondo de Desarrollo Local. | F63: =15500*1.19 -> 18445 | G63: ZOOM | H63: =16000*1.19 -> 19040 | I63: SENI | J63: 29655 | K63: NEO BRAND S.A.S | L63: =+COUNT(F63,H63,J63) -> 3 | M63: =+AVERAGE(F63,H63,J63) -> 22380 | N63: =+STDEVA(F63,H63,J63) -> 6307.3548 | O63: =+N63/M63 -> 0.28182997 | P63: =+MEDIAN(J63,H63,F63) -> 19040 | R63: =+_xlfn.CEILING.MATH(M63,50,FALSE) -> 22400 | S63: 1 | T63: =+R63*S63 -> 22400
A64: 9 | B64: Camisetas Sublimadas | C64: Camisetas cuello redondo en algodón, manga corta, estampadas frente y espalda. Tres tintas. Talla: de la S a la XL. | F64: =22000*1.19 -> 26180 | G64: PROMOCIONALES BORDADOS Y DOTACIONES | H64: =18000*1.19 -> 21420 | I64: ZOOM | J64: =28000*1.19 -> 33320 | K64: SENI | L64: =+COUNT(F64,H64,J64) -> 3 | M64: =+AVERAGE(F64,H64,J64) -> 26973.333 | N64: =+STDEVA(F64,H64,J64) -> 5989.5353 | O64: =+N64/M64 -> 0.22205395 | P64: =+MEDIAN(J64,H64,F64) -> 26180 | R64: =+_xlfn.CEILING.MATH(M64,50,FALSE) -> 27000 | S64: 1 | T64: =+R64*S64 -> 27000
A65: 10 | B65: SUDADERA DEPORTIVA | C65: Sudadera: En tela impermeable 100% forrada en malla, chaqueta con cremallera de 75 cm en nylon, dos (2) bolsillos laterales con cremallera en nylon, un (1) bolsillo interno, tres (3) logotipos bordados, al frente dos (2) tamaño bolsillo y en la espalda un (1) logotipo bordado rectangular, tamaño carta; pantalón forrado en malla, pretina con caucho, cordón de 3 cm, dos (2) bolsillos laterales con cremallera en nylon, bota recta, un (1) logotipo bordado tamaño bolsillo (sudaderas Sublimadas) | F65: =115000*1.19 -> 136850 | G65: PROMOCIONALES BORDADOS Y DOTACIONES | H65: =150000*1.19 -> 178500 | I65: ZOOM PUBLICIDAD | J65: 136850 | K65: NEO BRAND S.A.S | L65: =+COUNT(F65,H65,J65) -> 3 | M65: =+AVERAGE(F65,H65,J65) -> 150733.33 | N65: =+STDEVA(F65,H65,J65) -> 24046.639 | O65: =+N65/M65 -> 0.159531 | P65: =+MEDIAN(J65,H65,F65) -> 136850 | R65: =+_xlfn.CEILING.MATH(M65,50,FALSE) -> 150750 | S65: 1 | T65: =+R65*S65 -> 150750
A66: 11 | B66: MICROFONO | C66: MIC INHALAMBRICO TIPO Dinámico (bobina móvil) PATRÓN POLAR Cardioide RESPUESTA DE FRECUENCIA 50 a 15, 000 Hz IMPEDANCIA DE SALIDA 300 Ω SENSIBILIDAD a 1 kHz, voltaje con circuito abierto –56, 0 dBV/Pa (1, 6 mV) | F66: 278000 | G66: EL IMPERIO ELECTRONICO | H66: 255000 | I66: SONIDOS EFECTOS Y COMPONENTES | J66: 300000 | K66: SOUND CITY | L66: =+COUNT(F66,H66,J66) -> 3 | M66: =+AVERAGE(F66,H66,J66) -> 277666.67 | N66: =+STDEVA(F66,H66,J66) -> 22501.852 | O66: =+N66/M66 -> 0.081039082 | P66: =+MEDIAN(J66,H66,F66) -> 278000 | R66: =+_xlfn.CEILING.MATH(M66,50,FALSE) -> 277700 | S66: 1 | T66: =+R66*S66 -> 277700
A67: 12 | B67: Microfono Tipo Boom (para podcast) | C67: Salidas: USB-C y XLR Transductor: Dinamico Sensibilidad: -59dB, -41dB, -31dB Filtro: Anti pop Soporte: Brazo modular de mesa o colgante | F67: 260000 | G67: M&C TECHNOLOGY | H67: 260000 | I67: SOUND CITY NM | J67: 249900 | K67: ALKOSTO | L67: =+COUNT(F67,H67,J67) -> 3 | M67: =+AVERAGE(F67,H67,J67) -> 256633.33 | N67: =+STDEVA(F67,H67,J67) -> 5831.2377 | O67: =+N67/M67 -> 0.022722059 | P67: =+MEDIAN(J67,H67,F67) -> 260000 | R67: =+_xlfn.CEILING.MATH(M67,50,FALSE) -> 256650 | S67: 1 | T67: =+R67*S67 -> 256650
A68: 13 | B68: MICROFONO | C68: "MCROFONO INALAMBRICO : de solapa con sistema VHF y circuito de retroalimentación efectiva con sistema de supresión de ruido | F68: 280000 | G68: SOUND CITY NM | H68: 249000 | I68: K-TRONIX | J68: 234900 | K68: TIENDA DEL MUSICO | L68: =+COUNT(F68,H68,J68) -> 3 | M68: =+AVERAGE(F68,H68,J68) -> 254633.33 | N68: =+STDEVA(F68,H68,J68) -> 23071.7 | O68: =+N68/M68 -> 0.09060754 | P68: =+MEDIAN(J68,H68,F68) -> 249000 | R68: =+_xlfn.CEILING.MATH(M68,50,FALSE) -> 254650 | S68: 1 | T68: =+R68*S68 -> 254650
A69: 14 | B69: Microfono inalambricos | C69: UHF - Alcance de 100 mts | F69: 278000 | G69: EL IMPERIO ELECTRONICO | H69: 255000 | I69: SONIDOS EFECTOS Y COMPONENTES | J69: 300000 | K69: SOUND CITY | L69: =+COUNT(F69,H69,J69) -> 3 | M69: =+AVERAGE(F69,H69,J69) -> 277666.67 | N69: =+STDEVA(F69,H69,J69) -> 22501.852 | O69: =+N69/M69 -> 0.081039082 | P69: =+MEDIAN(J69,H69,F69) -> 278000 | R69: =+_xlfn.CEILING.MATH(M69,50,FALSE) -> 277700 | S69: 1 | T69: =+R69*S69 -> 277700
A70: 15 | B70: Disco Duro | C70: Disco duro SSD 1 tera portatiil | F70: 309900 | G70: ALKOSTO | H70: 299900 | I70: PANAMERICANA | J70: 239900 | K70: K-TRONIX | L70: =+COUNT(F70,H70,J70) -> 3 | M70: =+AVERAGE(F70,H70,J70) -> 283233.33 | N70: =+STDEVA(F70,H70,J70) -> 37859.389 | O70: =+N70/M70 -> 0.13366855 | P70: =+MEDIAN(J70,H70,F70) -> 299900 | R70: =+_xlfn.CEILING.MATH(M70,50,FALSE) -> 283250 | S70: 1 | T70: =+R70*S70 -> 283250
A71: 16 | B71: Extensión de cinco (5) metros | C71: Extensión electrica industrial 5 metros de longitud de calibre 12 o 14 | F71: 42500 | G71: EL IMPERIO ELECTRONICO | H71: 35000 | I71: ELECTRONICA CONTINENTAL | L71: =+COUNT(F71,H71,J71) -> 2 | M71: =+AVERAGE(F71,H71,J71) -> 38750 | N71: =+STDEVA(F71,H71,J71) -> 5303.3009 | O71: =+N71/M71 -> 0.13685938 | P71: =+MEDIAN(J71,H71,F71) -> 38750 | R71: =+_xlfn.CEILING.MATH(M71,50,FALSE) -> 38750 | S71: 1 | T71: =+R71*S71 -> 38750
A72: 17 | B72: Extensión de tres (3) metros | C72: extensión electrica industrial 3 metros de longitud de calibre 12 o 14 | F72: 33500 | G72: EL IMPERIO ELECTRONICO | H72: 25000 | I72: ELECTRONICA CONTINENTAL | L72: =+COUNT(F72,H72,J72) -> 2 | M72: =+AVERAGE(F72,H72,J72) -> 29250 | N72: =+STDEVA(F72,H72,J72) -> 6010.4076 | O72: =+N72/M72 -> 0.20548402 | P72: =+MEDIAN(J72,H72,F72) -> 29250 | R72: =+_xlfn.CEILING.MATH(M72,50,FALSE) -> 29250 | S72: 1 | T72: =+R72*S72 -> 29250
A73: 18 | B73: Sonido cabina de 400 a 500 watts | C73: Woofer de 15” con potencia de 12,000 WPMPO (300WRMS)- Salida de línea para conectar más bafles en cascada- Bluetooth para reproducción inalámbrica-Reproductor MP3 por USB o microSD | F73: 1300000 | G73: ELECTRONICA AMERICANA | H73: 1235000 | I73: EL IMPERIO ELECTRONICO | J73: 1150000 | K73: BLAIR AUDIO | L73: =+COUNT(F73,H73,J73) -> 3 | M73: =+AVERAGE(F73,H73,J73) -> 1228333.3 | N73: =+STDEVA(F73,H73,J73) -> 75221.894 | O73: =+N73/M73 -> 0.061238991 | P73: =+MEDIAN(J73,H73,F73) -> 1235000 | R73: =+_xlfn.CEILING.MATH(M73,50,FALSE) -> 1228350 | S73: 1 | T73: =+R73*S73 -> 1228350
A74: 19 | B74: Sonido cabina de potencia 130 W | C74: Cabina de sonido de potencia 130 W RMS mínimo con su respectivo cable de poder, cables de audio y base trípode | F74: 680000 | G74: ELECTRONICA AMERICANA | H74: 653000 | I74: SONIDOS EFECTOS Y COMPONENTES | J74: 580000 | K74: SOUND CITY | L74: =+COUNT(F74,H74,J74) -> 3 | M74: =+AVERAGE(F74,H74,J74) -> 637666.67 | N74: =+STDEVA(F74,H74,J74) -> 51733.29 | O74: =+N74/M74 -> 0.081129049 | P74: =+MEDIAN(J74,H74,F74) -> 653000 | R74: =+_xlfn.CEILING.MATH(M74,50,FALSE) -> 637700 | S74: 1 | T74: =+R74*S74 -> 637700
A75: 20 | B75: AFICHES MEDIO PLIEGO | C75: AFICHES MEDIO PLIEGO IMPRESOS EN PROPALCOTE 115 grm 4x0 tintas | F75: =3800*1.19 -> 4522 | G75: PROMOCIONALES BORDADOS Y DOTACIONES | H75: =4500*1.19 -> 5355 | I75: SENI | J75: =3800*1.19 -> 4522 | K75: CONFECCION Y PUBLICIDAD DAVID | L75: =+COUNT(F75,H75,J75) -> 3 | M75: =+AVERAGE(F75,H75,J75) -> 4799.6667 | N75: =+STDEVA(F75,H75,J75) -> 480.93277 | O75: =+N75/M75 -> 0.10020129 | P75: =+MEDIAN(J75,H75,F75) -> 4522 | R75: =+_xlfn.CEILING.MATH(M75,50,FALSE) -> 4800 | S75: 1 | T75: =+R75*S75 -> 4800
A76: 21 | B76: Carpa 4*4 | C76: El Toldo 4*4 con Paredes y Ventanas Ficha Técnica: • Tipo de producto: Toldo con Paredes y Ventanas. • Mecanismo de apertura: Manual, tipo araña o acordeón. • Material: Lona OXFORD 600D impermeable y protección UV. • Estructura: Acero reforzado con tratamiento anticorrosivo. • Dimensiones: 4M*4M, altura ajustable hasta 2.10 metros, pico central de 3.21 metros. • Tubos: 3x3 cm con 0.8 mm de grosor. • Paredes: Plástico transparente, 1.47cm de alto. • Sistema de fijación de paredes: Velcro. | F76: =2750000*1.19 -> 3272500 | G76: MUEBLES LISS | H76: =2500000*1.19 -> 2975000 | I76: CARPAR Y TAPIZAR | L76: =+COUNT(F76,H76,J76) -> 2 | M76: =+AVERAGE(F76,H76,J76) -> 3123750 | N76: =+STDEVA(F76,H76,J76) -> 210364.27 | O76: =+N76/M76 -> 0.067343503 | P76: =+MEDIAN(J76,H76,F76) -> 3123750 | R76: =+_xlfn.CEILING.MATH(M76,50,FALSE) -> 3123750 | S76: 1 | T76: =+R76*S76 -> 3123750
A77: 22 | B77: Proyector | C77: Tenologia de Visualizacion LCD Uso Hogar Brillo 3000 Lumens Resolucion Imagen WXGA Tamaño Proyeccion 300 Pulgadas | F77: 4359000 | G77: PANAMERICANA | H77: 4099000 | I77: K-TRONIX | J77: 3950000 | K77: AUDIOVISUALES DE COLOMBIA | L77: =+COUNT(F77,H77,J77) -> 3 | M77: =+AVERAGE(F77,H77,J77) -> 4136000 | N77: =+STDEVA(F77,H77,J77) -> 206995.17 | O77: =+N77/M77 -> 0.050047188 | P77: =+MEDIAN(J77,H77,F77) -> 4099000 | R77: =+_xlfn.CEILING.MATH(M77,50,FALSE) -> 4136000 | S77: 1 | T77: =+R77*S77 -> 4136000
A78: 23 | B78: tela para el proyector | C78: Telon Manual Para Proyeccion Video Beam 1.80 M X 1.80 M | F78: 417900 | G78: FALABELLA | H78: 417900 | I78: HOMECENTER | J78: 440300 | K78: BASES Y SOPORTES TV LTDA | L78: =+COUNT(F78,H78,J78) -> 3 | M78: =+AVERAGE(F78,H78,J78) -> 425366.67 | N78: =+STDEVA(F78,H78,J78) -> 12932.646 | O78: =+N78/M78 -> 0.030403525 | P78: =+MEDIAN(J78,H78,F78) -> 417900 | R78: =+_xlfn.CEILING.MATH(M78,50,FALSE) -> 425400 | S78: 1 | T78: =+R78*S78 -> 425400
A79: 24 | B79: Tapete tipo cesped | C79: Tapete Pasto Sintetico Cesped Grama Espesor 25 Mm ( 1 METRO) | F79: 60000 | G79: JOSE GENIR MARTINEZ | H79: =55000*1.19 -> 65450 | I79: ABC DE LOS MUEBLES METALICOS | J79: 56000 | K79: CALYPSO | L79: =+COUNT(F79,H79,J79) -> 3 | M79: =+AVERAGE(F79,H79,J79) -> 60483.333 | N79: =+STDEVA(F79,H79,J79) -> 4743.5043 | O79: =+N79/M79 -> 0.078426635 | P79: =+MEDIAN(J79,H79,F79) -> 60000 | R79: =+_xlfn.CEILING.MATH(M79,50,FALSE) -> 60500 | S79: 1 | T79: =+R79*S79 -> 60500
A80: 25 | B80: Impresora Laser | C80: Impresora multifuncional, impresión a láser, con inyección de tinta, Conexión Con Cable WiFi, Puerto LAN/Ethernet Puerto USB | F80: 1099000 | G80: ALKOSTO | H80: 1499000 | I80: K-TRONIX | J80: 1219000 | K80: PANAMERICANA | L80: =+COUNT(F80,H80,J80) -> 3 | M80: =+AVERAGE(F80,H80,J80) -> 1272333.3 | N80: =+STDEVA(F80,H80,J80) -> 205264.06 | O80: =+N80/M80 -> 0.16132884 | P80: =+MEDIAN(J80,H80,F80) -> 1219000 | R80: =+_xlfn.CEILING.MATH(M80,50,FALSE) -> 1272350 | S80: 1 | T80: =+R80*S80 -> 1272350
A81: 26 | B81: Estabilizador de voltaje | C81: Estabilizador de Voltaje 8 Salidas tipo NEMA 5-15R Ÿ Regulación automática de bajo y alto voltaje. 2 Puertos de carga USB 2,1A Máx. Protección de red Internet/ADSL, Filtro de línea, Supresor de picos. Protección de sobrecarga y cortocircuito por interruptor de rearme. Indicadores visuales de funcionamiento Caja plástica anti-inflamable. Fácil instalación - Sistema de fijación en pared. Ideales para hogares, negocios u oficinas que requieran proteger y dar larga vida útil a sus equipos eléctricos. | F81: 86900 | G81: ALKOSTO | H81: 76000 | I81: SPEED LOGIC | J81: 86900 | K81: K-TRONIX | L81: =+COUNT(F81,H81,J81) -> 3 | M81: =+AVERAGE(F81,H81,J81) -> 83266.667 | N81: =+STDEVA(F81,H81,J81) -> 6293.1179 | O81: =+N81/M81 -> 0.075577878 | P81: =+MEDIAN(J81,H81,F81) -> 86900 | R81: =+_xlfn.CEILING.MATH(M81,50,FALSE) -> 83300 | S81: 1 | T81: =+R81*S81 -> 83300
A82: 27 | B82: Gorro tipo safari | C82: con logos a solictud de la Alcadía | F82: =15000*1.19 -> 17850 | G82: PROMOCIONALES BORDADOS Y DOTACIONES | H82: =18000*1.19 -> 21420 | I82: ZOOM | J82: =17850*1.19 -> 21241.5 | K82: NEO BRAND S.A.S | L82: =+COUNT(F82,H82,J82) -> 3 | M82: =+AVERAGE(F82,H82,J82) -> 20170.5 | N82: =+STDEVA(F82,H82,J82) -> 2011.5928 | O82: =+N82/M82 -> 0.099729448 | P82: =+MEDIAN(J82,H82,F82) -> 21241.5 | R82: =+_xlfn.CEILING.MATH(M82,50,FALSE) -> 20200 | S82: 1 | T82: =+R82*S82 -> 20200
A83: 28 | B83: Caja de esferos de colores surtidos x 12 | C83: Caja de esferos de colores surtidos x 12 | F83: 5400 | G83: CIPE | H83: 5400 | I83: DISFENIX | J83: 5000 | K83: LUKS DU | L83: =+COUNT(F83,H83,J83) -> 3 | M83: =+AVERAGE(F83,H83,J83) -> 5266.6667 | N83: =+STDEVA(F83,H83,J83) -> 230.94011 | O83: =+N83/M83 -> 0.043849388 | P83: =+MEDIAN(J83,H83,F83) -> 5400 | R83: =+_xlfn.CEILING.MATH(M83,50,FALSE) -> 5300 | S83: 1 | T83: =+R83*S83 -> 5300
A84: 29 | B84: Colores x 12 | C84: 12 lápices de color, punta más gruesa de 4 mm, lápices de cuerpo redondo, colores variados | F84: 5800 | G84: DISFENIX | H84: 6400 | I84: CIPE | J84: 6200 | K84: LUKS DU | L84: =+COUNT(F84,H84,J84) -> 3 | M84: =+AVERAGE(F84,H84,J84) -> 6133.3333 | N84: =+STDEVA(F84,H84,J84) -> 305.50505 | O84: =+N84/M84 -> 0.049810605 | P84: =+MEDIAN(J84,H84,F84) -> 6200 | R84: =+_xlfn.CEILING.MATH(M84,50,FALSE) -> 6150 | S84: 1 | T84: =+R84*S84 -> 6150
A85: 30 | B85: Kit de papeleria 1 | C85: carpetas de archivo A-Z y de presentacion perforadora y engrapadora industrial y guillotina, sacagranchos | F85: 158981 | G85: CIPE | H85: 161528 | I85: DISFENIX | J85: 158870 | K85: LUKS DU | L85: =+COUNT(F85,H85,J85) -> 3 | M85: =+AVERAGE(F85,H85,J85) -> 159793 | N85: =+STDEVA(F85,H85,J85) -> 1503.5787 | O85: =+N85/M85 -> 0.0094095407 | P85: =+MEDIAN(J85,H85,F85) -> 158981 | R85: =+_xlfn.CEILING.MATH(M85,50,FALSE) -> 159800 | S85: 1 | T85: =+R85*S85 -> 159800
A86: 31 | B86: Kit de papeleria 2 | C86: Incluye: - 1 Block hojas blancas - 1 Block papel iris - 1 Borrador de nata - 1 Lápiz de escritura mina negra - 1 tajalápiz - 1 resaltador desechable - 1 cinta transparente 1/2" (12 X 20) | F86: 11580 | G86: DISFENIX | H86: 10820 | I86: CIPE | J86: 11299 | K86: LUKS DU | L86: =+COUNT(F86,H86,J86) -> 3 | M86: =+AVERAGE(F86,H86,J86) -> 11233 | N86: =+STDEVA(F86,H86,J86) -> 384.27464 | O86: =+N86/M86 -> 0.03420944 | P86: =+MEDIAN(J86,H86,F86) -> 11299 | R86: =+_xlfn.CEILING.MATH(M86,50,FALSE) -> 11250 | S86: 1 | T86: =+R86*S86 -> 11250
A87: 32 | B87: Lapices x 12 | C87: caja de lápices mina Nº2 x 12 Lápices hexagonales 12 unidades. Caja de 12 Lápices cuerpo triangular para agarre ergonómico minas de 4.00mm de diámetro alto | F87: 8600 | G87: LUKS DU | H87: 9050 | I87: CIPE | J87: 8600 | K87: DISFENIX | L87: =+COUNT(F87,H87,J87) -> 3 | M87: =+AVERAGE(F87,H87,J87) -> 8750 | N87: =+STDEVA(F87,H87,J87) -> 259.80762 | O87: =+N87/M87 -> 0.0296923 | P87: =+MEDIAN(J87,H87,F87) -> 8600 | R87: =+_xlfn.CEILING.MATH(M87,50,FALSE) -> 8750 | S87: 1 | T87: =+R87*S87 -> 8750
A88: 33 | B88: Silla tipo puff | C88: Silla tipo puff con material antifluidos Relleno en Poliestireno Capacidad (resistencia - carga máxima) Hasta 70 Kg aproximadamente | F88: 200000 | G88: JM KATHERINE CASALLAS | H88: =220000*1.19 -> 261800 | I88: ABC DE LOS MUEBLES METALICOS | J88: 200000 | K88: EXHIMUEBLES | L88: =+COUNT(F88,H88,J88) -> 3 | M88: =+AVERAGE(F88,H88,J88) -> 220600 | N88: =+STDEVA(F88,H88,J88) -> 35680.247 | O88: =+N88/M88 -> 0.16174183 | P88: =+MEDIAN(J88,H88,F88) -> 200000 | R88: =+_xlfn.CEILING.MATH(M88,50,FALSE) -> 220600 | S88: 1 | T88: =+R88*S88 -> 220600
A89: 34 | B89: agendas con programador | C89: (la agenda debe ser de tamaño carta, tener logo de la instancia o organización en pasta y hojas, pasta dura, hoja de presentacion para datos de identificacion, por lo menos 500 hojas para escribir dividida en anotaciones, puntos clave o idea central y compromisos o conclusiones (como cuaderno de campo), zona de calendario con programador diario de los años 2024,2025,2026 y 2027, cinta de posisionamiento en la agenda, liga elastica de cierre y en papel reciclado cuadriculado y con esfero interno) | F89: =32000*1.19 -> 38080 | G89: PROMOCIONALES BORDADOS Y DOTACIONES | H89: 38080 | I89: NEO BRAND S.A.S | L89: =+COUNT(F89,H89,J89) -> 2 | M89: =+AVERAGE(F89,H89,J89) -> 38080 | N89: =+STDEVA(F89,H89,J89) -> 0 | O89: =+N89/M89 -> 0 | P89: =+MEDIAN(J89,H89,F89) -> 38080 | R89: =+_xlfn.CEILING.MATH(M89,50,FALSE) -> 38100 | S89: 1 | T89: =+R89*S89 -> 38100
A90: 35 | B90: Mezclador Mix de 8 canales | C90: Consola Todo en uno para podcats 8 faders para controlar los niveles de audio 4 entradas de micrófono XLR de alta calidad Reproducción instantánea de jingles Grabación directa a la tarjeta microSD™ o al ordenador a través de USB | F90: 575000 | G90: EL IMPERIO ELECTRONICO JR S.AS | H90: 560430 | I90: SONIDOS EFECTOS Y COMPONENTES | J90: 540000 | K90: MUSIC HEAD STORE | L90: =+COUNT(F90,H90,J90) -> 3 | M90: =+AVERAGE(F90,H90,J90) -> 558476.67 | N90: =+STDEVA(F90,H90,J90) -> 17581.571 | O90: =+N90/M90 -> 0.031481299 | P90: =+MEDIAN(J90,H90,F90) -> 560430 | R90: =+_xlfn.CEILING.MATH(M90,50,FALSE) -> 558500 | S90: 1 | T90: =+R90*S90 -> 558500
A91: 36 | B91: Caja de Marcadores permanente | C91: cajas de variados colores permanentes x 12 | F91: 16450 | G91: PANAMERICANA | H91: 18600 | I91: DISFENIX | J91: 17000 | K91: DISTRIBUCIONES LUK S DU S.A.S | L91: =+COUNT(F91,H91,J91) -> 3 | M91: =+AVERAGE(F91,H91,J91) -> 17350 | N91: =+STDEVA(F91,H91,J91) -> 1116.9154 | O91: =+N91/M91 -> 0.064375527 | P91: =+MEDIAN(J91,H91,F91) -> 17000 | R91: =+_xlfn.CEILING.MATH(M91,50,FALSE) -> 17350 | S91: 1 | T91: =+R91*S91 -> 17350
A92: 37 | B92: caja de Marcadores borrables | C92: cajas PARA TABLERO variados colores x12 | F92: 19800 | G92: LUK S DU | H92: 17400 | I92: CIPE | J92: 19800 | K92: DISFENIX | L92: =+COUNT(F92,H92,J92) -> 3 | M92: =+AVERAGE(F92,H92,J92) -> 19000 | N92: =+STDEVA(F92,H92,J92) -> 1385.6406 | O92: =+N92/M92 -> 0.072928455 | P92: =+MEDIAN(J92,H92,F92) -> 19800 | R92: =+_xlfn.CEILING.MATH(M92,50,FALSE) -> 19000 | S92: 1 | T92: =+R92*S92 -> 19000
A93: 38 | B93: PORTATIL | C93: tarjeta grafica y resolucion Procesador: i7 i9 i12 minimo 12a generacion - RAM: 32 a 64 GB MEMORIA: SSD 1TB Resolucion 1080p a 4k | F93: 12999000 | G93: ALKOSTO | H93: 12076000 | I93: SPEED LOGIC | J93: 14599000 | K93: K-TRONIX | L93: =+COUNT(F93,H93,J93) -> 3 | M93: =+AVERAGE(F93,H93,J93) -> 13224667 | N93: =+STDEVA(F93,H93,J93) -> 1276548.6 | O93: =+N93/M93 -> 0.096527847 | P93: =+MEDIAN(J93,H93,F93) -> 12999000 | R93: =+_xlfn.CEILING.MATH(M93,50,FALSE) -> 13224700 | S93: 1 | T93: =+R93*S93 -> 13224700
A94: 39 | B94: MESA PLASTICA | C94: Mesa Plastica Peletizada Desarmable Cuadrada | F94: =22000*1.19 -> 26180 | G94: BRYSNA S.A.S | H94: =44000*1.19 -> 52360 | I94: LUCENA S.A.S | J94: 45000 | K94: MUEBLES ESCOLARES LUCENA S.A.S | L94: =+COUNT(F94,H94,J94) -> 3 | M94: =+AVERAGE(F94,H94,J94) -> 41180 | N94: =+STDEVA(F94,H94,J94) -> 13501.57 | O94: =+N94/M94 -> 0.32786718 | P94: =+MEDIAN(J94,H94,F94) -> 45000 | R94: =+_xlfn.CEILING.MATH(M94,50,FALSE) -> 41200 | S94: 1 | T94: =+R94*S94 -> 41200
A95: 40 | B95: sillas platicas | C95: Silla Plastica Con Brazo Para Adulto Ligera Apilable Color Blanco | F95: =39000*1.19 -> 46410 | G95: BRYSNA S.A.S | H95: =24000*1.19 -> 28560 | I95: LUCENA S.A.S | J95: 24000 | K95: MUEBLES ESCOLARES LUCENA S.A.S | L95: =+COUNT(F95,H95,J95) -> 3 | M95: =+AVERAGE(F95,H95,J95) -> 32990 | N95: =+STDEVA(F95,H95,J95) -> 11843.593 | O95: =+N95/M95 -> 0.35900555 | P95: =+MEDIAN(J95,H95,F95) -> 28560 | R95: =+_xlfn.CEILING.MATH(M95,50,FALSE) -> 33000 | S95: 1 | T95: =+R95*S95 -> 33000
A96: 41 | B96: cables HDMI | C96: Cable Platinum HDMI 4K | F96: 79900 | G96: ALKOSTO | H96: 99900 | I96: K-TRONIX | J96: 99600 | K96: PANAMERICANA | L96: =+COUNT(F96,H96,J96) -> 3 | M96: =+AVERAGE(F96,H96,J96) -> 93133.333 | N96: =+STDEVA(F96,H96,J96) -> 11461.384 | O96: =+N96/M96 -> 0.12306426 | P96: =+MEDIAN(J96,H96,F96) -> 99600 | R96: =+_xlfn.CEILING.MATH(M96,50,FALSE) -> 93150 | S96: 1 | T96: =+R96*S96 -> 93150
A97: 42 | B97: RESMAS DE PAPEL | C97: carta y oficio en papel reciclado | F97: 13025 | G97: DISFENIX | H97: 14400 | I97: CIPE | J97: 14500 | K97: LUK S DU | L97: =+COUNT(F97,H97,J97) -> 3 | M97: =+AVERAGE(F97,H97,J97) -> 13975 | N97: =+STDEVA(F97,H97,J97) -> 824.24208 | O97: =+N97/M97 -> 0.058979755 | P97: =+MEDIAN(J97,H97,F97) -> 14400 | R97: =+_xlfn.CEILING.MATH(M97,50,FALSE) -> 14000 | S97: 1 | T97: =+R97*S97 -> 14000
A98: 43 | B98: MEGAFONO | C98: Megafono Perifoneo Recargable 6 Pulgad 25w Microfono Bocina | F98: 125000 | G98: EL IMPERIO ELECTRONICO JR S.AS | H98: 101000 | I98: SONIDOS EFECTOS Y COMPONENTES | J98: 119000 | K98: SENNET | L98: =+COUNT(F98,H98,J98) -> 3 | M98: =+AVERAGE(F98,H98,J98) -> 115000 | N98: =+STDEVA(F98,H98,J98) -> 12489.996 | O98: =+N98/M98 -> 0.10860866 | P98: =+MEDIAN(J98,H98,F98) -> 119000 | R98: =+_xlfn.CEILING.MATH(M98,50,FALSE) -> 115000 | S98: 1 | T98: =+R98*S98 -> 115000
A99: 44 | B99: PLANTA ELECTRICA | C99: Estación de energía portable 300w/256Wh | F99: 450000 | G99: BIOSOLAR ENERGY S.A.S | H99: 450000 | I99: ECOPOWER | J99: 457845 | K99: EBAY | L99: =+COUNT(F99,H99,J99) -> 3 | M99: =+AVERAGE(F99,H99,J99) -> 452615 | N99: =+STDEVA(F99,H99,J99) -> 4529.3129 | O99: =+N99/M99 -> 0.010006988 | P99: =+MEDIAN(J99,H99,F99) -> 450000 | R99: =+_xlfn.CEILING.MATH(M99,50,FALSE) -> 452650 | S99: 1 | T99: =+R99*S99 -> 452650
A100: 45 | B100: BOTILITO | C100: termo metalico (para caliente y frio) con medidor de temperatura con logos de la organización y de la Alcaldía | F100: 36890 | G100: NEO BRAND S.A.S | H100: 38080 | I100: PROMOCIONALES BORDADOS Y DOTACIONES | J100: =30000*1.19 -> 35700 | K100: ZOOM PUBLICIDAD | L100: =+COUNT(F100,H100,J100) -> 3 | M100: =+AVERAGE(F100,H100,J100) -> 36890 | N100: =+STDEVA(F100,H100,J100) -> 1190 | O100: =+N100/M100 -> 0.032258065 | P100: =+MEDIAN(J100,H100,F100) -> 36890 | R100: =+_xlfn.CEILING.MATH(M100,50,FALSE) -> 36900 | S100: 1 | T100: =+R100*S100 -> 36900
A101: 46 | B101: usb | C101: DE 128GB de alta velocidad METALICAS RESISTENTES A GOLPES | F101: 69000 | G101: K-TRONIX | H101: 65900 | I101: PANAMERICANA | J101: 69900 | K101: ALKOSTO | L101: =+COUNT(F101,H101,J101) -> 3 | M101: =+AVERAGE(F101,H101,J101) -> 68266.667 | N101: =+STDEVA(F101,H101,J101) -> 2098.4121 | O101: =+N101/M101 -> 0.030738458 | P101: =+MEDIAN(J101,H101,F101) -> 69000 | R101: =+_xlfn.CEILING.MATH(M101,50,FALSE) -> 68300 | S101: 1 | T101: =+R101*S101 -> 68300
A102: 47 | B102: PAPELOGRAFO | C102: Tablero Acrílico Liso (1.23×80cm) + Papelografo + Trípode | F102: 340600 | G102: PANAMERICANA | H102: 355500 | I102: COMERCIAL PAPELERA 24 HORAS | J102: 329900 | K102: HOMECENTER | L102: =+COUNT(F102,H102,J102) -> 3 | M102: =+AVERAGE(F102,H102,J102) -> 342000 | N102: =+STDEVA(F102,H102,J102) -> 12857.294 | O102: =+N102/M102 -> 0.037594426 | P102: =+MEDIAN(J102,H102,F102) -> 340600 | R102: =+_xlfn.CEILING.MATH(M102,50,FALSE) -> 342000 | S102: 1 | T102: =+R102*S102 -> 342000
A103: 48 | B103: PUNTERO LASER | C103: Puntero Laser Presentador Power Point Ergonomico Usb/ Pc/mac | F103: 119900 | G103: ALKOSTO | H103: 119900 | I103: K-TRONIX | J103: 100000 | K103: COMPULAGO | L103: =+COUNT(F103,H103,J103) -> 3 | M103: =+AVERAGE(F103,H103,J103) -> 113266.67 | N103: =+STDEVA(F103,H103,J103) -> 11489.27 | O103: =+N103/M103 -> 0.10143558 | P103: =+MEDIAN(J103,H103,F103) -> 119900 | R103: =+_xlfn.CEILING.MATH(M103,50,FALSE) -> 113300 | S103: 1 | T103: =+R103*S103 -> 113300
...

Sheet PONDERACIÓN 
C2: OBJETO: PRESTAR LOS SERVICIOS DE CAPACITACIÓN EN PARTICIPACIÓN CIUDADANA, FORMULACIÓN DE PROYECTOS COMUNITARIOS Y DOTACIÓN DE ELEMENTOS A GRUPOS, ORGANIZACIONES E INSTANCIAS DE PARTICIPACIÓN, DE LA LOCALIDAD DE TUNJUELITO EN EL MARCO DEL PROYECTO 2069”
S4: ACEPTADA
S5: RECHAZADA
S6: NO HABILITADA
C10: FECHA DE REFERENCIA | D10: 45635 | E10: TRM | F10: 4396.52 | G10: DIGITOS TRM | H10: =+ROUND(ABS(F10-TRUNC(F10)),2) -> 0.52 | J10: FDLT SAMC 339-2024
B11: =+'PONDERACIÓN '!#REF! -> #REF! | C11: =+'PONDERACIÓN '!#REF! -> #REF! | E11: =+'PONDERACIÓN '!#REF! -> #REF! | F11: =+'PONDERACIÓN '!#REF! -> #REF! | G11: =+'PONDERACIÓN '!#REF! -> #REF! | H11: =+'PONDERACIÓN '!#REF! -> #REF! | I11: =+'PONDERACIÓN '!#REF! -> #REF!
C12: FECHA DE EVALUACION
C14: METODO DE EVALUACIÓN | D14: MEDIA GEOMETRICA CON PRESUPUESTO
C17: MEDIA GEOMETRICA | H17: =+GEOMEAN(H27:H42) -> 3.6119456e+08
C18: PRESUPUESTO | H18: =+PPTO!U53 -> 364000000
C20: PUNTAJE MÁXIMO | H20: 60
C26: PROPUESTA | D26: NIT | E26: EMPRESA | F26: VALOR PROPUESTA A | H26: TOTAL PROPUESTA | J26: DIFERENCIA DE LA MEDIA | K26: ESTADO | L26: PUNTAJE
C27: =+OFERENTES!B3 -> 2 | D27: =+OFERENTES!D3 -> Número de documento 900270491 | E27: =+OFERENTES!C3 -> STAR COP HUMANITY | F27: =+'FORMATO A'!AC53 -> 361004000 | G27: =+VLOOKUP(E27,'PRECIOS BAJOS'!$B$2:$D$14,3,FALSE) -> OK | H27: =IF(K27=$K$43,F27," ") -> 361004000 | J27: =IFERROR(ABS(+$H$17-H27)," ") -> 190556.54 | K27: ACEPTADA | L27: 60
C28: =+OFERENTES!B9 -> 8 | D28: =+OFERENTES!D9 -> Número de documento 830133329 | E28: =+OFERENTES!C9 -> FUNDESCO | F28: =+'FORMATO A'!BA53 -> 360974002 | G28: =+VLOOKUP(E28,'PRECIOS BAJOS'!$B$2:$D$14,3,FALSE) -> OK | H28: =IF(K28=$K$43,F28," ") -> 360974002 | J28: =IFERROR(ABS(+$H$17-H28)," ") -> 220554.54 | K28: ACEPTADA | L28: 55
C29: =+OFERENTES!B7 -> 6 | D29: =+OFERENTES!D7 -> Número de documento 901360556 | E29: =+OFERENTES!C7 -> Consultores y Asesores TIC | F29: =+'FORMATO A'!AS53 -> 360947750 | G29: =+VLOOKUP(E29,'PRECIOS BAJOS'!$B$2:$D$14,3,FALSE) -> OK | H29: =IF(K29=$K$43,F29," ") -> 360947750 | J29: =IFERROR(ABS(+$H$17-H29)," ") -> 246806.54 | K29: ACEPTADA | L29: 50
C30: =+OFERENTES!B4 -> 3 | D30: =+OFERENTES!D4 -> Número de documento 860401734 | E30: =+OFERENTES!C4 -> CUN | F30: =+'FORMATO A'!AG53 -> 361476099 | G30: =+VLOOKUP(E30,'PRECIOS BAJOS'!$B$2:$D$14,3,FALSE) -> OK | H30: =IF(K30=$K$43,F30," ") -> 361476099 | J30: =IFERROR(ABS(+$H$17-H30)," ") -> 281542.46 | K30: ACEPTADA
C31: =+OFERENTES!B13 -> 12 | D31: =+OFERENTES!D13 -> Número de documento 901189368 | E31: =+OFERENTES!C13 -> DOKUMA. CREATIVIDAD | F31: =+'FORMATO A'!BQ53 -> 360871610 | G31: =+VLOOKUP(E31,'PRECIOS BAJOS'!$B$2:$D$14,3,FALSE) -> OK | H31: =IF(K31=$K$43,F31," ") -> 360871610 | J31: =IFERROR(ABS(+$H$17-H31)," ") -> 322946.54 | K31: ACEPTADA
C32: =+OFERENTES!B2 -> 1 | D32: =+OFERENTES!D2 -> Número de documento 900018217 | E32: =+OFERENTES!C2 -> OTRO ROLLO SOCIAL | F32: =+'FORMATO A'!Y53 -> 359898550 | G32: =+VLOOKUP(E32,'PRECIOS BAJOS'!$B$2:$D$14,3,FALSE) -> OK | H32: =IF(K32=$K$43,F32," ") -> 359898550 | J32: =IFERROR(ABS(+$H$17-H32)," ") -> 1296006.5 | K32: ACEPTADA
C33: =+OFERENTES!B11 -> 10 | D33: =+OFERENTES!D11 -> Número de documento 830144794 | E33: =+OFERENTES!C11 -> CIDOR SAS | F33: =+'FORMATO A'!BI53 -> 359722934 | G33: =+VLOOKUP(E33,'PRECIOS BAJOS'!$B$2:$D$14,3,FALSE) -> OK | H33: =IF(K33=$K$43,F33," ") -> 359722934 | J33: =IFERROR(ABS(+$H$17-H33)," ") -> 1471622.5 | K33: ACEPTADA
C34: =+OFERENTES!B5 -> 4 | D34: =+OFERENTES!D5 -> Número de documento 800055691 | E34: =+OFERENTES!C5 -> FUNDACIÓN ALBERTO MERANI | F34: =+'FORMATO A'!AK53 -> 358831271 | G34: =+VLOOKUP(E34,'PRECIOS BAJOS'!$B$2:$D$14,3,FALSE) -> OK | H34: =IF(K34=$K$43,F34," ") -> 358831271 | J34: =IFERROR(ABS(+$H$17-H34)," ") -> 2363285.5 | K34: ACEPTADA
C35: =+OFERENTES!B6 -> 5 | D35: =+OFERENTES!D6 -> Número de documento 900300970 | E35: =+OFERENTES!C6 -> INDUHOTEL S.A.S | F35: =+'FORMATO A'!AO53 -> 358663448 | G35: =+VLOOKUP(E35,'PRECIOS BAJOS'!$B$2:$D$14,3,FALSE) -> OK | H35: =IF(K35=$K$43,F35," ") -> 358663448 | J35: =IFERROR(ABS(+$H$17-H35)," ") -> 2531108.5 | K35: ACEPTADA
C36: =+OFERENTES!B8 -> 7 | D36: =+OFERENTES!D8 -> Número de documento 900216251 | E36: =+OFERENTES!C8 -> ADIFCOL | F36: =+'FORMATO A'!AW53 -> 358451000 | G36: =+VLOOKUP(E36,'PRECIOS BAJOS'!$B$2:$D$14,3,FALSE) -> OK | H36: =IF(K36=$K$43,F36," ") | J36: =IFERROR(ABS(+$H$17-H36)," ") | K36: NO HABILITADA
C37: =+OFERENTES!B10 -> 9 | D37: =+OFERENTES!D10 -> Número de documento 830103750 | E37: =+OFERENTES!C10 -> FUNDACION COLOMBIA UTIL | F37: =+'FORMATO A'!BE53 -> 362794000 | G37: =+VLOOKUP(E37,'PRECIOS BAJOS'!$B$2:$D$14,3,FALSE) -> OK | H37: =IF(K37=$K$43,F37," ") | J37: =IFERROR(ABS(+$H$17-H37)," ") | K37: NO HABILITADA
C38: =+OFERENTES!B12 -> 11 | D38: =+OFERENTES!D12 -> Número de documento 900004535 | E38: =+OFERENTES!C12 -> CORSERVICOL | F38: =+'FORMATO A'!BM53 -> 357167550 | G38: =+VLOOKUP(E38,'PRECIOS BAJOS'!$B$2:$D$14,3,FALSE) -> OK | H38: =IF(K38=$K$43,F38," ") | J38: =IFERROR(ABS(+$H$17-H38)," ") | K38: NO HABILITADA
C39: =+OFERENTES!B14 -> 13 | D39: =+OFERENTES!D14 -> Número de documento 800181439 | E39: =+OFERENTES!C14 -> BONGA BUSTAMANTE SAS | F39: =+'FORMATO A'!BU53 -> 368253118 | G39: =+VLOOKUP(E39,'PRECIOS BAJOS'!$B$2:$D$14,3,FALSE) -> OK | H39: =IF(K39=$K$43,F39," ") | K39: NO HABILITADA
E40: PPTO 1 | F40: =+H18 -> 364000000 | H40: =+F40 -> 364000000
E41: PPTO 2 | F41: =+F40 -> 364000000 | H41: =+F41 -> 364000000
E42: PPTO 3 | F42: =+F41 -> 364000000 | H42: =+F42 -> 364000000
K43: ACEPTADA
C45: =+IF(#REF!=TRUE,(#REF!+1)," ") -> #REF!
B46: OBSERVACIONES: 1. Se rechaza propoente 13. BONGA BUSTAMANTE por incurrir en causal de rechazo 25. Cuando la propuesta esté incompleta por no incluir alguno de los documentos exigidos en este pliego de condiciones o cuando contengan defectos no subsanables generadores de rechazo, todo lo cual según lo dispuesto en este pliego de condiciones y en armonía con lo previsto en el parágrafo 1 del artículo 5º de la Ley 1150 de 2007. Esto por cuanto no se diligenció completo formato Bolsa " y "14. Cuando se presenten propuestas parciales o incompletas. 2. Se rechaza proponente 7. ADIFICOL por causal 21. Cuando los oferentes incluyan condicionamientos diferentes o las actividades ofrecidas no se ajusten a todas y cada una de las actividades, condiciones y especificaciones técnicas descritas en el presente pliego de condiciones, al ofertar un valor diferente al esgablecido para los items 8 y 9 3. Se rechaza proponente 11. CORSERVICOL al incurrir en causal 14. Cuando se presenten propuestas parciales o incompletas., esto para el item 10, al no estar diligenciado. Se rechaza proponente 9. Fundación Colombia Util al incurrir en causal de rechazo "Cuando el valor de los precios unitarios ofertados supere el valor promedio de los precios unitarios indicados en el estudio de mercado y/o el estudio del Sector realizado por el Fondo." Esto para el item 34
C55: DAVID ANDRÉS SÁNCHEZ BOGOTÁ
C56: CONTRATISTA

Sheet OFERENTES
B2: 1 | C2: OTRO ROLLO SOCIAL | D2: Número de documento 900018217
B3: 2 | C3: STAR COP HUMANITY | D3: Número de documento 900270491
B4: 3 | C4: CUN | D4: Número de documento 860401734
B5: 4 | C5: FUNDACIÓN ALBERTO MERANI | D5: Número de documento 800055691
B6: 5 | C6: INDUHOTEL S.A.S | D6: Número de documento 900300970
B7: 6 | C7: Consultores y Asesores TIC | D7: Número de documento 901360556
B8: 7 | C8: ADIFCOL | D8: Número de documento 900216251
B9: 8 | C9: FUNDESCO | D9: Número de documento 830133329
B10: 9 | C10: FUNDACION COLOMBIA UTIL | D10: Número de documento 830103750
B11: 10 | C11: CIDOR SAS | D11: Número de documento 830144794
B12: 11 | C12: CORSERVICOL | D12: Número de documento 900004535
B13: 12 | C13: DOKUMA. CREATIVIDAD | D13: Número de documento 901189368
B14: 13 | C14: BONGA BUSTAMANTE SAS | D14: Número de documento 800181439
B29: Posición | C29: Proveedor
B30: 1 | C30: OTRO ROLLO SOCIAL | D30: Número de documento 900018217
B31: 2 | C31: STAR COP HUMANITY | D31: Número de documento 900270491
B32: 3 | C32: CUN | D32: Número de documento 860401734
B33: 4 | C33: FUNDACIÓN ALBERTO MERANI | D33: Número de documento 800055691
B34: 5 | C34: INDUHOTEL S.A.S | D34: Número de documento 900300970
B35: 6 | C35: Consultores y Asesores TIC | D35: Número de documento 901360556
B36: 7 | C36: ADIFCOL | D36: Número de documento 900216251
B37: 8 | C37: FUNDESCO | D37: Número de documento 830133329
B38: 9 | C38: FUNDACION COLOMBIA UTIL | D38: Número de documento 830103750
B39: 10 | C39: CIDOR SAS | D39: Número de documento 830144794
B40: 11 | C40: CORSERVICOL | D40: Número de documento 900004535
B41: 12 | C41: DOKUMA. CREATIVIDAD | D41: Número de documento 901189368
B42: 13 | C42: BONGA BUSTAMANTE SAS | D42: Número de documento 800181439

Sheet PRECIOS BAJOS
A1: Position | B1: proveedor | C1: VALOR PROPUESTA LOTE 1 | D1: REQUERIR | E1: JUSTIFICACION
A2: =+'PONDERACIÓN '!C27 -> 2 | B2: =+'PONDERACIÓN '!E27 -> STAR COP HUMANITY | C2: =+'PONDERACIÓN '!H27 -> 361004000 | D2: =+IF(C2>$G$9,"OK","REQUERIR") -> OK
A3: =+'PONDERACIÓN '!C28 -> 8 | B3: =+'PONDERACIÓN '!E28 -> FUNDESCO | C3: =+'PONDERACIÓN '!H28 -> 360974002 | D3: =+IF(C3>$G$9,"OK","REQUERIR") -> OK | F3: CANTIDAD DE PROPUESTAS | G3: =+COUNTIF(C2:C15,">0") -> 9
A4: =+'PONDERACIÓN '!C29 -> 6 | B4: =+'PONDERACIÓN '!E29 -> Consultores y Asesores TIC | C4: =+'PONDERACIÓN '!H29 -> 360947750 | D4: =+IF(C4>$G$9,"OK","REQUERIR") -> OK | F4: PROMEDIO | G4: =+AVERAGE(C2:C16) -> 3.6026552e+08
A5: =+'PONDERACIÓN '!C30 -> 3 | B5: =+'PONDERACIÓN '!E30 -> CUN | C5: =+'PONDERACIÓN '!H30 -> 361476099 | D5: =+IF(C5>$G$9,"OK","REQUERIR") -> OK | F5: DESVIACION ESTANDAR | G5: =+_xlfn.STDEV.P(C2:C16) -> 965997.2
A6: =+'PONDERACIÓN '!C31 -> 12 | B6: =+'PONDERACIÓN '!E31 -> DOKUMA. CREATIVIDAD | C6: =+'PONDERACIÓN '!H31 -> 360871610 | D6: =+IF(C6>$G$9,"OK","REQUERIR") -> OK | F6: MEDIANA | G6: =+MEDIAN(C2:C16) -> 360871610
A7: =+'PONDERACIÓN '!C32 -> 1 | B7: =+'PONDERACIÓN '!E32 -> OTRO ROLLO SOCIAL | C7: =+'PONDERACIÓN '!H32 -> 359898550 | D7: OK | F7: PRESUPUESTO OFICIAL | G7: =+'PONDERACIÓN '!H18 -> 364000000
A8: =+'PONDERACIÓN '!C33 -> 10 | B8: =+'PONDERACIÓN '!E33 -> CIDOR SAS | C8: =+'PONDERACIÓN '!H33 -> 359722934 | D8: OK | F8: PORCENTAJE | G8: 0.2
A9: =+'PONDERACIÓN '!C34 -> 4 | B9: =+'PONDERACIÓN '!E34 -> FUNDACIÓN ALBERTO MERANI | C9: =+'PONDERACIÓN '!H34 -> 358831271 | D9: OK | F9: MINIMO ACEPTABLE | G9: =+G6-G5 -> 3.5990561e+08
A10: =+'PONDERACIÓN '!C35 -> 5 | B10: =+'PONDERACIÓN '!E35 -> INDUHOTEL S.A.S | C10: =+'PONDERACIÓN '!H35 -> 358663448 | D10: OK | F10: MINIMO ACEPTABLE < 5 proponentes | G10: =+G7*(1-G8) -> 291200000
A11: =+'PONDERACIÓN '!C36 -> 7 | B11: =+'PONDERACIÓN '!E36 -> ADIFCOL | C11: =+'PONDERACIÓN '!H36 | D11: =+IF(C11>$G$9,"OK","REQUERIR") -> OK
A12: =+'PONDERACIÓN '!C37 -> 9 | B12: =+'PONDERACIÓN '!E37 -> FUNDACION COLOMBIA UTIL | C12: =+'PONDERACIÓN '!H37 | D12: =+IF(C12>$G$9,"OK","REQUERIR") -> OK
A13: =+'PONDERACIÓN '!C38 -> 11 | B13: =+'PONDERACIÓN '!E38 -> CORSERVICOL | C13: =+'PONDERACIÓN '!H38 | D13: =+IF(C13>$G$9,"OK","REQUERIR") -> OK
A14: =+'PONDERACIÓN '!C39 -> 13 | B14: =+'PONDERACIÓN '!E39 -> BONGA BUSTAMANTE SAS | C14: =+'PONDERACIÓN '!H39 | D14: =+IF(C14>$G$9,"OK","REQUERIR") -> OK

Sheet FORMATO A
A1: ESTUDIO DE MERCADO OBJETO: “PRESTAR LOS SERVICIOS DE CAPACITACIÓN EN PARTICIPACIÓN CIUDADANA, FORMULACIÓN DE PROYECTOS COMUNITARIOS Y DOTACIÓN DE ELEMENTOS A GRUPOS, ORGANIZACIONES E INSTANCIAS DE PARTICIPACIÓN, DE LA LOCALIDAD DE TUNJUELITO EN EL MARCO DEL PROYECTO 2069”
A2: NOMBRE DEL PROYECTO 2069 | W2: 1 | X2: =+VLOOKUP('FORMATO A'!W2,OFERENTES!$B$2:$D$26,2,FALSE) -> OTRO ROLLO SOCIAL | Y2: =+VLOOKUP('FORMATO A'!W2,OFERENTES!$B$2:$D$26,3,FALSE) -> Número de documento 900018217 | AA2: 2 | AB2: =+VLOOKUP('FORMATO A'!AA2,OFERENTES!$B$2:$D$26,2,FALSE) -> STAR COP HUMANITY | AC2: =+VLOOKUP('FORMATO A'!AA2,OFERENTES!$B$2:$D$26,3,FALSE) -> Número de documento 900270491 | AE2: 3 | AF2: =+VLOOKUP('FORMATO A'!AE2,OFERENTES!$B$2:$D$26,2,FALSE) -> CUN | AG2: =+VLOOKUP('FORMATO A'!AE2,OFERENTES!$B$2:$D$26,3,FALSE) -> Número de documento 860401734 | AI2: 4 | AJ2: =+VLOOKUP('FORMATO A'!AI2,OFERENTES!$B$2:$D$26,2,FALSE) -> FUNDACIÓN ALBERTO MERANI | AK2: =+VLOOKUP('FORMATO A'!AI2,OFERENTES!$B$2:$D$26,3,FALSE) -> Número de documento 800055691 | AM2: 5 | AN2: =+VLOOKUP('FORMATO A'!AM2,OFERENTES!$B$2:$D$26,2,FALSE) -> INDUHOTEL S.A.S | AO2: =+VLOOKUP('FORMATO A'!AM2,OFERENTES!$B$2:$D$26,3,FALSE) -> Número de documento 900300970 | AQ2: 6 | AR2: =+VLOOKUP('FORMATO A'!AQ2,OFERENTES!$B$2:$D$26,2,FALSE) -> Consultores y Asesores TIC | AS2: =+VLOOKUP('FORMATO A'!AQ2,OFERENTES!$B$2:$D$26,3,FALSE) -> Número de documento 901360556 | AU2: 7 | AV2: =+VLOOKUP('FORMATO A'!AU2,OFERENTES!$B$2:$D$26,2,FALSE) -> ADIFCOL | AW2: =+VLOOKUP('FORMATO A'!AU2,OFERENTES!$B$2:$D$26,3,FALSE) -> Número de documento 900216251 | AY2: 8 | AZ2: =+VLOOKUP('FORMATO A'!AY2,OFERENTES!$B$2:$D$26,2,FALSE) -> FUNDESCO | BA2: =+VLOOKUP('FORMATO A'!AY2,OFERENTES!$B$2:$D$26,3,FALSE) -> Número de documento 830133329 | BC2: 9 | BD2: =+VLOOKUP('FORMATO A'!BC2,OFERENTES!$B$2:$D$26,2,FALSE) -> FUNDACION COLOMBIA UTIL | BE2: =+VLOOKUP('FORMATO A'!BC2,OFERENTES!$B$2:$D$26,3,FALSE) -> Número de documento 830103750 | BG2: 10 | BH2: =+VLOOKUP('FORMATO A'!BG2,OFERENTES!$B$2:$D$26,2,FALSE) -> CIDOR SAS | BI2: =+VLOOKUP('FORMATO A'!BG2,OFERENTES!$B$2:$D$26,3,FALSE) -> Número de documento 830144794 | BK2: 11 | BL2: =+VLOOKUP('FORMATO A'!BK2,OFERENTES!$B$2:$D$26,2,FALSE) -> CORSERVICOL | BM2: =+VLOOKUP('FORMATO A'!BK2,OFERENTES!$B$2:$D$26,3,FALSE) -> Número de documento 900004535 | BO2: 12 | BP2: =+VLOOKUP('FORMATO A'!BO2,OFERENTES!$B$2:$D$26,2,FALSE) -> DOKUMA. CREATIVIDAD | BQ2: =+VLOOKUP('FORMATO A'!BO2,OFERENTES!$B$2:$D$26,3,FALSE) -> Número de documento 901189368 | BS2: 13 | BT2: =+VLOOKUP('FORMATO A'!BS2,OFERENTES!$B$2:$D$26,2,FALSE) -> BONGA BUSTAMANTE SAS | BU2: =+VLOOKUP('FORMATO A'!BS2,OFERENTES!$B$2:$D$26,3,FALSE) -> Número de documento 800181439
A3: NO. | B3: ITEM | C3: DETALLE CONCEPTO | D3: Unidad de Medida | E3: Cot. 01 IVA Incluido | F3: Empresa Cotizante 01 | G3: Cot. 02 IVA Incluido | H3: Empresa Cotizante 02 | I3: Cot. 03 IVA Incluido | J3: Empresa Cotizante 03 | K3: Cot. 04 IVA Incluido | L3: Empresa Cotizante 04 | M3: No. de Cotizaciones | N3: MEDIANA | O3: DESVIACIÓN ESTANDAR | P3: PORCENTAJE DESVIACION | Q3: VALOR PROMEDIO UNITARIO IVA INCLUIDO | R3: VALOR UNITARIO IVA INCLUIDO (VIGENCIA 2024) (REDONDEADO AL MÚLTIPLO DE 50 MÁS CERCANO SUPERIOR) | S3: CANTIDAD | T3: VALOR TOTAL CON IVA | W3: Valor unitario incluido IVA (Si aplica) | X3: Valor unitario incluido IVA (Si aplica) (REDONDEADO | Y3: Valor total incluido IVA (Si aplica) | Z3: VALIDACIÓN | AA3: Valor unitario incluido IVA (Si aplica) | AB3: Valor unitario incluido IVA (Si aplica) (REDONDEADO | AC3: Valor total incluido IVA (Si aplica) | AD3: VALIDACIÓN | AE3: Valor unitario incluido IVA (Si aplica) | AF3: Valor unitario incluido IVA (Si aplica) (REDONDEADO | AG3: Valor total incluido IVA (Si aplica) | AH3: VALIDACIÓN | AI3: Valor unitario incluido IVA (Si aplica) | AJ3: Valor unitario incluido IVA (Si aplica) (REDONDEADO | AK3: Valor total incluido IVA (Si aplica) | AL3: VALIDACIÓN | AM3: Valor unitario incluido IVA (Si aplica) | AN3: Valor unitario incluido IVA (Si aplica) (REDONDEADO | AO3: Valor total incluido IVA (Si aplica) | AP3: VALIDACIÓN | AQ3: Valor unitario incluido IVA (Si aplica) | AR3: Valor unitario incluido IVA (Si aplica) (REDONDEADO | AS3: Valor total incluido IVA (Si aplica) | AT3: VALIDACIÓN | AU3: Valor unitario incluido IVA (Si aplica) | AV3: Valor unitario incluido IVA (Si aplica) (REDONDEADO | AW3: Valor total incluido IVA (Si aplica) | AX3: VALIDACIÓN | AY3: Valor unitario incluido IVA (Si aplica) | AZ3: Valor unitario incluido IVA (Si aplica) (REDONDEADO | BA3: Valor total incluido IVA (Si aplica) | BB3: VALIDACIÓN | BC3: Valor unitario incluido IVA (Si aplica) | BD3: Valor unitario incluido IVA (Si aplica) (REDONDEADO | BE3: Valor total incluido IVA (Si aplica) | BF3: VALIDACIÓN | BG3: Valor unitario incluido IVA (Si aplica) | BH3: Valor unitario incluido IVA (Si aplica) (REDONDEADO | BI3: Valor total incluido IVA (Si aplica) | BJ3: VALIDACIÓN | BK3: Valor unitario incluido IVA (Si aplica) | BL3: Valor unitario incluido IVA (Si aplica) (REDONDEADO | BM3: Valor total incluido IVA (Si aplica) | BN3: VALIDACIÓN | BO3: Valor unitario incluido IVA (Si aplica) | BP3: Valor unitario incluido IVA (Si aplica) (REDONDEADO | BQ3: Valor total incluido IVA (Si aplica) | BR3: VALIDACIÓN | BS3: Valor unitario incluido IVA (Si aplica) | BT3: Valor unitario incluido IVA (Si aplica) (REDONDEADO | BU3: Valor total incluido IVA (Si aplica) | BV3: VALIDACIÓN
A5: Componente 1. Presupuestos participativos - Proceso de formación para la participación Expedición agroecológica en tren por la Sabana de Bogotá
A6: 1 | B6: CHAQUETA SIN ACOLCHAR TIPO ROMPEVIENTOS | C6: Tejido de resistencia al frío y el viento 100% poliéster y ultraligeros; Zona frontal con pro-tección contra el viento, zona de espalda tejido micromesh o rejilla para una correcta transpira-ción. Debe de proteger el cuello; Cremallera que no se enganche y que tenga un buen tirador para poder abrirlo, quitarlo y ponerlo en marcha con o sin guantes; Bolsillos traseros y también acceso fácil a los bolsillos del maillot o chaqueta; Deta-lles reflectantes o colores brillantes y llamativos para ser visibles tallas para adultos, con logotipos de la Alcaldía y del colectivo | D6: Unidad | E6: =60000*1.19 -> 71400 | F6: PROMOCIONALES BORDADOS Y DOTACIONES | G6: =70000*1.19 -> 83300 | H6: ZOOM | I6: =50000*1.19 -> 59500 | J6: SENI | M6: =+COUNT(E6,G6,I6) -> 3 | N6: =+MEDIAN(E6,G6,I6) -> 71400 | O6: =+STDEVA(I6,G6,E6) -> 11900 | P6: =+O6/N6 -> 0.16666667 | Q6: =+AVERAGE(E6,G6,I6) -> 71400 | R6: =+_xlfn.CEILING.MATH(Q6,50,FALSE) -> 71400 | S6: 140 | T6: =+R6*S6 -> 9996000 | W6: 68000 | X6: =+ROUND(W6,0) -> 68000 | Y6: =+X6*$S6 -> 9520000 | Z6: =+IF(OR(X6>$R6,X6=0,Y6>$T6),"RECHAZADO","ACEPTADA") -> ACEPTADA | AA6: 50000 | AB6: =+ROUND(AA6,0) -> 50000 | AC6: =+AB6*$S6 -> 7000000 | AD6: =+IF(OR(AB6>$R6,AB6=0,AC6>$T6),"RECHAZADO","ACEPTADA") -> ACEPTADA | AE6: 71400 | AF6: =+ROUND(AE6,0) -> 71400 | AG6: =+AF6*$S6 -> 9996000 | AH6: =+IF(OR(AF6>$R6,AF6=0,AG6>$T6),"RECHAZADO","ACEPTADA") -> ACEPTADA | AI6: 67861 | AJ6: =+ROUND(AI6,0) -> 67861 | AK6: =+AJ6*$S6 -> 9500540 | AL6: =+IF(OR(AJ6>$R6,AJ6=0,AK6>$T6),"RECHAZADO","ACEPTADA") -> ACEPTADA | AM6: 68544 | AN6: =+ROUND(AM6,0) -> 68544 | AO6: =+AN6*$S6 -> 9596160 | AP6: =+IF(OR(AN6>$R6,AN6=0,AO6>$T6),"RECHAZADO","ACEPTADA") -> ACEPTADA | AQ6: 68000 | AR6: =+ROUND(AQ6,0) -> 68000 | AS6: =+AR6*$S6 -> 9520000 | AT6: =+IF(OR(AR6>$R6,AR6=0,AS6>$T6),"RECHAZADO","ACEPTADA") -> ACEPTADA | AU6: 70000 | AV6: =+ROUND(AU6,0) -> 70000 | AW6: =+AV6*$S6 -> 9800000 | AX6: =+IF(OR(AV6>$R6,AV6=0,AW6>$T6),"RECHAZADO","ACEPTADA") -> ACEPTADA | AY6: 69320.388 | AZ6: =+ROUND(AY6,0) -> 69320 | BA6: =+AZ6*$S6 -> 9704800 | BB6: =+IF(OR(AZ6>$R6,AZ6=0,BA6>$T6),"RECHAZADO","ACEPTADA") -> ACEPTADA | BC6: 64500 | BD6: =+ROUND(BC6,0) -> 64500 | BE6: =+BD6*$S6 -> 9030000 | BF6: =+IF(OR(BD6>$R6,BD6=0,BE6>$T6),"RECHAZADO","ACEPTADA") -> ACEPTADA | BG6: 68200 | BH6: =+ROUND(BG6,0) -> 68200 | BI6: =+BH6*$S6 -> 9548000 | BJ6: =+IF(OR(BH6>$R6,BH6=0,BI6>$T6),"RECHAZADO","ACEPTADA") -> ACEPTADA | BK6: 69000 | BL6: =+ROUND(BK6,0) -> 69000 | BM6: =+BL6*$S6 -> 9660000 | BN6: =+IF(OR(BL6>$R6,BL6=0,BM6>$T6),"RECHAZADO","ACEPTADA") -> ACEPTADA | BO6: 69258 | BP6: =+ROUND(BO6,0) -> 69258 | BQ6: =+BP6*$S6 -> 9696120 | BR6: =+IF(OR(BP6>$R6,BP6=0,BQ6>$T6),"RECHAZADO","ACEPTADA") -> ACEPTADA | BS6: 69800 | BT6: =+ROUND(BS6,0) -> 69800 | BU6: =+BT6*$S6 -> 9772000 | BV6: =+IF(OR(BT6>$R6,BT6=0,BU6>$T6),"RECHAZADO","ACEPTADA") -> ACEPTADA
A7: 2 | B7: SOMBRERO SAFARI | C7: Sombrero safari protección sol, cuello solapa pesca, deportivo, en material de dril, talla única estandar, con logos del colectivo de la Alcaldía. | D7: UNIDAD | E7: =15000*1.19 -> 17850 | F7: PROMOCIONALES BORDADOS Y DOTACIONES | G7: =18000*1.19 -> 21420 | H7: ZOOM | I7: =17850*1.19 -> 21241.5 | J7: NEO BRAND S.A.S | M7: =+COUNT(E7,G7,I7) -> 3 | N7: =+MEDIAN(E7,G7,I7) -> 21241.5 | O7: =+STDEVA(I7,G7,E7) -> 2011.5928 | P7: =+O7/N7 -> 0.094701073 | Q7: =+AVERAGE(E7,G7,I7) -> 20170.5 | R7: =+_xlfn.CEILING.MATH(Q7,50,FALSE) -> 20200 | S7: 140 | T7: =+R7*S7 -> 2828000 | W7: 19000 | X7: =+ROUND(W7,0) -> 19000 | Y7: =+X7*$S7 -> 2660000 | Z7: =+IF(OR(X7>$R7,X7=0,Y7>$T7),"RECHAZADO","ACEPTADA") -> ACEPTADA | AA7: 20200 | AB7: =+ROUND(AA7,0) -> 20200 | AC7: =+AB7*$S7 -> 2828000 | AD7: =+IF(OR(AB7>$R7,AB7=0,AC7>$T7),"RECHAZADO","ACEPTADA") -> ACEPTADA | AE7: 20000 | AF7: =+ROUND(AE7,0) -> 20000 | AG7: =+AF7*$S7 -> 2800000 | AH7: =+IF(OR(AF7>$R7,AF7=0,AG7>$T7),"RECHAZADO","ACEPTADA") -> ACEPTADA | AI7: 19199 | AJ7: =+ROUND(AI7,0) -> 19199 | AK7: =+AJ7*$S7 -> 2687860 | AL7: =+IF(OR(AJ7>$R7,AJ7=0,AK7>$T7),"RECHAZADO","ACEPTADA") -> ACEPTADA | AM7: 19796 | AN7: =+ROUND(AM7,0) -> 19796 | AO7: =+AN7*$S7 -> 2771440 | AP7: =+IF(OR(AN7>$R7,AN7=0,AO7>$T7),"RECHAZADO","ACEPTADA") -> ACEPTADA | AQ7: 19000 | AR7: =+ROUND(AQ7,0) -> 19000 | AS7: =+AR7*$S7 -> 2660000 | AT7: =+IF(OR(AR7>$R7,AR7=0,AS7>$T7),"RECHAZADO","ACEPTADA") -> ACEPTADA | AU7: 20200 | AV7: =+ROUND(AU7,0) -> 20200 | AW7: =+AV7*$S7 -> 2828000 | AX7: =+IF(OR(AV7>$R7,AV7=0,AW7>$T7),"RECHAZADO","ACEPTADA") -> ACEPTADA | AY7: 19611.65 | AZ7: =+ROUND(AY7,0) -> 19612 | BA7: =+AZ7*$S7 -> 2745680 | BB7: =+IF(OR(AZ7>$R7,AZ7=0,BA7>$T7),"RECHAZADO","ACEPTADA") -> ACEPTADA | BC7: 20200 | BD7: =+ROUND(BC7,0) -> 20200 | BE7: =+BD7*$S7 -> 2828000 | BF7: =+IF(OR(BD7>$R7,BD7=0,BE7>$T7),"RECHAZADO","ACEPTADA") -> ACEPTADA | BG7: 19280 | BH7: =+ROUND(BG7,0) -> 19280 | BI7: =+BH7*$S7 -> 2699200 | BJ7: =+IF(OR(BH7>$R7,BH7=0,BI7>$T7),"RECHAZADO","ACEPTADA") -> ACEPTADA | BK7: 19500 | BL7: =+ROUND(BK7,0) -> 19500 | BM7: =+BL7*$S7 -> 2730000 | BN7: =+IF(OR(BL7>$R7,BL7=0,BM7>$T7),"RECHAZADO","ACEPTADA") -> ACEPTADA | BO7: 19594 | BP7: =+ROUND(BO7,0) -> 19594 | BQ7: =+BP7*$S7 -> 2743160 | BR7: =+IF(OR(BP7>$R7,BP7=0,BQ7>$T7),"RECHAZADO","ACEPTADA") -> ACEPTADA | BS7: 18800 | BT7: =+ROUND(BS7,0) -> 18800 | BU7: =+BT7*$S7 -> 2632000 | BV7: =+IF(OR(BT7>$R7,BT7=0,BU7>$T7),"RECHAZADO","ACEPTADA") -> ACEPTADA
A8: 3 | B8: SOMBRILLA PLEGABLE | C8: Sombrilla automática de mango de lujo 10 varillas, tamaño mediano, tela anti-fluido, con filtro UV, sublimada con logos del comité y de la Alcaldía, en dos de sus caras, color a definición de acuerdo a la solicitud del Fondo de Desarrollo Local. | D8: UNIDAD | E8: 29655 | F8: NEO BRAND S.A.S | G8: =15000*1.19 -> 17850 | H8: ZOOM | I8: =16000*1.19 -> 19040 | J8: SENI | M8: =+COUNT(E8,G8,I8) -> 3 | N8: =+MEDIAN(E8,G8,I8) -> 19040 | O8: =+STDEVA(I8,G8,E8) -> 6499.3891 | P8: =+O8/N8 -> 0.34135447 | Q8: =+AVERAGE(E8,G8,I8) -> 22181.667 | R8: =+_xlfn.CEILING.MATH(Q8,50,FALSE) -> 22200 | S8: 140 | T8: =+R8*S8 -> 3108000 | W8: 21000 | X8: =+ROUND(W8,0) -> 21000 | Y8: =+X8*$S8 -> 2940000 | Z8: =+IF(OR(X8>$R8,X8=0,Y8>$T8),"RECHAZADO","ACEPTADA") -> ACEPTADA | AA8: 22200 | AB8: =+ROUND(AA8,0) -> 22200 | AC8: =+AB8*$S8 -> 3108000 | AD8: =+IF(OR(AB8>$R8,AB8=0,AC8>$T8),"RECHAZADO","ACEPTADA") -> ACEPTADA | AE8: 22000 | AF8: =+ROUND(AE8,0) -> 22000 | AG8: =+AF8*$S8 -> 3080000 | AH8: =+IF(OR(AF8>$R8,AF8=0,AG8>$T8),"RECHAZADO","ACEPTADA") -> ACEPTADA | AI8: 21099 | AJ8: =+ROUND(AI8,0) -> 21099 | AK8: =+AJ8*$S8 -> 2953860 | AL8: =+IF(OR(AJ8>$R8,AJ8=0,AK8>$T8),"RECHAZADO","ACEPTADA") -> ACEPTADA | AM8: 21756 | AN8: =+ROUND(AM8,0) -> 21756 | AO8: =+AN8*$S8 -> 3045840 | AP8: =+IF(OR(AN8>$R8,AN8=0,AO8>$T8),"RECHAZADO","ACEPTADA") -> ACEPTADA | AQ8: 21000 | AR8: =+ROUND(AQ8,0) -> 21000 | AS8: =+AR8*$S8 -> 2940000 | AT8: =+IF(OR(AR8>$R8,AR8=0,AS8>$T8),"RECHAZADO","ACEPTADA") -> ACEPTADA | AU8: 22200 | AV8: =+ROUND(AU8,0) -> 22200 | AW8: =+AV8*$S8 -> 3108000 | AX8: =+IF(OR(AV8>$R8,AV8=0,AW8>$T8),"RECHAZADO","ACEPTADA") -> ACEPTADA | AY8: 21553.398 | AZ8: =+ROUND(AY8,0) -> 21553 | BA8: =+AZ8*$S8 -> 3017420 | BB8: =+IF(OR(AZ8>$R8,AZ8=0,BA8>$T8),"RECHAZADO","ACEPTADA") -> ACEPTADA | BC8: 22200 | BD8: =+ROUND(BC8,0) -> 22200 | BE8: =+BD8*$S8 -> 3108000 | BF8: =+IF(OR(BD8>$R8,BD8=0,BE8>$T8),"RECHAZADO","ACEPTADA") -> ACEPTADA | BG8: 21180 | BH8: =+ROUND(BG8,0) -> 21180 | BI8: =+BH8*$S8 -> 2965200 | BJ8: =+IF(OR(BH8>$R8,BH8=0,BI8>$T8),"RECHAZADO","ACEPTADA") -> ACEPTADA | BK8: 21400 | BL8: =+ROUND(BK8,0) -> 21400 | BM8: =+BL8*$S8 -> 2996000 | BN8: =+IF(OR(BL8>$R8,BL8=0,BM8>$T8),"RECHAZADO","ACEPTADA") -> ACEPTADA | BO8: 21534 | BP8: =+ROUND(BO8,0) -> 21534 | BQ8: =+BP8*$S8 -> 3014760 | BR8: =+IF(OR(BP8>$R8,BP8=0,BQ8>$T8),"RECHAZADO","ACEPTADA") -> ACEPTADA | BS8: 20200 | BT8: =+ROUND(BS8,0) -> 20200 | BU8: =+BT8*$S8 -> 2828000 | BV8: =+IF(OR(BT8>$R8,BT8=0,BU8>$T8),"RECHAZADO","ACEPTADA") -> ACEPTADA
A9: COMPONENTE 1 ACTIVIDAD 2 SEMINARIOS EN VEEDURIA CIUDADANA (ACTIVIDAD 2) DOS SEMINARIOS DE 3 HORAS
A10: 4 | B10: BOLIGRAFOS PERSONALIZADOS | C10: Boligrafos personalizados con el logo de la Alcaldía y del colectivo, retractil y con resaltador en la cabeza del bolígrafo, en plástico, de tinta negra | D10: UNIDAD | E10: =1956*1.19 -> 2327.64 | F10: PROMOCIONALES BORDADOS Y DOTACIONES | G10: =2506*1.19 -> 2982.14 | H10: ZOOM | I10: =2500*1.19 -> 2975 | J10: SENI | M10: =+COUNT(E10,G10,I10) -> 3 | N10: =+MEDIAN(E10,G10,I10) -> 2975 | O10: =+STDEVA(I10,G10,E10) -> 375.83157 | P10: =+O10/N10 -> 0.12632994 | Q10: =+AVERAGE(E10,G10,I10) -> 2761.5933 | R10: =+_xlfn.CEILING.MATH(Q10,50,FALSE) -> 2800 | S10: 100 | T10: =+R10*S10 -> 280000 | W10: 2700 | X10: =+ROUND(W10,0) -> 2700 | Y10: =+X10*$S10 -> 270000 | Z10: =+IF(OR(X10>$R10,X10=0,Y10>$T10),"RECHAZADO","ACEPTADA") -> ACEPTADA | AA10: 2800 | AB10: =+ROUND(AA10,0) -> 2800 | AC10: =+AB10*$S10 -> 280000 | AD10: =+IF(OR(AB10>$R10,AB10=0,AC10>$T10),"RECHAZADO","ACEPTADA") -> ACEPTADA | AE10: 2000 | AF10: =+ROUND(AE10,0) -> 2000 | AG10: =+AF10*$S10 -> 200000 | AH10: =+IF(OR(AF10>$R10,AF10=0,AG10>$T10),"RECHAZADO","ACEPTADA") -> ACEPTADA | AI10: 2661 | AJ10: =+ROUND(AI10,0) -> 2661 | AK10: =+AJ10*$S10 -> 266100 | AL10: =+IF(OR(AJ10>$R10,AJ10=0,AK10>$T10),"RECHAZADO","ACEPTADA") -> ACEPTADA | AM10: 2800 | AN10: =+ROUND(AM10,0) -> 2800 | AO10: =+AN10*$S10 -> 280000 | AP10: =+IF(OR(AN10>$R10,AN10=0,AO10>$T10),"RECHAZADO","ACEPTADA") -> ACEPTADA | AQ10: 2665 | AR10: =+ROUND(AQ10,0) -> 2665 | AS10: =+AR10*$S10 -> 266500 | AT10: =+IF(OR(AR10>$R10,AR10=0,AS10>$T10),"RECHAZADO","ACEPTADA") -> ACEPTADA | AU10: 2800 | AV10: =+ROUND(AU10,0) -> 2800 | AW10: =+AV10*$S10 -> 280000 | AX10: =+IF(OR(AV10>$R10,AV10=0,AW10>$T10),"RECHAZADO","ACEPTADA") -> ACEPTADA | AY10: 2718.4466 | AZ10: =+ROUND(AY10,0) -> 2718 | BA10: =+AZ10*$S10 -> 271800 | BB10: =+IF(OR(AZ10>$R10,AZ10=0,BA10>$T10),"RECHAZADO","ACEPTADA") -> ACEPTADA | BC10: 2800 | BD10: =+ROUND(BC10,0) -> 2800 | BE10: =+BD10*$S10 -> 280000 | BF10: =+IF(OR(BD10>$R10,BD10=0,BE10>$T10),"RECHAZADO","ACEPTADA") -> ACEPTADA | BG10: 2670 | BH10: =+ROUND(BG10,0) -> 2670 | BI10: =+BH10*$S10 -> 267000 | BJ10: =+IF(OR(BH10>$R10,BH10=0,BI10>$T10),"RECHAZADO","ACEPTADA") -> ACEPTADA | BK10: 2700 | BL10: =+ROUND(BK10,0) -> 2700 | BM10: =+BL10*$S10 -> 270000 | BN10: =+IF(OR(BL10>$R10,BL10=0,BM10>$T10),"RECHAZADO","ACEPTADA") -> ACEPTADA | BO10: 2716 | BP10: =+ROUND(BO10,0) -> 2716 | BQ10: =+BP10*$S10 -> 271600 | BR10: =+IF(OR(BP10>$R10,BP10=0,BQ10>$T10),"RECHAZADO","ACEPTADA") -> ACEPTADA | BS10: 2761.5933 | BT10: =+ROUND(BS10,0) -> 2762 | BU10: =+BT10*$S10 -> 276200 | BV10: =+IF(OR(BT10>$R10,BT10=0,BU10>$T10),"RECHAZADO","ACEPTADA") -> ACEPTADA
A11: 5 | B11: Planeador mensual | C11: Planeador-Agenda: Con Pastas en madera MDF impresa de alta calidad. Hojas de Papel de caña de azúcar o papel reciclable Tamaño de la hoja approximado: 9.3 cm x 21.6 cm Dimensiones aproximadas: 22 cm x 11 cm x 2.5 c Con separa de hojas que tengan informaciòn sobre el proyecto. | D11: UNIDAD | E11: =23000*1.19 -> 27370 | F11: ZOOM | G11: =15000*1.19 -> 17850 | H11: SENI | M11: =+COUNT(E11,G11,I11) -> 2 | N11: =+MEDIAN(E11,G11) -> 22610 | O11: =+STDEVA(I11,G11,E11) -> 6731.6566 | P11: =+O11/N11 -> 0.29772917 | Q11: =+AVERAGE(E11,G11,I11) -> 22610 | R11: =+_xlfn.CEILING.MATH(Q11,50,FALSE) -> 22650 | S11: 100 | T11: =+R11*S11 -> 2265000 | W11: 22000 | X11: =+ROUND(W11,0) -> 22000 | Y11: =+X11*$S11 -> 2200000 | Z11: =+IF(OR(X11>$R11,X11=0,Y11>$T11),"RECHAZADO","ACEPTADA") -> ACEPTADA | AA11: 22650 | AB11: =+ROUND(AA11,0) -> 22650 | AC11: =+AB11*$S11 -> 2265000 | AD11: =+IF(OR(AB11>$R11,AB11=0,AC11>$T11),"RECHAZADO","ACEPTADA") -> ACEPTADA | AE11: 20000 | AF11: =+ROUND(AE11,0) -> 20000 | AG11: =+AF11*$S11 -> 2000000 | AH11: =+IF(OR(AF11>$R11,AF11=0,AG11>$T11),"RECHAZADO","ACEPTADA") -> ACEPTADA | AI11: 21528 | AJ11: =+ROUND(AI11,0) -> 21528 | AK11: =+AJ11*$S11 -> 2152800 | AL11: =+IF(OR(AJ11>$R11,AJ11=0,AK11>$T11),"RECHAZADO","ACEPTADA") -> ACEPTADA | AM11: 22197 | AN11: =+ROUND(AM11,0) -> 22197 | AO11: =+AN11*$S11 -> 2219700 | AP11: =+IF(OR(AN11>$R11,AN11=0,AO11>$T11),"RECHAZADO","ACEPTADA") -> ACEPTADA | AQ11: 21000 | AR11: =+ROUND(AQ11,0) -> 21000 | AS11: =+AR11*$S11 -> 2100000 | AT11: =+IF(OR(AR11>$R11,AR11=0,AS11>$T11),"RECHAZADO","ACEPTADA") -> ACEPTADA | AU11: 22650 | AV11: =+ROUND(AU11,0) -> 22650 | AW11: =+AV11*$S11 -> 2265000 | AX11: =+IF(OR(AV11>$R11,AV11=0,AW11>$T11),"RECHAZADO","ACEPTADA") -> ACEPTADA | AY11: 21990.291 | AZ11: =+ROUND(AY11,0) -> 21990 | BA11: =+AZ11*$S11 -> 2199000 | BB11: =+IF(OR(AZ11>$R11,AZ11=0,BA11>$T11),"RECHAZADO","ACEPTADA") -> ACEPTADA | BC11: 22650 | BD11: =+ROUND(BC11,0) -> 22650 | BE11: =+BD11*$S11 -> 2265000 | BF11: =+IF(OR(BD11>$R11,BD11=0,BE11>$T11),"RECHAZADO","ACEPTADA") -> ACEPTADA | BG11: 21615 | BH11: =+ROUND(BG11,0) -> 21615 | BI11: =+BH11*$S11 -> 2161500 | BJ11: =+IF(OR(BH11>$R11,BH11=0,BI11>$T11),"RECHAZADO","ACEPTADA") -> ACEPTADA | BK11: 22000 | BL11: =+ROUND(BK11,0) -> 22000 | BM11: =+BL11*$S11 -> 2200000 | BN11: =+IF(OR(BL11>$R11,BL11=0,BM11>$T11),"RECHAZADO","ACEPTADA") -> ACEPTADA | BO11: 21971 | BP11: =+ROUND(BO11,0) -> 21971 | BQ11: =+BP11*$S11 -> 2197100 | BR11: =+IF(OR(BP11>$R11,BP11=0,BQ11>$T11),"RECHAZADO","ACEPTADA") -> ACEPTADA | BS11: 20610 | BT11: =+ROUND(BS11,0) -> 20610 | BU11: =+BT11*$S11 -> 2061000 | BV11: =+IF(OR(BT11>$R11,BT11=0,BU11>$T11),"RECHAZADO","ACEPTADA") -> ACEPTADA
A12: 6 | B12: BOLSA EN TELA RESISTENTE | C12: Bolsa en tela impermeable o antifluido sublimada de tamaño de 40cm x 35 cm, con logos de la Alcaldía y del colectivo | D12: UNIDAD | E12: =4200*1.19 -> 4998 | F12: ZOOM | G12: =3500*1.19 -> 4165 | H12: SENI | I12: 4760 | J12: NEOBRAND | M12: =+COUNT(E12,G12,I12) -> 3 | N12: =+MEDIAN(E12,G12,I12) -> 4760 | O12: =+STDEVA(I12,G12,E12) -> 429.0606 | P12: =+O12/N12 -> 0.090138782 | Q12: =+AVERAGE(E12,G12,I12) -> 4641 | R12: =+_xlfn.CEILING.MATH(Q12,50,FALSE) -> 4650 | S12: 100 | T12: =+R12*S12 -> 465000 | W12: 4600 | X12: =+ROUND(W12,0) -> 4600 | Y12: =+X12*$S12 -> 460000 | Z12: =+IF(OR(X12>$R12,X12=0,Y12>$T12),"RECHAZADO","ACEPTADA") -> ACEPTADA | AA12: 4650 | AB12: =+ROUND(AA12,0) -> 4650 | AC12: =+AB12*$S12 -> 465000 | AD12: =+IF(OR(AB12>$R12,AB12=0,AC12>$T12),"RECHAZADO","ACEPTADA") -> ACEPTADA | AE12: 4000 | AF12: =+ROUND(AE12,0) -> 4000 | AG12: =+AF12*$S12 -> 400000 | AH12: =+IF(OR(AF12>$R12,AF12=0,AG12>$T12),"RECHAZADO","ACEPTADA") -> ACEPTADA | AI12: 4420 | AJ12: =+ROUND(AI12,0) -> 4420 | AK12: =+AJ12*$S12 -> 442000 | AL12: =+IF(OR(AJ12>$R12,AJ12=0,AK12>$T12),"RECHAZADO","ACEPTADA") -> ACEPTADA | AM12: 4650 | AN12: =+ROUND(AM12,0) -> 4650 | AO12: =+AN12*$S12 -> 465000 | AP12: =+IF(OR(AN12>$R12,AN12=0,AO12>$T12),"RECHAZADO","ACEPTADA") -> ACEPTADA | AQ12: 4400 | AR12: =+ROUND(AQ12,0) -> 4400 | AS12: =+AR12*$S12 -> 440000 | AT12: =+IF(OR(AR12>$R12,AR12=0,AS12>$T12),"RECHAZADO","ACEPTADA") -> ACEPTADA | AU12: 4650 | AV12: =+ROUND(AU12,0) -> 4650 | AW12: =+AV12*$S12 -> 465000 | AX12: =+IF(OR(AV12>$R12,AV12=0,AW12>$T12),"RECHAZADO","ACEPTADA") -> ACEPTADA | AY12: 4650 | AZ12: =+ROUND(AY12,0) -> 4650 | BA12: =+AZ12*$S12 -> 465000 | BB12: =+IF(OR(AZ12>$R12,AZ12=0,BA12>$T12),"RECHAZADO","ACEPTADA") -> ACEPTADA | BC12: 4650 | BD12: =+ROUND(BC12,0) -> 4650 | BE12: =+BD12*$S12 -> 465000 | BF12: =+IF(OR(BD12>$R12,BD12=0,BE12>$T12),"RECHAZADO","ACEPTADA") -> ACEPTADA | BG12: 4435 | BH12: =+ROUND(BG12,0) -> 4435 | BI12: =+BH12*$S12 -> 443500 | BJ12: =+IF(OR(BH12>$R12,BH12=0,BI12>$T12),"RECHAZADO","ACEPTADA") -> ACEPTADA | BK12: 4500 | BL12: =+ROUND(BK12,0) -> 4500 | BM12: =+BL12*$S12 -> 450000 | BN12: =+IF(OR(BL12>$R12,BL12=0,BM12>$T12),"RECHAZADO","ACEPTADA") -> ACEPTADA | BO12: 4511 | BP12: =+ROUND(BO12,0) -> 4511 | BQ12: =+BP12*$S12 -> 451100 | BR12: =+IF(OR(BP12>$R12,BP12=0,BQ12>$T12),"RECHAZADO","ACEPTADA") -> ACEPTADA | BS12: 4641 | BT12: =+ROUND(BS12,0) -> 4641 | BU12: =+BT12*$S12 -> 464100 | BV12: =+IF(OR(BT12>$R12,BT12=0,BU12>$T12),"RECHAZADO","ACEPTADA") -> ACEPTADA
A13: 7 | B13: Refrigerio tipo 2 | C13: Un sólido: Un pastel de pollo o un pastel gloria, jugo o avena en caja, fruta (manzana, pera, durazno, banano, mandarina, o ciruela) y dulce de chocolate Que cumpla con las normas de Bioseguridad - Empacado | D13: UNIDAD | E13: 10000 | F13: Eventos Castillo Imperial F.R. | G13: 12000 | H13: Hacienda el refugio | I13: 13000 | J13: EVENTOS Y LOGISTICA HADOSH | M13: =+COUNT(E13,G13,I13) -> 3 | N13: =+MEDIAN(E13,G13,I13) -> 12000 | O13: =+STDEVA(I13,G13,E13) -> 1527.5252 | P13: =+O13/N13 -> 0.12729377 | Q13: =+AVERAGE(E13,G13,I13) -> 11666.667 | R13: =+_xlfn.CEILING.MATH(Q13,50,FALSE) -> 11700 | S13: 100 | T13: =+R13*S13 -> 1170000 | W13: 11500 | X13: =+ROUND(W13,0) -> 11500 | Y13: =+X13*$S13 -> 1150000 | Z13: =+IF(OR(X13>$R13,X13=0,Y13>$T13),"RECHAZADO","ACEPTADA") -> ACEPTADA | AA13: 11700 | AB13: =+ROUND(AA13,0) -> 11700 | AC13: =+AB13*$S13 -> 1170000 | AD13: =+IF(OR(AB13>$R13,AB13=0,AC13>$T13),"RECHAZADO","ACEPTADA") -> ACEPTADA | AE13: 11000 | AF13: =+ROUND(AE13,0) -> 11000 | AG13: =+AF13*$S13 -> 1100000 | AH13: =+IF(OR(AF13>$R13,AF13=0,AG13>$T13),"RECHAZADO","ACEPTADA") -> ACEPTADA | AI13: 11120 | AJ13: =+ROUND(AI13,0) -> 11120 | AK13: =+AJ13*$S13 -> 1112000 | AL13: =+IF(OR(AJ13>$R13,AJ13=0,AK13>$T13),"RECHAZADO","ACEPTADA") -> ACEPTADA | AM13: 11115 | AN13: =+ROUND(AM13,0) -> 11115 | AO13: =+AN13*$S13 -> 1111500 | AP13: =+IF(OR(AN13>$R13,AN13=0,AO13>$T13),"RECHAZADO","ACEPTADA") -> ACEPTADA | AQ13: 11200 | AR13: =+ROUND(AQ13,0) -> 11200 | AS13: =+AR13*$S13 -> 1120000 | AT13: =+IF(OR(AR13>$R13,AR13=0,AS13>$T13),"RECHAZADO","ACEPTADA") -> ACEPTADA | AU13: 11000 | AV13: =+ROUND(AU13,0) -> 11000 | AW13: =+AV13*$S13 -> 1100000 | AX13: =+IF(OR(AV13>$R13,AV13=0,AW13>$T13),"RECHAZADO","ACEPTADA") -> ACEPTADA | AY13: 11359.223 | AZ13: =+ROUND(AY13,0) -> 11359 | BA13: =+AZ13*$S13 -> 1135900 | BB13: =+IF(OR(AZ13>$R13,AZ13=0,BA13>$T13),"RECHAZADO","ACEPTADA") -> ACEPTADA | BC13: 11700 | BD13: =+ROUND(BC13,0) -> 11700 | BE13: =+BD13*$S13 -> 1170000 | BF13: =+IF(OR(BD13>$R13,BD13=0,BE13>$T13),"RECHAZADO","ACEPTADA") -> ACEPTADA | BG13: 11200 | BH13: =+ROUND(BG13,0) -> 11200 | BI13: =+BH13*$S13 -> 1120000 | BJ13: =+IF(OR(BH13>$R13,BH13=0,BI13>$T13),"RECHAZADO","ACEPTADA") -> ACEPTADA | BK13: 11300 | BL13: =+ROUND(BK13,0) -> 11300 | BM13: =+BL13*$S13 -> 1130000 | BN13: =+IF(OR(BL13>$R13,BL13=0,BM13>$T13),"RECHAZADO","ACEPTADA") -> ACEPTADA | BO13: 11349 | BP13: =+ROUND(BO13,0) -> 11349 | BQ13: =+BP13*$S13 -> 1134900 | BR13: =+IF(OR(BP13>$R13,BP13=0,BQ13>$T13),"RECHAZADO","ACEPTADA") -> ACEPTADA | BS13: 11666.667 | BT13: =+ROUND(BS13,0) -> 11667 | BU13: =+BT13*$S13 -> 1166700 | BV13: =+IF(OR(BT13>$R13,BT13=0,BU13>$T13),"RECHAZADO","ACEPTADA") -> ACEPTADA
A14: Componente 1. Recurso humano
A15: 8 | B15: Coordinador | C15: Título Profesional en ciencias sociales, economía, administración pública, profesional en psicología o profesionales que pertenezcan al NBC equivalente según lo establecido por el SNIES. | D15: UNIDAD | Q15: 4773000 | R15: 4773000 | S15: 5 | T15: =+R15*S15 -> 23865000 | W15: 4773000 | X15: =+ROUND(W15,0) -> 4773000 | Y15: =+X15*$S15 -> 23865000 | Z15: =+EXACT($R15,X15) -> TRUE | AA15: 4773000 | AB15: =+ROUND(AA15,0) -> 4773000 | AC15: =+AB15*$S15 -> 23865000 | AD15: =+EXACT($R15,AB15) -> TRUE | AE15: 4773000 | AF15: =+ROUND(AE15,0) -> 4773000 | AG15: =+AF15*$S15 -> 23865000 | AH15: =+EXACT($R15,AF15) -> TRUE | AI15: 4773000 | AJ15: =+ROUND(AI15,0) -> 4773000 | AK15: =+AJ15*$S15 -> 23865000 | AL15: =+EXACT($R15,AJ15) -> TRUE | AM15: 4773000 | AN15: =+ROUND(AM15,0) -> 4773000 | AO15: =+AN15*$S15 -> 23865000 | AP15: =+EXACT($R15,AN15) -> TRUE | AQ15: 4773000 | AR15: =+ROUND(AQ15,0) -> 4773000 | AS15: =+AR15*$S15 -> 23865000 | AT15: =+EXACT($R15,AR15) -> TRUE | AU15: 4500000 | AV15: =+ROUND(AU15,0) -> 4500000 | AW15: =+AV15*$S15 -> 22500000 | AX15: =+EXACT($R15,AV15) -> FALSE | AY15: 4773000 | AZ15: =+ROUND(AY15,0) -> 4773000 | BA15: =+AZ15*$S15 -> 23865000 | BB15: =+EXACT($R15,AZ15) -> TRUE | BC15: 4773000 | BD15: =+ROUND(BC15,0) -> 4773000 | BE15: =+BD15*$S15 -> 23865000 | BF15: =+EXACT($R15,BD15) -> TRUE | BG15: 4773000 | BH15: =+ROUND(BG15,0) -> 4773000 | BI15: =+BH15*$S15 -> 23865000 | BJ15: =+EXACT($R15,BH15) -> TRUE | BK15: 4773000 | BL15: =+ROUND(BK15,0) -> 4773000 | BM15: =+BL15*$S15 -> 23865000 | BN15: =+EXACT($R15,BL15) -> TRUE | BO15: 4773000 | BP15: =+ROUND(BO15,0) -> 4773000 | BQ15: =+BP15*$S15 -> 23865000 | BR15: =+EXACT($R15,BP15) -> TRUE | BS15: 4773000 | BT15: =+ROUND(BS15,0) -> 4773000 | BU15: =+BT15*$S15 -> 23865000 | BV15: =+EXACT($R15,BT15) -> TRUE
A16: 9 | B16: Docente capacitador | C16: Profesional en ciencia sociales o humanas, ciencias políticas, sociología, antropología, administración pública, historia o profesionales de las áreas de ciencias sociales que pertenezcan al NBC y según lo establecido por el SNIES | D16: UNIDAD | Q16: 4773000 | R16: 4773000 | S16: 5 | T16: =+R16*S16 -> 23865000 | W16: 4773000 | X16: =+ROUND(W16,0) -> 4773000 | Y16: =+X16*$S16 -> 23865000 | Z16: =+EXACT($R16,X16) -> TRUE | AA16: 4773000 | AB16: =+ROUND(AA16,0) -> 4773000 | AC16: =+AB16*$S16 -> 23865000 | AD16: =+EXACT($R16,AB16) -> TRUE | AE16: 4773000 | AF16: =+ROUND(AE16,0) -> 4773000 | AG16: =+AF16*$S16 -> 23865000 | AH16: =+EXACT($R16,AF16) -> TRUE | AI16: 4773000 | AJ16: =+ROUND(AI16,0) -> 4773000 | AK16: =+AJ16*$S16 -> 23865000 | AL16: =+EXACT($R16,AJ16) -> TRUE | AM16: 4773000 | AN16: =+ROUND(AM16,0) -> 4773000 | AO16: =+AN16*$S16 -> 23865000 | AP16: =+EXACT($R16,AN16) -> TRUE | AQ16: 4773000 | AR16: =+ROUND(AQ16,0) -> 4773000 | AS16: =+AR16*$S16 -> 23865000 | AT16: =+EXACT($R16,AR16) -> TRUE | AU16: 4300000 | AV16: =+ROUND(AU16,0) -> 4300000 | AW16: =+AV16*$S16 -> 21500000 | AX16: =+EXACT($R16,AV16) -> FALSE | AY16: 4773000 | AZ16: =+ROUND(AY16,0) -> 4773000 | BA16: =+AZ16*$S16 -> 23865000 | BB16: =+EXACT($R16,AZ16) -> TRUE | BC16: 4773000 | BD16: =+ROUND(BC16,0) -> 4773000 | BE16: =+BD16*$S16 -> 23865000 | BF16: =+EXACT($R16,BD16) -> TRUE | BG16: 4773000 | BH16: =+ROUND(BG16,0) -> 4773000 | BI16: =+BH16*$S16 -> 23865000 | BJ16: =+EXACT($R16,BH16) -> TRUE | BK16: 4773000 | BL16: =+ROUND(BK16,0) -> 4773000 | BM16: =+BL16*$S16 -> 23865000 | BN16: =+EXACT($R16,BL16) -> TRUE | BO16: 4773000 | BP16: =+ROUND(BO16,0) -> 4773000 | BQ16: =+BP16*$S16 -> 23865000 | BR16: =+EXACT($R16,BP16) -> TRUE | BS16: 4773000 | BT16: =+ROUND(BS16,0) -> 4773000 | BU16: =+BT16*$S16 -> 23865000 | BV16: =+EXACT($R16,BT16) -> TRUE
A17: PUBLICIDAD
A18: 10 | B18: PAUTA PUBLICITARIA | C18: DISEÑO, GRABACION Y PUBLICACION DE UNA CUÑA RADIAL DE 30 SEGUNDOS, CON 20 EMISIONES A CONVENIR; EL GUION SERA REALIZADO POR EL AREA DE PRENSA DE ALCALDIA LOCAL | D18: UNIDAD | E18: 1360000 | F18: MI BOSA ESTEREO | G18: 1670000 | H18: EL CARMEN | M18: =+COUNT(E18,G18,I18) -> 2 | N18: =+MEDIAN(E18,G18,I18) -> 1515000 | O18: =+STDEVA(I18,G18,E18) -> 219203.1 | P18: =+O18/N18 -> 0.14468852 | Q18: =+AVERAGE(E18,G18,I18) -> 1515000 | R18: =+_xlfn.CEILING.MATH(Q18,50,FALSE) -> 1515000 | S18: 1 | T18: =+R18*S18 -> 1515000 | W18: 1500000 | X18: =+ROUND(W18,0) -> 1500000 | Y18: =+X18*$S18 -> 1500000 | Z18: =+IF(OR(X18>$R18,X18=0,Y18>$T18),"RECHAZADO","ACEPTADA") -> ACEPTADA | AA18: 1515000 | AB18: =+ROUND(AA18,0) -> 1515000 | AC18: =+AB18*$S18 -> 1515000 | AD18: =+IF(OR(AB18>$R18,AB18=0,AC18>$T18),"RECHAZADO","ACEPTADA") -> ACEPTADA | AE18: 1515000 | AF18: =+ROUND(AE18,0) -> 1515000 | AG18: =+AF18*$S18 -> 1515000 | AH18: =+IF(OR(AF18>$R18,AF18=0,AG18>$T18),"RECHAZADO","ACEPTADA") -> ACEPTADA | AI18: 1439927 | AJ18: =+ROUND(AI18,0) -> 1439927 | AK18: =+AJ18*$S18 -> 1439927 | AL18: =+IF(OR(AJ18>$R18,AJ18=0,AK18>$T18),"RECHAZADO","ACEPTADA") -> ACEPTADA | AM18: 1484700 | AN18: =+ROUND(AM18,0) -> 1484700 | AO18: =+AN18*$S18 -> 1484700 | AP18: =+IF(OR(AN18>$R18,AN18=0,AO18>$T18),"RECHAZADO","ACEPTADA") -> ACEPTADA | AQ18: 1460000 | AR18: =+ROUND(AQ18,0) -> 1460000 | AS18: =+AR18*$S18 -> 1460000 | AT18: =+IF(OR(AR18>$R18,AR18=0,AS18>$T18),"RECHAZADO","ACEPTADA") -> ACEPTADA | AU18: 1000000 | AV18: =+ROUND(AU18,0) -> 1000000 | AW18: =+AV18*$S18 -> 1000000 | AX18: =+IF(OR(AV18>$R18,AV18=0,AW18>$T18),"RECHAZADO","ACEPTADA") -> ACEPTADA | AY18: 1470873.8 | AZ18: =+ROUND(AY18,0) -> 1470874 | BA18: =+AZ18*$S18 -> 1470874 | BB18: =+IF(OR(AZ18>$R18,AZ18=0,BA18>$T18),"RECHAZADO","ACEPTADA") -> ACEPTADA | BC18: 1515000 | BD18: =+ROUND(BC18,0) -> 1515000 | BE18: =+BD18*$S18 -> 1515000 | BF18: =+IF(OR(BD18>$R18,BD18=0,BE18>$T18),"RECHAZADO","ACEPTADA") -> ACEPTADA | BG18: 1447000 | BH18: =+ROUND(BG18,0) -> 1447000 | BI18: =+BH18*$S18 -> 1447000 | BJ18: =+IF(OR(BH18>$R18,BH18=0,BI18>$T18),"RECHAZADO","ACEPTADA") -> ACEPTADA | BL18: =+ROUND(BK18,0) -> 0 | BM18: =+BL18*$S18 -> 0 | BN18: =+IF(OR(BL18>$R18,BL18=0,BM18>$T18),"RECHAZADO","ACEPTADA") -> RECHAZADO | BO18: 1469550 | BP18: =+ROUND(BO18,0) -> 1469550 | BQ18: =+BP18*$S18 -> 1469550 | BR18: =+IF(OR(BP18>$R18,BP18=0,BQ18>$T18),"RECHAZADO","ACEPTADA") -> ACEPTADA | BS18: 1414000 | BT18: =+ROUND(BS18,0) -> 1414000 | BU18: =+BT18*$S18 -> 1414000 | BV18: =+IF(OR(BT18>$R18,BT18=0,BU18>$T18),"RECHAZADO","ACEPTADA") -> ACEPTADA
A19: Componente 1. Presupuestos participativos - Proceso de formación para la participación ciudadana "Expedición agroecológica en tren por la Sabana de Bogotá"
A20: 11 | B20: PENDON VERTICAL TAMAÑO DE 90x1 40m | C20: Pendón vertical: impresión en Lona Banner policromía 13 onzas impreso a full color tamaño de 90x140m con estructura en araña (diseño estregado por el área de prensa de la Alcaldía Local) | D20: UNIDAD | E20: =130000*1.19 -> 154700 | F20: PROMOCIONALES BORDADOS Y DOTACIONES | G20: =130000*1.19 -> 154700 | H20: ZOOM | I20: =140000*1.19 -> 166600 | J20: SENI | M20: =+COUNT(E20,G20,I20) -> 3 | N20: =+MEDIAN(E20,G20,I20) -> 154700 | O20: =+STDEVA(I20,G20,E20) -> 6870.4682 | P20: =+O20/N20 -> 0.044411559 | Q20: =+AVERAGE(E20,G20,I20) -> 158666.67 | R20: =+_xlfn.CEILING.MATH(Q20,50,FALSE) -> 158700 | S20: 1 | T20: =+R20*S20 -> 158700 | W20: 158000 | X20: =+ROUND(W20,0) -> 158000 | Y20: =+X20*$S20 -> 158000 | Z20: =+IF(OR(X20>$R20,X20=0,Y20>$T20),"RECHAZADO","ACEPTADA") -> ACEPTADA | AA20: 158700 | AB20: =+ROUND(AA20,0) -> 158700 | AC20: =+AB20*$S20 -> 158700 | AD20: =+IF(OR(AB20>$R20,AB20=0,AC20>$T20),"RECHAZADO","ACEPTADA") -> ACEPTADA | AE20: 158666.67 | AF20: =+ROUND(AE20,0) -> 158667 | AG20: =+AF20*$S20 -> 158667 | AH20: =+IF(OR(AF20>$R20,AF20=0,AG20>$T20),"RECHAZADO","ACEPTADA") -> ACEPTADA | AI20: 150836 | AJ20: =+ROUND(AI20,0) -> 150836 | AK20: =+AJ20*$S20 -> 150836 | AL20: =+IF(OR(AJ20>$R20,AJ20=0,AK20>$T20),"RECHAZADO","ACEPTADA") -> ACEPTADA | AM20: 158700 | AN20: =+ROUND(AM20,0) -> 158700 | AO20: =+AN20*$S20 -> 158700 | AP20: =+IF(OR(AN20>$R20,AN20=0,AO20>$T20),"RECHAZADO","ACEPTADA") -> ACEPTADA | AQ20: 153000 | AR20: =+ROUND(AQ20,0) -> 153000 | AS20: =+AR20*$S20 -> 153000 | AT20: =+IF(OR(AR20>$R20,AR20=0,AS20>$T20),"RECHAZADO","ACEPTADA") -> ACEPTADA | AU20: 158700 | AV20: =+ROUND(AU20,0) -> 158700 | AW20: =+AV20*$S20 -> 158700 | AX20: =+IF(OR(AV20>$R20,AV20=0,AW20>$T20),"RECHAZADO","ACEPTADA") -> ACEPTADA | AY20: 154077.67 | AZ20: =+ROUND(AY20,0) -> 154078 | BA20: =+AZ20*$S20 -> 154078 | BB20: =+IF(OR(AZ20>$R20,AZ20=0,BA20>$T20),"RECHAZADO","ACEPTADA") -> ACEPTADA | BC20: 158700 | BD20: =+ROUND(BC20,0) -> 158700 | BE20: =+BD20*$S20 -> 158700 | BF20: =+IF(OR(BD20>$R20,BD20=0,BE20>$T20),"RECHAZADO","ACEPTADA") -> ACEPTADA | BG20: 152500 | BH20: =+ROUND(BG20,0) -> 152500 | BI20: =+BH20*$S20 -> 152500 | BJ20: =+IF(OR(BH20>$R20,BH20=0,BI20>$T20),"RECHAZADO","ACEPTADA") -> ACEPTADA | BK20: 153000 | BL20: =+ROUND(BK20,0) -> 153000 | BM20: =+BL20*$S20 -> 153000 | BN20: =+IF(OR(BL20>$R20,BL20=0,BM20>$T20),"RECHAZADO","ACEPTADA") -> ACEPTADA | BO20: 153939 | BP20: =+ROUND(BO20,0) -> 153939 | BQ20: =+BP20*$S20 -> 153939 | BR20: =+IF(OR(BP20>$R20,BP20=0,BQ20>$T20),"RECHAZADO","ACEPTADA") -> ACEPTADA | BS20: 154500 | BT20: =+ROUND(BS20,0) -> 154500 | BU20: =+BT20*$S20 -> 154500 | BV20: =+IF(OR(BT20>$R20,BT20=0,BU20>$T20),"RECHAZADO","ACEPTADA") -> ACEPTADA
A21: 12 | B21: Refrigerio tipo 2 | C21: Un sólido: Un pastel de pollo o un pastel gloria, jugo o avena en caja, fruta (manzana, pera, durazno, banano, mandarina, o ciruela) y dulce de chocolate Que cumpla con las normas de Bioseguridad - Empacado | D21: UNIDAD | E21: 10000 | F21: Eventos Castillo Imperial F.R. | G21: 12000 | H21: Hacienda el refugio | I21: 13000 | J21: EVENTOS Y LOGISTICA HADOSH | M21: =+COUNT(E21,G21,I21) -> 3 | N21: =+MEDIAN(E21,G21,I21) -> 12000 | O21: =+STDEVA(I21,G21,E21) -> 1527.5252 | P21: =+O21/N21 -> 0.12729377 | Q21: =+AVERAGE(E21,G21,I21) -> 11666.667 | R21: =+_xlfn.CEILING.MATH(Q21,50,FALSE) -> 11700 | S21: 840 | T21: =+R21*S21 -> 9828000 | W21: 11500 | X21: =+ROUND(W21,0) -> 11500 | Y21: =+X21*$S21 -> 9660000 | Z21: =+IF(OR(X21>$R21,X21=0,Y21>$T21),"RECHAZADO","ACEPTADA") -> ACEPTADA | AA21: 11700 | AB21: =+ROUND(AA21,0) -> 11700 | AC21: =+AB21*$S21 -> 9828000 | AD21: =+IF(OR(AB21>$R21,AB21=0,AC21>$T21),"RECHAZADO","ACEPTADA") -> ACEPTADA | AE21: 11000 | AF21: =+ROUND(AE21,0) -> 11000 | AG21: =+AF21*$S21 -> 9240000 | AH21: =+IF(OR(AF21>$R21,AF21=0,AG21>$T21),"RECHAZADO","ACEPTADA") -> ACEPTADA | AI21: 11120 | AJ21: =+ROUND(AI21,0) -> 11120 | AK21: =+AJ21*$S21 -> 9340800 | AL21: =+IF(OR(AJ21>$R21,AJ21=0,AK21>$T21),"RECHAZADO","ACEPTADA") -> ACEPTADA | AM21: 10530 | AN21: =+ROUND(AM21,0) -> 10530 | AO21: =+AN21*$S21 -> 8845200 | AP21: =+IF(OR(AN21>$R21,AN21=0,AO21>$T21),"RECHAZADO","ACEPTADA") -> ACEPTADA | AQ21: 11400 | AR21: =+ROUND(AQ21,0) -> 11400 | AS21: =+AR21*$S21 -> 9576000 | AT21: =+IF(OR(AR21>$R21,AR21=0,AS21>$T21),"RECHAZADO","ACEPTADA") -> ACEPTADA | AU21: 11000 | AV21: =+ROUND(AU21,0) -> 11000 | AW21: =+AV21*$S21 -> 9240000 | AX21: =+IF(OR(AV21>$R21,AV21=0,AW21>$T21),"RECHAZADO","ACEPTADA") -> ACEPTADA | AY21: 11359.223 | AZ21: =+ROUND(AY21,0) -> 11359 | BA21: =+AZ21*$S21 -> 9541560 | BB21: =+IF(OR(AZ21>$R21,AZ21=0,BA21>$T21),"RECHAZADO","ACEPTADA") -> ACEPTADA | BC21: 11700 | BD21: =+ROUND(BC21,0) -> 11700 | BE21: =+BD21*$S21 -> 9828000 | BF21: =+IF(OR(BD21>$R21,BD21=0,BE21>$T21),"RECHAZADO","ACEPTADA") -> ACEPTADA | BG21: 11165 | BH21: =+ROUND(BG21,0) -> 11165 | BI21: =+BH21*$S21 -> 9378600 | BJ21: =+IF(OR(BH21>$R21,BH21=0,BI21>$T21),"RECHAZADO","ACEPTADA") -> ACEPTADA | BK21: 11300 | BL21: =+ROUND(BK21,0) -> 11300 | BM21: =+BL21*$S21 -> 9492000 | BN21: =+IF(OR(BL21>$R21,BL21=0,BM21>$T21),"RECHAZADO","ACEPTADA") -> ACEPTADA | BO21: 11349 | BP21: =+ROUND(BO21,0) -> 11349 | BQ21: =+BP21*$S21 -> 9533160 | BR21: =+IF(OR(BP21>$R21,BP21=0,BQ21>$T21),"RECHAZADO","ACEPTADA") -> ACEPTADA | BS21: 12000 | BT21: =+ROUND(BS21,0) -> 12000 | BU21: =+BT21*$S21 -> 10080000 | BV21: =+IF(OR(BT21>$R21,BT21=0,BU21>$T21),"RECHAZADO","ACEPTADA") -> RECHAZADO
A22: 13 | B22: Diploma | C22: Certidficación: Diploma y/o certificado: entrega de diploma y/o certificados nivel básico en papel opalina de 240 gr, tintas 4x0, tamaño carta según diseño. | D22: UNIDAD | E22: =6500*1.19 -> 7735 | F22: PROMOCIONALES BORDADOS Y DOTACIONES | G22: =3000*1.19 -> 3570 | H22: ZOOM | I22: =5000*1.19 -> 5950 | J22: SENI | M22: =+COUNT(E22,G22,I22) -> 3 | N22: =+MEDIAN(E22,G22,I22) -> 5950 | O22: =+STDEVA(I22,G22,E22) -> 2089.5713 | P22: =+O22/N22 -> 0.35118846 | Q22: =+AVERAGE(E22,G22,I22) -> 5751.6667 | R22: =+_xlfn.CEILING.MATH(Q22,50,FALSE) -> 5800 | S22: 140 | T22: =+R22*S22 -> 812000 | W22: 5500 | X22: =+ROUND(W22,0) -> 5500 | Y22: =+X22*$S22 -> 770000 | Z22: =+IF(OR(X22>$R22,X22=0,Y22>$T22),"RECHAZADO","ACEPTADA") -> ACEPTADA | AA22: 5800 | AB22: =+ROUND(AA22,0) -> 5800 | AC22: =+AB22*$S22 -> 812000 | AD22: =+IF(OR(AB22>$R22,AB22=0,AC22>$T22),"RECHAZADO","ACEPTADA") -> ACEPTADA | AE22: 5000 | AF22: =+ROUND(AE22,0) -> 5000 | AG22: =+AF22*$S22 -> 700000 | AH22: =+IF(OR(AF22>$R22,AF22=0,AG22>$T22),"RECHAZADO","ACEPTADA") -> ACEPTADA | AI22: 5513 | AJ22: =+ROUND(AI22,0) -> 5513 | AK22: =+AJ22*$S22 -> 771820 | AL22: =+IF(OR(AJ22>$R22,AJ22=0,AK22>$T22),"RECHAZADO","ACEPTADA") -> ACEPTADA | AM22: 5800 | AN22: =+ROUND(AM22,0) -> 5800 | AO22: =+AN22*$S22 -> 812000 | AP22: =+IF(OR(AN22>$R22,AN22=0,AO22>$T22),"RECHAZADO","ACEPTADA") -> ACEPTADA | AQ22: 5500 | AR22: =+ROUND(AQ22,0) -> 5500 | AS22: =+AR22*$S22 -> 770000 | AT22: =+IF(OR(AR22>$R22,AR22=0,AS22>$T22),"RECHAZADO","ACEPTADA") -> ACEPTADA | AU22: 5800 | AV22: =+ROUND(AU22,0) -> 5800 | AW22: =+AV22*$S22 -> 812000 | AX22: =+IF(OR(AV22>$R22,AV22=0,AW22>$T22),"RECHAZADO","ACEPTADA") -> ACEPTADA | AY22: 5631.068 | AZ22: =+ROUND(AY22,0) -> 5631 | BA22: =+AZ22*$S22 -> 788340 | BB22: =+IF(OR(AZ22>$R22,AZ22=0,BA22>$T22),"RECHAZADO","ACEPTADA") -> ACEPTADA | BC22: 5800 | BD22: =+ROUND(BC22,0) -> 5800 | BE22: =+BD22*$S22 -> 812000 | BF22: =+IF(OR(BD22>$R22,BD22=0,BE22>$T22),"RECHAZADO","ACEPTADA") -> ACEPTADA | BG22: 5534 | BH22: =+ROUND(BG22,0) -> 5534 | BI22: =+BH22*$S22 -> 774760 | BJ22: =+IF(OR(BH22>$R22,BH22=0,BI22>$T22),"RECHAZADO","ACEPTADA") -> ACEPTADA | BK22: 5500 | BL22: =+ROUND(BK22,0) -> 5500 | BM22: =+BL22*$S22 -> 770000 | BN22: =+IF(OR(BL22>$R22,BL22=0,BM22>$T22),"RECHAZADO","ACEPTADA") -> ACEPTADA | BO22: 5626 | BP22: =+ROUND(BO22,0) -> 5626 | BQ22: =+BP22*$S22 -> 787640 | BR22: =+IF(OR(BP22>$R22,BP22=0,BQ22>$T22),"RECHAZADO","ACEPTADA") -> ACEPTADA | BS22: 5950 | BT22: =+ROUND(BS22,0) -> 5950 | BU22: =+BT22*$S22 -> 833000 | BV22: =+IF(OR(BT22>$R22,BT22=0,BU22>$T22),"RECHAZADO","ACEPTADA") -> RECHAZADO
A23: 14 | B23: Camiseta | C23: Camiseta en algodón con logos sublimados de la alcaldía y del colectivo | D23: UNIDAD | E23: =22000*1.19 -> 26180 | F23: PROMOCIONALES BORDADOS Y DOTACIONES | G23: =18000*1.19 -> 21420 | H23: ZOOM | I23: =28000*1.19 -> 33320 | J23: SENI | M23: =+COUNT(E23,G23,I23) -> 3 | N23: =+MEDIAN(E23,G23,I23) -> 26180 | O23: =+STDEVA(I23,G23,E23) -> 5989.5353 | P23: =+O23/N23 -> 0.22878286 | Q23: =+AVERAGE(E23,G23,I23) -> 26973.333 | R23: =+_xlfn.CEILING.MATH(Q23,50,FALSE) -> 27000 | S23: 140 | T23: =+R23*S23 -> 3780000 | W23: 26000 | X23: =+ROUND(W23,0) -> 26000 | Y23: =+X23*$S23 -> 3640000 | Z23: =+IF(OR(X23>$R23,X23=0,Y23>$T23),"RECHAZADO","ACEPTADA") -> ACEPTADA | AA23: 27000 | AB23: =+ROUND(AA23,0) -> 27000 | AC23: =+AB23*$S23 -> 3780000 | AD23: =+IF(OR(AB23>$R23,AB23=0,AC23>$T23),"RECHAZADO","ACEPTADA") -> ACEPTADA | AE23: 25000 | AF23: =+ROUND(AE23,0) -> 25000 | AG23: =+AF23*$S23 -> 3500000 | AH23: =+IF(OR(AF23>$R23,AF23=0,AG23>$T23),"RECHAZADO","ACEPTADA") -> ACEPTADA | AI23: 25662 | AJ23: =+ROUND(AI23,0) -> 25662 | AK23: =+AJ23*$S23 -> 3592680 | AL23: =+IF(OR(AJ23>$R23,AJ23=0,AK23>$T23),"RECHAZADO","ACEPTADA") -> ACEPTADA | AM23: 25650 | AN23: =+ROUND(AM23,0) -> 25650 | AO23: =+AN23*$S23 -> 3591000 | AP23: =+IF(OR(AN23>$R23,AN23=0,AO23>$T23),"RECHAZADO","ACEPTADA") -> ACEPTADA | AQ23: 26000 | AR23: =+ROUND(AQ23,0) -> 26000 | AS23: =+AR23*$S23 -> 3640000 | AT23: =+IF(OR(AR23>$R23,AR23=0,AS23>$T23),"RECHAZADO","ACEPTADA") -> ACEPTADA | AU23: 27000 | AV23: =+ROUND(AU23,0) -> 27000 | AW23: =+AV23*$S23 -> 3780000 | AX23: =+IF(OR(AV23>$R23,AV23=0,AW23>$T23),"RECHAZADO","ACEPTADA") -> ACEPTADA | AY23: 26213.592 | AZ23: =+ROUND(AY23,0) -> 26214 | BA23: =+AZ23*$S23 -> 3669960 | BB23: =+IF(OR(AZ23>$R23,AZ23=0,BA23>$T23),"RECHAZADO","ACEPTADA") -> ACEPTADA | BC23: 27000 | BD23: =+ROUND(BC23,0) -> 27000 | BE23: =+BD23*$S23 -> 3780000 | BF23: =+IF(OR(BD23>$R23,BD23=0,BE23>$T23),"RECHAZADO","ACEPTADA") -> ACEPTADA | BG23: 25766 | BH23: =+ROUND(BG23,0) -> 25766 | BI23: =+BH23*$S23 -> 3607240 | BJ23: =+IF(OR(BH23>$R23,BH23=0,BI23>$T23),"RECHAZADO","ACEPTADA") -> ACEPTADA | BK23: 25500 | BL23: =+ROUND(BK23,0) -> 25500 | BM23: =+BL23*$S23 -> 3570000 | BN23: =+IF(OR(BL23>$R23,BL23=0,BM23>$T23),"RECHAZADO","ACEPTADA") -> ACEPTADA | BO23: 26190 | BP23: =+ROUND(BO23,0) -> 26190 | BQ23: =+BP23*$S23 -> 3666600 | BR23: =+IF(OR(BP23>$R23,BP23=0,BQ23>$T23),"RECHAZADO","ACEPTADA") -> ACEPTADA | BS23: 26180 | BT23: =+ROUND(BS23,0) -> 26180 | BU23: =+BT23*$S23 -> 3665200 | BV23: =+IF(OR(BT23>$R23,BT23=0,BU23>$T23),"RECHAZADO","ACEPTADA") -> ACEPTADA
A24: 15 | B24: Cartulinas | C24: cartulinas en octavos x 10 un | D24: UNIDAD | E24: =3100*1.19 -> 3689 | F24: ALVAREZ RAMOS ARVEY | G24: 4500 | H24: LA GARZA | I24: 4990 | J24: ÉXITO | M24: =+COUNT(E24,G24,I24) -> 3 | N24: =+MEDIAN(E24,G24,I24) -> 4500 | O24: =+STDEVA(I24,G24,E24) -> 657.06697 | P24: =+O24/N24 -> 0.14601488 | Q24: =+AVERAGE(E24,G24,I24) -> 4393 | R24: =+_xlfn.CEILING.MATH(Q24,50,FALSE) -> 4400 | S24: 140 | T24: =+R24*S24 -> 616000 | W24: 4300 | X24: =+ROUND(W24,0) -> 4300 | Y24: =+X24*$S24 -> 602000 | Z24: =+IF(OR(X24>$R24,X24=0,Y24>$T24),"RECHAZADO","ACEPTADA") -> ACEPTADA | AA24: 4400 | AB24: =+ROUND(AA24,0) -> 4400 | AC24: =+AB24*$S24 -> 616000 | AD24: =+IF(OR(AB24>$R24,AB24=0,AC24>$T24),"RECHAZADO","ACEPTADA") -> ACEPTADA | AE24: 4000 | AF24: =+ROUND(AE24,0) -> 4000 | AG24: =+AF24*$S24 -> 560000 | AH24: =+IF(OR(AF24>$R24,AF24=0,AG24>$T24),"RECHAZADO","ACEPTADA") -> ACEPTADA | AI24: 4182 | AJ24: =+ROUND(AI24,0) -> 4182 | AK24: =+AJ24*$S24 -> 585480 | AL24: =+IF(OR(AJ24>$R24,AJ24=0,AK24>$T24),"RECHAZADO","ACEPTADA") -> ACEPTADA | AM24: 4400 | AN24: =+ROUND(AM24,0) -> 4400 | AO24: =+AN24*$S24 -> 616000 | AP24: =+IF(OR(AN24>$R24,AN24=0,AO24>$T24),"RECHAZADO","ACEPTADA") -> ACEPTADA | AQ24: 4300 | AR24: =+ROUND(AQ24,0) -> 4300 | AS24: =+AR24*$S24 -> 602000 | AT24: =+IF(OR(AR24>$R24,AR24=0,AS24>$T24),"RECHAZADO","ACEPTADA") -> ACEPTADA | AU24: 4400 | AV24: =+ROUND(AU24,0) -> 4400 | AW24: =+AV24*$S24 -> 616000 | AX24: =+IF(OR(AV24>$R24,AV24=0,AW24>$T24),"RECHAZADO","ACEPTADA") -> ACEPTADA | AY24: 4271.8447 | AZ24: =+ROUND(AY24,0) -> 4272 | BA24: =+AZ24*$S24 -> 598080 | BB24: =+IF(OR(AZ24>$R24,AZ24=0,BA24>$T24),"RECHAZADO","ACEPTADA") -> ACEPTADA | BC24: 4400 | BD24: =+ROUND(BC24,0) -> 4400 | BE24: =+BD24*$S24 -> 616000 | BF24: =+IF(OR(BD24>$R24,BD24=0,BE24>$T24),"RECHAZADO","ACEPTADA") -> ACEPTADA | BG24: 4198 | BH24: =+ROUND(BG24,0) -> 4198 | BI24: =+BH24*$S24 -> 587720 | BJ24: =+IF(OR(BH24>$R24,BH24=0,BI24>$T24),"RECHAZADO","ACEPTADA") -> ACEPTADA | BK24: 4250 | BL24: =+ROUND(BK24,0) -> 4250 | BM24: =+BL24*$S24 -> 595000 | BN24: =+IF(OR(BL24>$R24,BL24=0,BM24>$T24),"RECHAZADO","ACEPTADA") -> ACEPTADA | BO24: 4268 | BP24: =+ROUND(BO24,0) -> 4268 | BQ24: =+BP24*$S24 -> 597520 | BR24: =+IF(OR(BP24>$R24,BP24=0,BQ24>$T24),"RECHAZADO","ACEPTADA") -> ACEPTADA | BS24: 4500 | BT24: =+ROUND(BS24,0) -> 4500 | BU24: =+BT24*$S24 -> 630000 | BV24: =+IF(OR(BT24>$R24,BT24=0,BU24>$T24),"RECHAZADO","ACEPTADA") -> RECHAZADO
A25: 16 | B25: Caja de Marcadores x 10 | C25: Caja de marcadores de diferentes colores permanentes | D25: UNIDAD | E25: =13800*1.19 -> 16422 | F25: ALVAREZ RAMOS ARVEY | G25: 18600 | H25: papeleria editoria zapata | I25: =17000*1.19 -> 20230 | J25: DISTRIBUCIONES LUK S DU S.A.S | M25: =+COUNT(E25,G25,I25) -> 3 | N25: =+MEDIAN(E25,G25,I25) -> 18600 | O25: =+STDEVA(I25,G25,E25) -> 1910.5605 | P25: =+O25/N25 -> 0.10271831 | Q25: =+AVERAGE(E25,G25,I25) -> 18417.333 | R25: =+_xlfn.CEILING.MATH(Q25,50,FALSE) -> 18450 | S25: 140 | T25: =+R25*S25 -> 2583000 | W25: 17000 | X25: =+ROUND(W25,0) -> 17000 | Y25: =+X25*$S25 -> 2380000 | Z25: =+IF(OR(X25>$R25,X25=0,Y25>$T25),"RECHAZADO","ACEPTADA") -> ACEPTADA | AA25: 18450 | AB25: =+ROUND(AA25,0) -> 18450 | AC25: =+AB25*$S25 -> 2583000 | AD25: =+IF(OR(AB25>$R25,AB25=0,AC25>$T25),"RECHAZADO","ACEPTADA") -> ACEPTADA | AE25: 18000 | AF25: =+ROUND(AE25,0) -> 18000 | AG25: =+AF25*$S25 -> 2520000 | AH25: =+IF(OR(AF25>$R25,AF25=0,AG25>$T25),"RECHAZADO","ACEPTADA") -> ACEPTADA | AI25: 17536 | AJ25: =+ROUND(AI25,0) -> 17536 | AK25: =+AJ25*$S25 -> 2455040 | AL25: =+IF(OR(AJ25>$R25,AJ25=0,AK25>$T25),"RECHAZADO","ACEPTADA") -> ACEPTADA | AM25: 16605 | AN25: =+ROUND(AM25,0) -> 16605 | AO25: =+AN25*$S25 -> 2324700 | AP25: =+IF(OR(AN25>$R25,AN25=0,AO25>$T25),"RECHAZADO","ACEPTADA") -> ACEPTADA | AQ25: 17770 | AR25: =+ROUND(AQ25,0) -> 17770 | AS25: =+AR25*$S25 -> 2487800 | AT25: =+IF(OR(AR25>$R25,AR25=0,AS25>$T25),"RECHAZADO","ACEPTADA") -> ACEPTADA | AU25: 18450 | AV25: =+ROUND(AU25,0) -> 18450 | AW25: =+AV25*$S25 -> 2583000 | AX25: =+IF(OR(AV25>$R25,AV25=0,AW25>$T25),"RECHAZADO","ACEPTADA") -> ACEPTADA | AY25: 17912.621 | AZ25: =+ROUND(AY25,0) -> 17913 | BA25: =+AZ25*$S25 -> 2507820 | BB25: =+IF(OR(AZ25>$R25,AZ25=0,BA25>$T25),"RECHAZADO","ACEPTADA") -> ACEPTADA | BC25: 18450 | BD25: =+ROUND(BC25,0) -> 18450 | BE25: =+BD25*$S25 -> 2583000 | BF25: =+IF(OR(BD25>$R25,BD25=0,BE25>$T25),"RECHAZADO","ACEPTADA") -> ACEPTADA | BG25: 17606 | BH25: =+ROUND(BG25,0) -> 17606 | BI25: =+BH25*$S25 -> 2464840 | BJ25: =+IF(OR(BH25>$R25,BH25=0,BI25>$T25),"RECHAZADO","ACEPTADA") -> ACEPTADA | BK25: 18000 | BL25: =+ROUND(BK25,0) -> 18000 | BM25: =+BL25*$S25 -> 2520000 | BN25: =+IF(OR(BL25>$R25,BL25=0,BM25>$T25),"RECHAZADO","ACEPTADA") -> ACEPTADA | BO25: 17897 | BP25: =+ROUND(BO25,0) -> 17897 | BQ25: =+BP25*$S25 -> 2505580 | BR25: =+IF(OR(BP25>$R25,BP25=0,BQ25>$T25),"RECHAZADO","ACEPTADA") -> ACEPTADA | BS25: 18600 | BT25: =+ROUND(BS25,0) -> 18600 | BU25: =+BT25*$S25 -> 2604000 | BV25: =+IF(OR(BT25>$R25,BT25=0,BU25>$T25),"RECHAZADO","ACEPTADA") -> RECHAZADO
A26: 17 | B26: Caja de colores x 12 | C26: 12 lápices de color, punta más gruesa de 4 mm, lápices de cuerpo redondo, colores variados | D26: UNIDAD | E26: 11900 | F26: INVERSIONES ZB | G26: 12900 | H26: EXITO | I26: 11900 | J26: MARIN PAPELERIA | M26: =+COUNT(E26,G26,I26) -> 3 | N26: =+MEDIAN(E26,G26,I26) -> 11900 | O26: =+STDEVA(I26,G26,E26) -> 577.35027 | P26: =+O26/N26 -> 0.048516829 | Q26: =+AVERAGE(E26,G26,I26) -> 12233.333 | R26: =+_xlfn.CEILING.MATH(Q26,50,FALSE) -> 12250 | S26: 140 | T26: =+R26*S26 -> 1715000 | W26: 11000 | X26: =+ROUND(W26,0) -> 11000 | Y26: =+X26*$S26 -> 1540000 | Z26: =+IF(OR(X26>$R26,X26=0,Y26>$T26),"RECHAZADO","ACEPTADA") -> ACEPTADA | AA26: 12250 | AB26: =+ROUND(AA26,0) -> 12250 | AC26: =+AB26*$S26 -> 1715000 | AD26: =+IF(OR(AB26>$R26,AB26=0,AC26>$T26),"RECHAZADO","ACEPTADA") -> ACEPTADA | AE26: 12000 | AF26: =+ROUND(AE26,0) -> 12000 | AG26: =+AF26*$S26 -> 1680000 | AH26: =+IF(OR(AF26>$R26,AF26=0,AG26>$T26),"RECHAZADO","ACEPTADA") -> ACEPTADA | AI26: 11643 | AJ26: =+ROUND(AI26,0) -> 11643 | AK26: =+AJ26*$S26 -> 1630020 | AL26: =+IF(OR(AJ26>$R26,AJ26=0,AK26>$T26),"RECHAZADO","ACEPTADA") -> ACEPTADA | AM26: 12005 | AN26: =+ROUND(AM26,0) -> 12005 | AO26: =+AN26*$S26 -> 1680700 | AP26: =+IF(OR(AN26>$R26,AN26=0,AO26>$T26),"RECHAZADO","ACEPTADA") -> ACEPTADA | AQ26: 11800 | AR26: =+ROUND(AQ26,0) -> 11800 | AS26: =+AR26*$S26 -> 1652000 | AT26: =+IF(OR(AR26>$R26,AR26=0,AS26>$T26),"RECHAZADO","ACEPTADA") -> ACEPTADA | AU26: 12250 | AV26: =+ROUND(AU26,0) -> 12250 | AW26: =+AV26*$S26 -> 1715000 | AX26: =+IF(OR(AV26>$R26,AV26=0,AW26>$T26),"RECHAZADO","ACEPTADA") -> ACEPTADA | AY26: 11893.204 | AZ26: =+ROUND(AY26,0) -> 11893 | BA26: =+AZ26*$S26 -> 1665020 | BB26: =+IF(OR(AZ26>$R26,AZ26=0,BA26>$T26),"RECHAZADO","ACEPTADA") -> ACEPTADA | BC26: 12250 | BD26: =+ROUND(BC26,0) -> 12250 | BE26: =+BD26*$S26 -> 1715000 | BF26: =+IF(OR(BD26>$R26,BD26=0,BE26>$T26),"RECHAZADO","ACEPTADA") -> ACEPTADA | BG26: 11690 | BH26: =+ROUND(BG26,0) -> 11690 | BI26: =+BH26*$S26 -> 1636600 | BJ26: =+IF(OR(BH26>$R26,BH26=0,BI26>$T26),"RECHAZADO","ACEPTADA") -> ACEPTADA | BK26: 12000 | BL26: =+ROUND(BK26,0) -> 12000 | BM26: =+BL26*$S26 -> 1680000 | BN26: =+IF(OR(BL26>$R26,BL26=0,BM26>$T26),"RECHAZADO","ACEPTADA") -> ACEPTADA | BO26: 11883 | BP26: =+ROUND(BO26,0) -> 11883 | BQ26: =+BP26*$S26 -> 1663620 | BR26: =+IF(OR(BP26>$R26,BP26=0,BQ26>$T26),"RECHAZADO","ACEPTADA") -> ACEPTADA | BS26: 11900 | BT26: =+ROUND(BS26,0) -> 11900 | BU26: =+BT26*$S26 -> 1666000 | BV26: =+IF(OR(BT26>$R26,BT26=0,BU26>$T26),"RECHAZADO","ACEPTADA") -> ACEPTADA
A27: Salida agroecológica por tren por la Sábana de Bogotá
A28: 18 | B28: Salida en tren de la sabana | C28: Pasaje por persona adulta en tren por la sabana, desde la estación de gran estación hasta zipaquirá ida y vuelta | D28: UNIDAD | E28: 70200 | F28: Turistren | M28: =+COUNT(E28,G28,I28) -> 1 | N28: =+MEDIAN(E28,G28,I28) -> 70200 | Q28: =+AVERAGE(E28,G28,I28) -> 70200 | R28: =+_xlfn.CEILING.MATH(Q28,50,FALSE) -> 70200 | S28: 160 | T28: =+R28*S28 -> 11232000 | W28: 69000 | X28: =+ROUND(W28,0) -> 69000 | Y28: =+X28*$S28 -> 11040000 | Z28: =+IF(OR(X28>$R28,X28=0,Y28>$T28),"RECHAZADO","ACEPTADA") -> ACEPTADA | AA28: 70200 | AB28: =+ROUND(AA28,0) -> 70200 | AC28: =+AB28*$S28 -> 11232000 | AD28: =+IF(OR(AB28>$R28,AB28=0,AC28>$T28),"RECHAZADO","ACEPTADA") -> ACEPTADA | AE28: 70200 | AF28: =+ROUND(AE28,0) -> 70200 | AG28: =+AF28*$S28 -> 11232000 | AH28: =+IF(OR(AF28>$R28,AF28=0,AG28>$T28),"RECHAZADO","ACEPTADA") -> ACEPTADA | AI28: 66721 | AJ28: =+ROUND(AI28,0) -> 66721 | AK28: =+AJ28*$S28 -> 10675360 | AL28: =+IF(OR(AJ28>$R28,AJ28=0,AK28>$T28),"RECHAZADO","ACEPTADA") -> ACEPTADA | AM28: 63180 | AN28: =+ROUND(AM28,0) -> 63180 | AO28: =+AN28*$S28 -> 10108800 | AP28: =+IF(OR(AN28>$R28,AN28=0,AO28>$T28),"RECHAZADO","ACEPTADA") -> ACEPTADA | AQ28: 70100 | AR28: =+ROUND(AQ28,0) -> 70100 | AS28: =+AR28*$S28 -> 11216000 | AT28: =+IF(OR(AR28>$R28,AR28=0,AS28>$T28),"RECHAZADO","ACEPTADA") -> ACEPTADA | AU28: 70200 | AV28: =+ROUND(AU28,0) -> 70200 | AW28: =+AV28*$S28 -> 11232000 | AX28: =+IF(OR(AV28>$R28,AV28=0,AW28>$T28),"RECHAZADO","ACEPTADA") -> ACEPTADA | AY28: 68155.34 | AZ28: =+ROUND(AY28,0) -> 68155 | BA28: =+AZ28*$S28 -> 10904800 | BB28: =+IF(OR(AZ28>$R28,AZ28=0,BA28>$T28),"RECHAZADO","ACEPTADA") -> ACEPTADA | BC28: 70200 | BD28: =+ROUND(BC28,0) -> 70200 | BE28: =+BD28*$S28 -> 11232000 | BF28: =+IF(OR(BD28>$R28,BD28=0,BE28>$T28),"RECHAZADO","ACEPTADA") -> ACEPTADA | BG28: 66720 | BH28: =+ROUND(BG28,0) -> 66720 | BI28: =+BH28*$S28 -> 10675200 | BJ28: =+IF(OR(BH28>$R28,BH28=0,BI28>$T28),"RECHAZADO","ACEPTADA") -> ACEPTADA | BK28: 68000 | BL28: =+ROUND(BK28,0) -> 68000 | BM28: =+BL28*$S28 -> 10880000 | BN28: =+IF(OR(BL28>$R28,BL28=0,BM28>$T28),"RECHAZADO","ACEPTADA") -> ACEPTADA | BO28: 68094 | BP28: =+ROUND(BO28,0) -> 68094 | BQ28: =+BP28*$S28 -> 10895040 | BR28: =+IF(OR(BP28>$R28,BP28=0,BQ28>$T28),"RECHAZADO","ACEPTADA") -> ACEPTADA | BS28: 70200 | BT28: =+ROUND(BS28,0) -> 70200 | BU28: =+BT28*$S28 -> 11232000 | BV28: =+IF(OR(BT28>$R28,BT28=0,BU28>$T28),"RECHAZADO","ACEPTADA") -> ACEPTADA
A29: 19 | B29: Desayunos en el tren tipo1 | C29: Tamal, pan y gaseosa | D29: UNIDAD | E29: 15000 | F29: EVENTOS Y LOGISTICA HADOSH | G29: 14000 | H29: Hacienda el refugio | I29: =15000*1.19 -> 17850 | J29: Turistren | M29: =+COUNT(E29,G29,I29) -> 3 | N29: =+MEDIAN(E29,G29,I29) -> 15000 | O29: =+STDEVA(I29,G29,E29) -> 1997.707 | P29: =+O29/N29 -> 0.13318047 | Q29: =+AVERAGE(E29,G29,I29) -> 15616.667 | R29: =+_xlfn.CEILING.MATH(Q29,50,FALSE) -> 15650 | S29: 160 | T29: =+R29*S29 -> 2504000 | W29: 15000 | X29: =+ROUND(W29,0) -> 15000 | Y29: =+X29*$S29 -> 2400000 | Z29: =+IF(OR(X29>$R29,X29=0,Y29>$T29),"RECHAZADO","ACEPTADA") -> ACEPTADA | AA29: 15650 | AB29: =+ROUND(AA29,0) -> 15650 | AC29: =+AB29*$S29 -> 2504000 | AD29: =+IF(OR(AB29>$R29,AB29=0,AC29>$T29),"RECHAZADO","ACEPTADA") -> ACEPTADA | AE29: 15000 | AF29: =+ROUND(AE29,0) -> 15000 | AG29: =+AF29*$S29 -> 2400000 | AH29: =+IF(OR(AF29>$R29,AF29=0,AG29>$T29),"RECHAZADO","ACEPTADA") -> ACEPTADA | AI29: 14874 | AJ29: =+ROUND(AI29,0) -> 14874 | AK29: =+AJ29*$S29 -> 2379840 | AL29: =+IF(OR(AJ29>$R29,AJ29=0,AK29>$T29),"RECHAZADO","ACEPTADA") -> ACEPTADA | AM29: 14085 | AN29: =+ROUND(AM29,0) -> 14085 | AO29: =+AN29*$S29 -> 2253600 | AP29: =+IF(OR(AN29>$R29,AN29=0,AO29>$T29),"RECHAZADO","ACEPTADA") -> ACEPTADA | AQ29: 15300 | AR29: =+ROUND(AQ29,0) -> 15300 | AS29: =+AR29*$S29 -> 2448000 | AT29: =+IF(OR(AR29>$R29,AR29=0,AS29>$T29),"RECHAZADO","ACEPTADA") -> ACEPTADA | AU29: 15650 | AV29: =+ROUND(AU29,0) -> 15650 | AW29: =+AV29*$S29 -> 2504000 | AX29: =+IF(OR(AV29>$R29,AV29=0,AW29>$T29),"RECHAZADO","ACEPTADA") -> ACEPTADA | AY29: 15194.175 | AZ29: =+ROUND(AY29,0) -> 15194 | BA29: =+AZ29*$S29 -> 2431040 | BB29: =+IF(OR(AZ29>$R29,AZ29=0,BA29>$T29),"RECHAZADO","ACEPTADA") -> ACEPTADA | BC29: 15650 | BD29: =+ROUND(BC29,0) -> 15650 | BE29: =+BD29*$S29 -> 2504000 | BF29: =+IF(OR(BD29>$R29,BD29=0,BE29>$T29),"RECHAZADO","ACEPTADA") -> ACEPTADA | BG29: 14394 | BH29: =+ROUND(BG29,0) -> 14394 | BI29: =+BH29*$S29 -> 2303040 | BJ29: =+IF(OR(BH29>$R29,BH29=0,BI29>$T29),"RECHAZADO","ACEPTADA") -> ACEPTADA | BK29: 15400 | BL29: =+ROUND(BK29,0) -> 15400 | BM29: =+BL29*$S29 -> 2464000 | BN29: =+IF(OR(BL29>$R29,BL29=0,BM29>$T29),"RECHAZADO","ACEPTADA") -> ACEPTADA | BO29: 15181 | BP29: =+ROUND(BO29,0) -> 15181 | BQ29: =+BP29*$S29 -> 2428960 | BR29: =+IF(OR(BP29>$R29,BP29=0,BQ29>$T29),"RECHAZADO","ACEPTADA") -> ACEPTADA | BS29: 15000 | BT29: =+ROUND(BS29,0) -> 15000 | BU29: =+BT29*$S29 -> 2400000 | BV29: =+IF(OR(BT29>$R29,BT29=0,BU29>$T29),"RECHAZADO","ACEPTADA") -> ACEPTADA
A30: 20 | B30: Almuerzos en zipaquirá tipo 1 | C30: Almuerzo típico de Zipaquirá, platos especiales parrillada: pechuga, chatas, costillas de cerdo, ensalda, jugo y postre | D30: UNIDAD | E30: 50000 | F30: EVENTOS Y LOGISTICA HADOSH | G30: 39000 | H30: Hacienda el refugio | I30: =45000*1.19 -> 53550 | J30: Turistren | M30: =+COUNT(E30,G30,I30) -> 3 | N30: =+MEDIAN(E30,G30,I30) -> 50000 | O30: =+STDEVA(I30,G30,E30) -> 7586.2266 | P30: =+O30/N30 -> 0.15172453 | Q30: =+AVERAGE(E30,G30,I30) -> 47516.667 | R30: =+_xlfn.CEILING.MATH(Q30,50,FALSE) -> 47550 | S30: 160 | T30: =+R30*S30 -> 7608000 | W30: 44000 | X30: =+ROUND(W30,0) -> 44000 | Y30: =+X30*$S30 -> 7040000 | Z30: =+IF(OR(X30>$R30,X30=0,Y30>$T30),"RECHAZADO","ACEPTADA") -> ACEPTADA | AA30: 47550 | AB30: =+ROUND(AA30,0) -> 47550 | AC30: =+AB30*$S30 -> 7608000 | AD30: =+IF(OR(AB30>$R30,AB30=0,AC30>$T30),"RECHAZADO","ACEPTADA") -> ACEPTADA | AE30: 46000 | AF30: =+ROUND(AE30,0) -> 46000 | AG30: =+AF30*$S30 -> 7360000 | AH30: =+IF(OR(AF30>$R30,AF30=0,AG30>$T30),"RECHAZADO","ACEPTADA") -> ACEPTADA | AI30: 45194 | AJ30: =+ROUND(AI30,0) -> 45194 | AK30: =+AJ30*$S30 -> 7231040 | AL30: =+IF(OR(AJ30>$R30,AJ30=0,AK30>$T30),"RECHAZADO","ACEPTADA") -> ACEPTADA | AM30: 43746 | AN30: =+ROUND(AM30,0) -> 43746 | AO30: =+AN30*$S30 -> 6999360 | AP30: =+IF(OR(AN30>$R30,AN30=0,AO30>$T30),"RECHAZADO","ACEPTADA") -> ACEPTADA | AQ30: 46500 | AR30: =+ROUND(AQ30,0) -> 46500 | AS30: =+AR30*$S30 -> 7440000 | AT30: =+IF(OR(AR30>$R30,AR30=0,AS30>$T30),"RECHAZADO","ACEPTADA") -> ACEPTADA | AU30: 45000 | AV30: =+ROUND(AU30,0) -> 45000 | AW30: =+AV30*$S30 -> 7200000 | AX30: =+IF(OR(AV30>$R30,AV30=0,AW30>$T30),"RECHAZADO","ACEPTADA") -> ACEPTADA | AY30: 46165.049 | AZ30: =+ROUND(AY30,0) -> 46165 | BA30: =+AZ30*$S30 -> 7386400 | BB30: =+IF(OR(AZ30>$R30,AZ30=0,BA30>$T30),"RECHAZADO","ACEPTADA") -> ACEPTADA | BC30: 47550 | BD30: =+ROUND(BC30,0) -> 47550 | BE30: =+BD30*$S30 -> 7608000 | BF30: =+IF(OR(BD30>$R30,BD30=0,BE30>$T30),"RECHAZADO","ACEPTADA") -> ACEPTADA | BG30: 45377 | BH30: =+ROUND(BG30,0) -> 45377 | BI30: =+BH30*$S30 -> 7260320 | BJ30: =+IF(OR(BH30>$R30,BH30=0,BI30>$T30),"RECHAZADO","ACEPTADA") -> ACEPTADA | BK30: 46000 | BL30: =+ROUND(BK30,0) -> 46000 | BM30: =+BL30*$S30 -> 7360000 | BN30: =+IF(OR(BL30>$R30,BL30=0,BM30>$T30),"RECHAZADO","ACEPTADA") -> ACEPTADA | BO30: 46124 | BP30: =+ROUND(BO30,0) -> 46124 | BQ30: =+BP30*$S30 -> 7379840 | BR30: =+IF(OR(BP30>$R30,BP30=0,BQ30>$T30),"RECHAZADO","ACEPTADA") -> ACEPTADA | BS30: 50000 | BT30: =+ROUND(BS30,0) -> 50000 | BU30: =+BT30*$S30 -> 8000000 | BV30: =+IF(OR(BT30>$R30,BT30=0,BU30>$T30),"RECHAZADO","ACEPTADA") -> RECHAZADO
A31: 21 | B31: Refrigerios en el tren tipo 1 | C31: Mantecada y jugo | D31: UNIDAD | E31: 10000 | F31: EVENTOS Y LOGISTICA HADOSH | G31: 7000 | H31: Hacienda el refugio | I31: =10000*1.19 -> 11900 | J31: Turistren | M31: =+COUNT(E31,G31,I31) -> 3 | N31: =+MEDIAN(E31,G31,I31) -> 10000 | O31: =+STDEVA(I31,G31,E31) -> 2470.4925 | P31: =+O31/N31 -> 0.24704925 | Q31: =+AVERAGE(E31,G31,I31) -> 9633.3333 | R31: =+_xlfn.CEILING.MATH(Q31,50,FALSE) -> 9650 | S31: 160 | T31: =+R31*S31 -> 1544000 | W31: 9500 | X31: =+ROUND(W31,0) -> 9500 | Y31: =+X31*$S31 -> 1520000 | Z31: =+IF(OR(X31>$R31,X31=0,Y31>$T31),"RECHAZADO","ACEPTADA") -> ACEPTADA | AA31: 9650 | AB31: =+ROUND(AA31,0) -> 9650 | AC31: =+AB31*$S31 -> 1544000 | AD31: =+IF(OR(AB31>$R31,AB31=0,AC31>$T31),"RECHAZADO","ACEPTADA") -> ACEPTADA | AE31: 9500 | AF31: =+ROUND(AE31,0) -> 9500 | AG31: =+AF31*$S31 -> 1520000 | AH31: =+IF(OR(AF31>$R31,AF31=0,AG31>$T31),"RECHAZADO","ACEPTADA") -> ACEPTADA | AI31: 9172 | AJ31: =+ROUND(AI31,0) -> 9172 | AK31: =+AJ31*$S31 -> 1467520 | AL31: =+IF(OR(AJ31>$R31,AJ31=0,AK31>$T31),"RECHAZADO","ACEPTADA") -> ACEPTADA | AM31: 9457 | AN31: =+ROUND(AM31,0) -> 9457 | AO31: =+AN31*$S31 -> 1513120 | AP31: =+IF(OR(AN31>$R31,AN31=0,AO31>$T31),"RECHAZADO","ACEPTADA") -> ACEPTADA | AQ31: 9400 | AR31: =+ROUND(AQ31,0) -> 9400 | AS31: =+AR31*$S31 -> 1504000 | AT31: =+IF(OR(AR31>$R31,AR31=0,AS31>$T31),"RECHAZADO","ACEPTADA") -> ACEPTADA | AU31: 9650 | AV31: =+ROUND(AU31,0) -> 9650 | AW31: =+AV31*$S31 -> 1544000 | AX31: =+IF(OR(AV31>$R31,AV31=0,AW31>$T31),"RECHAZADO","ACEPTADA") -> ACEPTADA | AY31: 9368.932 | AZ31: =+ROUND(AY31,0) -> 9369 | BA31: =+AZ31*$S31 -> 1499040 | BB31: =+IF(OR(AZ31>$R31,AZ31=0,BA31>$T31),"RECHAZADO","ACEPTADA") -> ACEPTADA | BC31: 9650 | BD31: =+ROUND(BC31,0) -> 9650 | BE31: =+BD31*$S31 -> 1544000 | BF31: =+IF(OR(BD31>$R31,BD31=0,BE31>$T31),"RECHAZADO","ACEPTADA") -> ACEPTADA | BG31: 9200 | BH31: =+ROUND(BG31,0) -> 9200 | BI31: =+BH31*$S31 -> 1472000 | BJ31: =+IF(OR(BH31>$R31,BH31=0,BI31>$T31),"RECHAZADO","ACEPTADA") -> ACEPTADA | BK31: 9500 | BL31: =+ROUND(BK31,0) -> 9500 | BM31: =+BL31*$S31 -> 1520000 | BN31: =+IF(OR(BL31>$R31,BL31=0,BM31>$T31),"RECHAZADO","ACEPTADA") -> ACEPTADA | BO31: 9361 | BP31: =+ROUND(BO31,0) -> 9361 | BQ31: =+BP31*$S31 -> 1497760 | BR31: =+IF(OR(BP31>$R31,BP31=0,BQ31>$T31),"RECHAZADO","ACEPTADA") -> ACEPTADA | BS31: 10000 | BT31: =+ROUND(BS31,0) -> 10000 | BU31: =+BT31*$S31 -> 1600000 | BV31: =+IF(OR(BT31>$R31,BT31=0,BU31>$T31),"RECHAZADO","ACEPTADA") -> RECHAZADO
A32: 22 | B32: TRANSPORTE DENTRO CIUDAD BOGOTA (BUS) de 20 a 25 km por recorrido | C32: Alquiler de un bus con capacidad de 40 pasajeros, capacidad de carga en bodega, en perfectas condiciones técnicas con documentación completamente al día Modelo Mínimo 2015 (SOAT, Revisión Técnico-Mecánica, Tarjeta de Propiedad, Copia de revisión de ultimo Mantenimiento) para transporte, punto de partida localidad de Tunjuelito con recorrido dentro de la ciudad de Bogotá, distrito Capital (Incluye ida y regreso al sitio de origen al finalizar el evento tanto de las personas como de sus productos) | D32: UNIDAD | E32: 600000 | F32: Eventos Castillo Imperial F.R. | G32: 680000 | H32: Hacienda el refugio | I32: 800000 | J32: EVENTOS Y LOGISTICA HADOSH | M32: 4 | N32: =+MEDIAN(E32,G32,I32) -> 680000 | O32: =+STDEVA(I32,G32,E32) -> 100664.46 | P32: =+O32/N32 -> 0.14803597 | Q32: =+AVERAGE(E32,G32,I32) -> 693333.33 | R32: =+_xlfn.CEILING.MATH(Q32,50,FALSE) -> 693350 | S32: 4 | T32: =+R32*S32 -> 2773400 | W32: 640000 | X32: =+ROUND(W32,0) -> 640000 | Y32: =+X32*$S32 -> 2560000 | Z32: =+IF(OR(X32>$R32,X32=0,Y32>$T32),"RECHAZADO","ACEPTADA") -> ACEPTADA | AA32: 693350 | AB32: =+ROUND(AA32,0) -> 693350 | AC32: =+AB32*$S32 -> 2773400 | AD32: =+IF(OR(AB32>$R32,AB32=0,AC32>$T32),"RECHAZADO","ACEPTADA") -> ACEPTADA | AE32: 693333.33 | AF32: =+ROUND(AE32,0) -> 693333 | AG32: =+AF32*$S32 -> 2773332 | AH32: =+IF(OR(AF32>$R32,AF32=0,AG32>$T32),"RECHAZADO","ACEPTADA") -> ACEPTADA | AI32: 658992 | AJ32: =+ROUND(AI32,0) -> 658992 | AK32: =+AJ32*$S32 -> 2635968 | AL32: =+IF(OR(AJ32>$R32,AJ32=0,AK32>$T32),"RECHAZADO","ACEPTADA") -> ACEPTADA | AM32: 686416.5 | AN32: =+ROUND(AM32,0) -> 686417 | AO32: =+AN32*$S32 -> 2745668 | AP32: =+IF(OR(AN32>$R32,AN32=0,AO32>$T32),"RECHAZADO","ACEPTADA") -> ACEPTADA | AQ32: 679000 | AR32: =+ROUND(AQ32,0) -> 679000 | AS32: =+AR32*$S32 -> 2716000 | AT32: =+IF(OR(AR32>$R32,AR32=0,AS32>$T32),"RECHAZADO","ACEPTADA") -> ACEPTADA | AU32: 693350 | AV32: =+ROUND(AU32,0) -> 693350 | AW32: =+AV32*$S32 -> 2773400 | AX32: =+IF(OR(AV32>$R32,AV32=0,AW32>$T32),"RECHAZADO","ACEPTADA") -> ACEPTADA | AY32: 673155.34 | AZ32: =+ROUND(AY32,0) -> 673155 | BA32: =+AZ32*$S32 -> 2692620 | BB32: =+IF(OR(AZ32>$R32,AZ32=0,BA32>$T32),"RECHAZADO","ACEPTADA") -> ACEPTADA | BC32: 693350 | BD32: =+ROUND(BC32,0) -> 693350 | BE32: =+BD32*$S32 -> 2773400 | BF32: =+IF(OR(BD32>$R32,BD32=0,BE32>$T32),"RECHAZADO","ACEPTADA") -> ACEPTADA | BG32: 671000 | BH32: =+ROUND(BG32,0) -> 671000 | BI32: =+BH32*$S32 -> 2684000 | BJ32: =+IF(OR(BH32>$R32,BH32=0,BI32>$T32),"RECHAZADO","ACEPTADA") -> ACEPTADA | BK32: 68000 | BL32: =+ROUND(BK32,0) -> 68000 | BM32: =+BL32*$S32 -> 272000 | BN32: =+IF(OR(BL32>$R32,BL32=0,BM32>$T32),"RECHAZADO","ACEPTADA") -> ACEPTADA | BO32: 672550 | BP32: =+ROUND(BO32,0) -> 672550 | BQ32: =+BP32*$S32 -> 2690200 | BR32: =+IF(OR(BP32>$R32,BP32=0,BQ32>$T32),"RECHAZADO","ACEPTADA") -> ACEPTADA | BS32: 680000 | BT32: =+ROUND(BS32,0) -> 680000 | BU32: =+BT32*$S32 -> 2720000 | BV32: =+IF(OR(BT32>$R32,BT32=0,BU32>$T32),"RECHAZADO","ACEPTADA") -> ACEPTADA
A33: 23 | B33: TRANSPORTE EN MUNICIPIOS A 100 KM DE DISTANCIA DE BOGOTA | C33: Transporte de la estacion de tren de Zipaquira hasta la mina de sal de Zipaquira ida y vuelta por persona 1.7 kilometros | D33: UNIDAD | E33: 14000 | F33: TURISTREN | G33: 14000 | H33: CASTILLO IMPERIAL | I33: 14000 | J33: HACIENDA EL REFUGIO | M33: 4 | N33: =+MEDIAN(E33,G33,I33) -> 14000 | O33: =+STDEVA(I33,G33,E33) -> 0 | P33: =+O33/N33 -> 0 | Q33: =+AVERAGE(E33,G33,I33) -> 14000 | R33: =+_xlfn.CEILING.MATH(Q33,50,FALSE) -> 14000 | S33: 160 | T33: =+R33*S33 -> 2240000 | W33: 13000 | X33: =+ROUND(W33,0) -> 13000 | Y33: =+X33*$S33 -> 2080000 | Z33: =+IF(OR(X33>$R33,X33=0,Y33>$T33),"RECHAZADO","ACEPTADA") -> ACEPTADA | AA33: 14000 | AB33: =+ROUND(AA33,0) -> 14000 | AC33: =+AB33*$S33 -> 2240000 | AD33: =+IF(OR(AB33>$R33,AB33=0,AC33>$T33),"RECHAZADO","ACEPTADA") -> ACEPTADA | AE33: 14000 | AF33: =+ROUND(AE33,0) -> 14000 | AG33: =+AF33*$S33 -> 2240000 | AH33: =+IF(OR(AF33>$R33,AF33=0,AG33>$T33),"RECHAZADO","ACEPTADA") -> ACEPTADA | AI33: 13306 | AJ33: =+ROUND(AI33,0) -> 13306 | AK33: =+AJ33*$S33 -> 2128960 | AL33: =+IF(OR(AJ33>$R33,AJ33=0,AK33>$T33),"RECHAZADO","ACEPTADA") -> ACEPTADA | AM33: 13860 | AN33: =+ROUND(AM33,0) -> 13860 | AO33: =+AN33*$S33 -> 2217600 | AP33: =+IF(OR(AN33>$R33,AN33=0,AO33>$T33),"RECHAZADO","ACEPTADA") -> ACEPTADA | AQ33: 13700 | AR33: =+ROUND(AQ33,0) -> 13700 | AS33: =+AR33*$S33 -> 2192000 | AT33: =+IF(OR(AR33>$R33,AR33=0,AS33>$T33),"RECHAZADO","ACEPTADA") -> ACEPTADA | AU33: 14000 | AV33: =+ROUND(AU33,0) -> 14000 | AW33: =+AV33*$S33 -> 2240000 | AX33: =+IF(OR(AV33>$R33,AV33=0,AW33>$T33),"RECHAZADO","ACEPTADA") -> ACEPTADA | AY33: 13592.233 | AZ33: =+ROUND(AY33,0) -> 13592 | BA33: =+AZ33*$S33 -> 2174720 | BB33: =+IF(OR(AZ33>$R33,AZ33=0,BA33>$T33),"RECHAZADO","ACEPTADA") -> ACEPTADA | BC33: 14000 | BD33: =+ROUND(BC33,0) -> 14000 | BE33: =+BD33*$S33 -> 2240000 | BF33: =+IF(OR(BD33>$R33,BD33=0,BE33>$T33),"RECHAZADO","ACEPTADA") -> ACEPTADA | BG33: 13360 | BH33: =+ROUND(BG33,0) -> 13360 | BI33: =+BH33*$S33 -> 2137600 | BJ33: =+IF(OR(BH33>$R33,BH33=0,BI33>$T33),"RECHAZADO","ACEPTADA") -> ACEPTADA | BK33: 13500 | BL33: =+ROUND(BK33,0) -> 13500 | BM33: =+BL33*$S33 -> 2160000 | BN33: =+IF(OR(BL33>$R33,BL33=0,BM33>$T33),"RECHAZADO","ACEPTADA") -> ACEPTADA | BO33: 13580 | BP33: =+ROUND(BO33,0) -> 13580 | BQ33: =+BP33*$S33 -> 2172800 | BR33: =+IF(OR(BP33>$R33,BP33=0,BQ33>$T33),"RECHAZADO","ACEPTADA") -> ACEPTADA | BS33: 14000 | BT33: =+ROUND(BS33,0) -> 14000 | BU33: =+BT33*$S33 -> 2240000 | BV33: =+IF(OR(BT33>$R33,BT33=0,BU33>$T33),"RECHAZADO","ACEPTADA") -> ACEPTADA
A34: 24 | B34: POLIZA DE ACCIDENTES | C34: "Póliza por un día (debe cubrir toda clase de accidentes) Póliza de Responsabilidad Civil Extracontractual para beneficiarios de cualquier proyecto (Niños, Niñas, Adultos, Adultos Mayores) a cargo del contratista y que los cubra de cualquier eventualidad que se presente por 1 día una Jornada | D34: UNIDAD | E34: 6500 | F34: sura | G34: 5000 | H34: seguros del estado | M34: =+COUNT(E34,G34,I34) -> 2 | N34: =+MEDIAN(E34,G34,I34) -> 5750 | O34: =+STDEVA(I34,G34,E34) -> 1060.6602 | P34: =+O34/N34 -> 0.18446264 | Q34: =+AVERAGE(E34,G34,I34) -> 5750 | R34: =+_xlfn.CEILING.MATH(Q34,50,FALSE) -> 5750 | S34: 160 | T34: =+R34*S34 -> 920000 | W34: 5500 | X34: =+ROUND(W34,0) -> 5500 | Y34: =+X34*$S34 -> 880000 | Z34: =+IF(OR(X34>$R34,X34=0,Y34>$T34),"RECHAZADO","ACEPTADA") -> ACEPTADA | AA34: 5750 | AB34: =+ROUND(AA34,0) -> 5750 | AC34: =+AB34*$S34 -> 920000 | AD34: =+IF(OR(AB34>$R34,AB34=0,AC34>$T34),"RECHAZADO","ACEPTADA") -> ACEPTADA | AE34: 5750 | AF34: =+ROUND(AE34,0) -> 5750 | AG34: =+AF34*$S34 -> 920000 | AH34: =+IF(OR(AF34>$R34,AF34=0,AG34>$T34),"RECHAZADO","ACEPTADA") -> ACEPTADA | AI34: 5465 | AJ34: =+ROUND(AI34,0) -> 5465 | AK34: =+AJ34*$S34 -> 874400 | AL34: =+IF(OR(AJ34>$R34,AJ34=0,AK34>$T34),"RECHAZADO","ACEPTADA") -> ACEPTADA | AM34: 5750 | AN34: =+ROUND(AM34,0) -> 5750 | AO34: =+AN34*$S34 -> 920000 | AP34: =+IF(OR(AN34>$R34,AN34=0,AO34>$T34),"RECHAZADO","ACEPTADA") -> ACEPTADA | AQ34: 5500 | AR34: =+ROUND(AQ34,0) -> 5500 | AS34: =+AR34*$S34 -> 880000 | AT34: =+IF(OR(AR34>$R34,AR34=0,AS34>$T34),"RECHAZADO","ACEPTADA") -> ACEPTADA | AU34: 5750 | AV34: =+ROUND(AU34,0) -> 5750 | AW34: =+AV34*$S34 -> 920000 | AX34: =+IF(OR(AV34>$R34,AV34=0,AW34>$T34),"RECHAZADO","ACEPTADA") -> ACEPTADA | AY34: 5582.5243 | AZ34: =+ROUND(AY34,0) -> 5583 | BA34: =+AZ34*$S34 -> 893280 | BB34: =+IF(OR(AZ34>$R34,AZ34=0,BA34>$T34),"RECHAZADO","ACEPTADA") -> ACEPTADA | BC34: 5750 | BD34: =+ROUND(BC34,0) -> 5750 | BE34: =+BD34*$S34 -> 920000 | BF34: =+IF(OR(BD34>$R34,BD34=0,BE34>$T34),"RECHAZADO","ACEPTADA") -> ACEPTADA | BG34: 5600 | BH34: =+ROUND(BG34,0) -> 5600 | BI34: =+BH34*$S34 -> 896000 | BJ34: =+IF(OR(BH34>$R34,BH34=0,BI34>$T34),"RECHAZADO","ACEPTADA") -> ACEPTADA | BK34: 5600 | BL34: =+ROUND(BK34,0) -> 5600 | BM34: =+BL34*$S34 -> 896000 | BN34: =+IF(OR(BL34>$R34,BL34=0,BM34>$T34),"RECHAZADO","ACEPTADA") -> ACEPTADA | BO34: 5578 | BP34: =+ROUND(BO34,0) -> 5578 | BQ34: =+BP34*$S34 -> 892480 | BR34: =+IF(OR(BP34>$R34,BP34=0,BQ34>$T34),"RECHAZADO","ACEPTADA") -> ACEPTADA | BS34: 5750 | BT34: =+ROUND(BS34,0) -> 5750 | BU34: =+BT34*$S34 -> 920000 | BV34: =+IF(OR(BT34>$R34,BT34=0,BU34>$T34),"RECHAZADO","ACEPTADA") -> ACEPTADA
A35: 25 | B35: Entrada a la catedral de Sal de Zipaquirá | C35: Incluye la entrada a la Catedral de sal d e Zipaquira y el trasnporte desde la parada del tren en Zipaquirá hasta la Catedral de sal d e Zipaquira y viceversa. | D35: UNIDAD | E35: 77000 | F35: catedral de sal de zipaquira | M35: =+COUNT(E35,G35,I35) -> 1 | N35: =+MEDIAN(E35,G35,I35) -> 77000 | Q35: =+AVERAGE(E35,G35,I35) -> 77000 | R35: =+_xlfn.CEILING.MATH(Q35,50,FALSE) -> 77000 | S35: 160 | T35: =+R35*S35 -> 12320000 | U35: =SUM(T6:T35) -> 129991100 | W35: 73000 | X35: =+ROUND(W35,0) -> 73000 | Y35: =+X35*$S35 -> 11680000 | Z35: =+IF(OR(X35>$R35,X35=0,Y35>$T35),"RECHAZADO","ACEPTADA") -> ACEPTADA | AA35: 77000 | AB35: =+ROUND(AA35,0) -> 77000 | AC35: =+AB35*$S35 -> 12320000 | AD35: =+IF(OR(AB35>$R35,AB35=0,AC35>$T35),"RECHAZADO","ACEPTADA") -> ACEPTADA | AE35: 77000 | AF35: =+ROUND(AE35,0) -> 77000 | AG35: =+AF35*$S35 -> 12320000 | AH35: =+IF(OR(AF35>$R35,AF35=0,AG35>$T35),"RECHAZADO","ACEPTADA") -> ACEPTADA | AI35: 73184 | AJ35: =+ROUND(AI35,0) -> 73184 | AK35: =+AJ35*$S35 -> 11709440 | AL35: =+IF(OR(AJ35>$R35,AJ35=0,AK35>$T35),"RECHAZADO","ACEPTADA") -> ACEPTADA | AM35: 75460 | AN35: =+ROUND(AM35,0) -> 75460 | AO35: =+AN35*$S35 -> 12073600 | AP35: =+IF(OR(AN35>$R35,AN35=0,AO35>$T35),"RECHAZADO","ACEPTADA") -> ACEPTADA | AQ35: 75400 | AR35: =+ROUND(AQ35,0) -> 75400 | AS35: =+AR35*$S35 -> 12064000 | AT35: =+IF(OR(AR35>$R35,AR35=0,AS35>$T35),"RECHAZADO","ACEPTADA") -> ACEPTADA | AU35: 77000 | AV35: =+ROUND(AU35,0) -> 77000 | AW35: =+AV35*$S35 -> 12320000 | AX35: =+IF(OR(AV35>$R35,AV35=0,AW35>$T35),"RECHAZADO","ACEPTADA") -> ACEPTADA | AY35: 74757.282 | AZ35: =+ROUND(AY35,0) -> 74757 | BA35: =+AZ35*$S35 -> 11961120 | BB35: =+IF(OR(AZ35>$R35,AZ35=0,BA35>$T35),"RECHAZADO","ACEPTADA") -> ACEPTADA | BC35: 77000 | BD35: =+ROUND(BC35,0) -> 77000 | BE35: =+BD35*$S35 -> 12320000 | BF35: =+IF(OR(BD35>$R35,BD35=0,BE35>$T35),"RECHAZADO","ACEPTADA") -> ACEPTADA | BG35: 77000 | BH35: =+ROUND(BG35,0) -> 77000 | BI35: =+BH35*$S35 -> 12320000 | BJ35: =+IF(OR(BH35>$R35,BH35=0,BI35>$T35),"RECHAZADO","ACEPTADA") -> ACEPTADA | BK35: 77000 | BL35: =+ROUND(BK35,0) -> 77000 | BM35: =+BL35*$S35 -> 12320000 | BN35: =+IF(OR(BL35>$R35,BL35=0,BM35>$T35),"RECHAZADO","ACEPTADA") -> ACEPTADA | BO35: 74690 | BP35: =+ROUND(BO35,0) -> 74690 | BQ35: =+BP35*$S35 -> 11950400 | BR35: =+IF(OR(BP35>$R35,BP35=0,BQ35>$T35),"RECHAZADO","ACEPTADA") -> ACEPTADA | BS35: 77000 | BT35: =+ROUND(BS35,0) -> 77000 | BU35: =+BT35*$S35 -> 12320000 | BV35: =+IF(OR(BT35>$R35,BT35=0,BU35>$T35),"RECHAZADO","ACEPTADA") -> ACEPTADA
A37: =+A35+1 -> 26 | B37: CHAQUETA ACOLCHADA LIGERA | C37: Chaqueta acolchada ligera, en material adidas antifluido impermeable, con forro malla pool al interior de la chaqueta, con dos bolsillos laterales, de color azul rey con capota con el logo del comite de Libertad Religioso y de la Alcaldía. (como es el logos, sublimadao o bordado, y acomodar logos de acuerdo con el manual de imagen) | D37: Unidad | E37: 20 | F37: 73637 | G37: NEO BRAND S.A.S | H37: =70000*1.19 -> 83300 | I37: PROMOCIONALES BORDADOS Y DOTACIONES | J37: =75000*1.19 -> 89250 | K37: ZOOM PUBLICIDAD | L37: =+COUNT(F37,H37,J37) -> 3 | M37: =+AVERAGE(F37,H37,J37) -> 82062.333 | N37: =+STDEVA(F37,H37,J37) -> 7879.7402 | O37: =+N37/M37 -> 0.096021401 | Q37: =+MEDIAN(J37,H37,F37) -> 83300 | R37: =+_xlfn.CEILING.MATH(M37,50,FALSE) -> 82100 | S37: 20 | T37: =+R37*S37 -> 1642000 | W37: 80000 | X37: =+ROUND(W37,0) -> 80000 | Y37: =+X37*$S37 -> 1600000 | Z37: =+IF(OR(X37>$R37,X37=0,Y37>$T37),"RECHAZADO","ACEPTADA") -> ACEPTADA | AA37: 82100 | AB37: =+ROUND(AA37,0) -> 82100 | AC37: =+AB37*$S37 -> 1642000 | AD37: =+IF(OR(AB37>$R37,AB37=0,AC37>$T37),"RECHAZADO","ACEPTADA") -> ACEPTADA | AE37: 82100 | AF37: =+ROUND(AE37,0) -> 82100 | AG37: =+AF37*$S37 -> 1642000 | AH37: =+IF(OR(AF37>$R37,AF37=0,AG37>$T37),"RECHAZADO","ACEPTADA") -> ACEPTADA | AI37: 78032 | AJ37: =+ROUND(AI37,0) -> 78032 | AK37: =+AJ37*$S37 -> 1560640 | AL37: =+IF(OR(AJ37>$R37,AJ37=0,AK37>$T37),"RECHAZADO","ACEPTADA") -> ACEPTADA | AM37: 80458 | AN37: =+ROUND(AM37,0) -> 80458 | AO37: =+AN37*$S37 -> 1609160 | AP37: =+IF(OR(AN37>$R37,AN37=0,AO37>$T37),"RECHAZADO","ACEPTADA") -> ACEPTADA | AQ37: 79000 | AR37: =+ROUND(AQ37,0) -> 79000 | AS37: =+AR37*$S37 -> 1580000 | AT37: =+IF(OR(AR37>$R37,AR37=0,AS37>$T37),"RECHAZADO","ACEPTADA") -> ACEPTADA | AU37: 80000 | AV37: =+ROUND(AU37,0) -> 80000 | AW37: =+AV37*$S37 -> 1600000 | AX37: =+IF(OR(AV37>$R37,AV37=0,AW37>$T37),"RECHAZADO","ACEPTADA") -> ACEPTADA | AY37: 79708.738 | AZ37: =+ROUND(AY37,0) -> 79709 | BA37: =+AZ37*$S37 -> 1594180 | BB37: =+IF(OR(AZ37>$R37,AZ37=0,BA37>$T37),"RECHAZADO","ACEPTADA") -> ACEPTADA | BC37: 78000 | BD37: =+ROUND(BC37,0) -> 78000 | BE37: =+BD37*$S37 -> 1560000 | BF37: =+IF(OR(BD37>$R37,BD37=0,BE37>$T37),"RECHAZADO","ACEPTADA") -> ACEPTADA | BG37: 77700 | BH37: =+ROUND(BG37,0) -> 77700 | BI37: =+BH37*$S37 -> 1554000 | BJ37: =+IF(OR(BH37>$R37,BH37=0,BI37>$T37),"RECHAZADO","ACEPTADA") -> ACEPTADA | BK37: 80000 | BL37: =+ROUND(BK37,0) -> 80000 | BM37: =+BL37*$S37 -> 1600000 | BN37: =+IF(OR(BL37>$R37,BL37=0,BM37>$T37),"RECHAZADO","ACEPTADA") -> ACEPTADA | BO37: 79637 | BP37: =+ROUND(BO37,0) -> 79637 | BQ37: =+BP37*$S37 -> 1592740 | BR37: =+IF(OR(BP37>$R37,BP37=0,BQ37>$T37),"RECHAZADO","ACEPTADA") -> ACEPTADA | BS37: 82062 | BT37: =+ROUND(BS37,0) -> 82062 | BU37: =+BT37*$S37 -> 1641240 | BV37: =+IF(OR(BT37>$R37,BT37=0,BU37>$T37),"RECHAZADO","ACEPTADA") -> ACEPTADA
A38: =+A37+1 -> 27 | B38: PENDON VERTICAL TAMAÑO DE 90x1 40m | C38: Pendón vertical: pendón enrrollable o pendón roll up Impresión: Impresión digital en plóter full color, Alta resolución Material: Base RollUp en aluminio + Banner 13 oz. (Tela PVC ). (diseño estregado por el área de prensa de la Alcaldía Local) | D38: UNIDAD | E38: 4 | F38: =130000*1.19 -> 154700 | G38: PROMOCIONALES BORDADOS Y DOTACIONES | H38: =130000*1.19 -> 154700 | I38: ZOOM | J38: =140000*1.19 -> 166600 | K38: SENI | L38: =+COUNT(F38,H38,J38) -> 3 | M38: =+AVERAGE(F38,H38,J38) -> 158666.67 | N38: =+STDEVA(F38,H38,J38) -> 6870.4682 | O38: =+N38/M38 -> 0.04330127 | Q38: =+MEDIAN(J38,H38,F38) -> 154700 | R38: =+_xlfn.CEILING.MATH(M38,50,FALSE) -> 158700 | S38: 4 | T38: =+R38*S38 -> 634800 | W38: 158000 | X38: =+ROUND(W38,0) -> 158000 | Y38: =+X38*$S38 -> 632000 | Z38: =+IF(OR(X38>$R38,X38=0,Y38>$T38),"RECHAZADO","ACEPTADA") -> ACEPTADA | AA38: 158700 | AB38: =+ROUND(AA38,0) -> 158700 | AC38: =+AB38*$S38 -> 634800 | AD38: =+IF(OR(AB38>$R38,AB38=0,AC38>$T38),"RECHAZADO","ACEPTADA") -> ACEPTADA | AE38: 150000 | AF38: =+ROUND(AE38,0) -> 150000 | AG38: =+AF38*$S38 -> 600000 | AH38: =+IF(OR(AF38>$R38,AF38=0,AG38>$T38),"RECHAZADO","ACEPTADA") -> ACEPTADA | AI38: 150836 | AJ38: =+ROUND(AI38,0) -> 150836 | AK38: =+AJ38*$S38 -> 603344 | AL38: =+IF(OR(AJ38>$R38,AJ38=0,AK38>$T38),"RECHAZADO","ACEPTADA") -> ACEPTADA | AM38: 158700 | AN38: =+ROUND(AM38,0) -> 158700 | AO38: =+AN38*$S38 -> 634800 | AP38: =+IF(OR(AN38>$R38,AN38=0,AO38>$T38),"RECHAZADO","ACEPTADA") -> ACEPTADA | AQ38: 154000 | AR38: =+ROUND(AQ38,0) -> 154000 | AS38: =+AR38*$S38 -> 616000 | AT38: =+IF(OR(AR38>$R38,AR38=0,AS38>$T38),"RECHAZADO","ACEPTADA") -> ACEPTADA | AU38: 158700 | AV38: =+ROUND(AU38,0) -> 158700 | AW38: =+AV38*$S38 -> 634800 | AX38: =+IF(OR(AV38>$R38,AV38=0,AW38>$T38),"RECHAZADO","ACEPTADA") -> ACEPTADA | AY38: 154077.67 | AZ38: =+ROUND(AY38,0) -> 154078 | BA38: =+AZ38*$S38 -> 616312 | BB38: =+IF(OR(AZ38>$R38,AZ38=0,BA38>$T38),"RECHAZADO","ACEPTADA") -> ACEPTADA | BC38: 158700 | BD38: =+ROUND(BC38,0) -> 158700 | BE38: =+BD38*$S38 -> 634800 | BF38: =+IF(OR(BD38>$R38,BD38=0,BE38>$T38),"RECHAZADO","ACEPTADA") -> ACEPTADA | BG38: 152000 | BH38: =+ROUND(BG38,0) -> 152000 | BI38: =+BH38*$S38 -> 608000 | BJ38: =+IF(OR(BH38>$R38,BH38=0,BI38>$T38),"RECHAZADO","ACEPTADA") -> ACEPTADA | BK38: 152000 | BL38: =+ROUND(BK38,0) -> 152000 | BM38: =+BL38*$S38 -> 608000 | BN38: =+IF(OR(BL38>$R38,BL38=0,BM38>$T38),"RECHAZADO","ACEPTADA") -> ACEPTADA | BO38: 153939 | BP38: =+ROUND(BO38,0) -> 153939 | BQ38: =+BP38*$S38 -> 615756 | BR38: =+IF(OR(BP38>$R38,BP38=0,BQ38>$T38),"RECHAZADO","ACEPTADA") -> ACEPTADA | BS38: 150666 | BT38: =+ROUND(BS38,0) -> 150666 | BU38: =+BT38*$S38 -> 602664 | BV38: =+IF(OR(BT38>$R38,BT38=0,BU38>$T38),"RECHAZADO","ACEPTADA") -> ACEPTADA
A39: =+A38+1 -> 28 | B39: Millar de FOLLETOS | C39: Folleto plegable a 3 cuerpos refilado, impresión a full color, material en propalcote esmaltado, plastificado, tamaño carta 21,59 x27,94 cm (por millar (mil unidades) Diseños pór parte de la oficina de prensa | D39: PAQUETE POR MIL | E39: 2 | F39: =350000*1.19 -> 416500 | G39: PROMOCIONALES BORDADOS Y DOTACIONES | H39: 630000 | I39: ZOOM PUBLICIDAD | J39: 666400 | K39: NEO BRAND S.A.S | L39: =+COUNT(F39,H39,J39) -> 3 | M39: =+AVERAGE(F39,H39,J39) -> 570966.67 | N39: =+STDEVA(F39,H39,J39) -> 135004.46 | O39: =+N39/M39 -> 0.23644893 | Q39: =+MEDIAN(J39,H39,F39) -> 630000 | R39: =+_xlfn.CEILING.MATH(M39,50,FALSE) -> 571000 | S39: 2 | T39: =+R39*S39 -> 1142000 | W39: 560000 | X39: =+ROUND(W39,0) -> 560000 | Y39: =+X39*$S39 -> 1120000 | Z39: =+IF(OR(X39>$R39,X39=0,Y39>$T39),"RECHAZADO","ACEPTADA") -> ACEPTADA | AA39: 571000 | AB39: =+ROUND(AA39,0) -> 571000 | AC39: =+AB39*$S39 -> 1142000 | AD39: =+IF(OR(AB39>$R39,AB39=0,AC39>$T39),"RECHAZADO","ACEPTADA") -> ACEPTADA | AE39: 571000 | AF39: =+ROUND(AE39,0) -> 571000 | AG39: =+AF39*$S39 -> 1142000 | AH39: =+IF(OR(AF39>$R39,AF39=0,AG39>$T39),"RECHAZADO","ACEPTADA") -> ACEPTADA | AI39: 542705 | AJ39: =+ROUND(AI39,0) -> 542705 | AK39: =+AJ39*$S39 -> 1085410 | AL39: =+IF(OR(AJ39>$R39,AJ39=0,AK39>$T39),"RECHAZADO","ACEPTADA") -> ACEPTADA | AM39: 571000 | AN39: =+ROUND(AM39,0) -> 571000 | AO39: =+AN39*$S39 -> 1142000 | AP39: =+IF(OR(AN39>$R39,AN39=0,AO39>$T39),"RECHAZADO","ACEPTADA") -> ACEPTADA | AQ39: 556000 | AR39: =+ROUND(AQ39,0) -> 556000 | AS39: =+AR39*$S39 -> 1112000 | AT39: =+IF(OR(AR39>$R39,AR39=0,AS39>$T39),"RECHAZADO","ACEPTADA") -> ACEPTADA | AU39: 571000 | AV39: =+ROUND(AU39,0) -> 571000 | AW39: =+AV39*$S39 -> 1142000 | AX39: =+IF(OR(AV39>$R39,AV39=0,AW39>$T39),"RECHAZADO","ACEPTADA") -> ACEPTADA | AY39: 554368.93 | AZ39: =+ROUND(AY39,0) -> 554369 | BA39: =+AZ39*$S39 -> 1108738 | BB39: =+IF(OR(AZ39>$R39,AZ39=0,BA39>$T39),"RECHAZADO","ACEPTADA") -> ACEPTADA | BC39: 571000 | BD39: =+ROUND(BC39,0) -> 571000 | BE39: =+BD39*$S39 -> 1142000 | BF39: =+IF(OR(BD39>$R39,BD39=0,BE39>$T39),"RECHAZADO","ACEPTADA") -> ACEPTADA | BG39: 545000 | BH39: =+ROUND(BG39,0) -> 545000 | BI39: =+BH39*$S39 -> 1090000 | BJ39: =+IF(OR(BH39>$R39,BH39=0,BI39>$T39),"RECHAZADO","ACEPTADA") -> ACEPTADA | BK39: 545000 | BL39: =+ROUND(BK39,0) -> 545000 | BM39: =+BL39*$S39 -> 1090000 | BN39: =+IF(OR(BL39>$R39,BL39=0,BM39>$T39),"RECHAZADO","ACEPTADA") -> ACEPTADA | BO39: 553870 | BP39: =+ROUND(BO39,0) -> 553870 | BQ39: =+BP39*$S39 -> 1107740 | BR39: =+IF(OR(BP39>$R39,BP39=0,BQ39>$T39),"RECHAZADO","ACEPTADA") -> ACEPTADA | BS39: 56966 | BT39: =+ROUND(BS39,0) -> 56966 | BU39: =+BT39*$S39 -> 113932 | BV39: =+IF(OR(BT39>$R39,BT39=0,BU39>$T39),"RECHAZADO","ACEPTADA") -> ACEPTADA
A40: =+A39+1 -> 29 | B40: MILLAR DE MARCALIBROS O SEPARADORES | C40: Marcalibro o separador de tamaño 8 cm x 2cm, impresión a full color, por dos caras, matertial en propalcote de 300gr | D40: PAQUETE POR MIL | E40: 1 | F40: =353728*1.19 -> 420936.32 | G40: NEO BRAND S.A.S | H40: =416500*1.19 -> 495635 | I40: PROMOCIONALES BORDADOS Y DOTACIONES | J40: =355000*1.19 -> 422450 | K40: ZOOM PUBLICIDAD | L40: =+COUNT(F40,H40,J40) -> 3 | M40: =+AVERAGE(F40,H40,J40) -> 446340.44 | N40: =+STDEVA(F40,H40,J40) -> 42697.05 | O40: =+N40/M40 -> 0.095660276 | Q40: =+MEDIAN(J40,H40,F40) -> 422450 | R40: =+_xlfn.CEILING.MATH(M40,50,FALSE) -> 446350 | S40: 1 | T40: =+R40*S40 -> 446350 | W40: 440000 | X40: =+ROUND(W40,0) -> 440000 | Y40: =+X40*$S40 -> 440000 | Z40: =+IF(OR(X40>$R40,X40=0,Y40>$T40),"RECHAZADO","ACEPTADA") -> ACEPTADA | AA40: 446350 | AB40: =+ROUND(AA40,0) -> 446350 | AC40: =+AB40*$S40 -> 446350 | AD40: =+IF(OR(AB40>$R40,AB40=0,AC40>$T40),"RECHAZADO","ACEPTADA") -> ACEPTADA | AE40: 446350 | AF40: =+ROUND(AE40,0) -> 446350 | AG40: =+AF40*$S40 -> 446350 | AH40: =+IF(OR(AF40>$R40,AF40=0,AG40>$T40),"RECHAZADO","ACEPTADA") -> ACEPTADA | AI40: 424232 | AJ40: =+ROUND(AI40,0) -> 424232 | AK40: =+AJ40*$S40 -> 424232 | AL40: =+IF(OR(AJ40>$R40,AJ40=0,AK40>$T40),"RECHAZADO","ACEPTADA") -> ACEPTADA | AM40: 446350 | AN40: =+ROUND(AM40,0) -> 446350 | AO40: =+AN40*$S40 -> 446350 | AP40: =+IF(OR(AN40>$R40,AN40=0,AO40>$T40),"RECHAZADO","ACEPTADA") -> ACEPTADA | AQ40: 434000 | AR40: =+ROUND(AQ40,0) -> 434000 | AS40: =+AR40*$S40 -> 434000 | AT40: =+IF(OR(AR40>$R40,AR40=0,AS40>$T40),"RECHAZADO","ACEPTADA") -> ACEPTADA | AU40: 446350 | AV40: =+ROUND(AU40,0) -> 446350 | AW40: =+AV40*$S40 -> 446350 | AX40: =+IF(OR(AV40>$R40,AV40=0,AW40>$T40),"RECHAZADO","ACEPTADA") -> ACEPTADA | AY40: 433349.51 | AZ40: =+ROUND(AY40,0) -> 433350 | BA40: =+AZ40*$S40 -> 433350 | BB40: =+IF(OR(AZ40>$R40,AZ40=0,BA40>$T40),"RECHAZADO","ACEPTADA") -> ACEPTADA | BC40: 446350 | BD40: =+ROUND(BC40,0) -> 446350 | BE40: =+BD40*$S40 -> 446350 | BF40: =+IF(OR(BD40>$R40,BD40=0,BE40>$T40),"RECHAZADO","ACEPTADA") -> ACEPTADA | BG40: 425951.8 | BH40: =+ROUND(BG40,0) -> 425952 | BI40: =+BH40*$S40 -> 425952 | BJ40: =+IF(OR(BH40>$R40,BH40=0,BI40>$T40),"RECHAZADO","ACEPTADA") -> ACEPTADA | BK40: 430000 | BL40: =+ROUND(BK40,0) -> 430000 | BM40: =+BL40*$S40 -> 430000 | BN40: =+IF(OR(BL40>$R40,BL40=0,BM40>$T40),"RECHAZADO","ACEPTADA") -> ACEPTADA | BO40: 432960 | BP40: =+ROUND(BO40,0) -> 432960 | BQ40: =+BP40*$S40 -> 432960 | BR40: =+IF(OR(BP40>$R40,BP40=0,BQ40>$T40),"RECHAZADO","ACEPTADA") -> ACEPTADA | BS40: 446340 | BT40: =+ROUND(BS40,0) -> 446340 | BU40: =+BT40*$S40 -> 446340 | BV40: =+IF(OR(BT40>$R40,BT40=0,BU40>$T40),"RECHAZADO","ACEPTADA") -> ACEPTADA
A41: =+A40+1 -> 30 | B41: MILLAR DE MARCALIBROS O SEPARADORES | C41: Marcalibro o separador de tamaño 5,5cm x 14,5cm, impresión a full color, por dos caras, matertial en propalcote de 300gr | D41: PAQUETE POR MIL | E41: 1 | F41: =620000*1.19 -> 737800 | G41: NEO BRAND S.A.S | H41: 773500 | I41: PROMOCIONALES BORDADOS Y DOTACIONES | J41: =630000*1.19 -> 749700 | K41: ZOOM PUBLICIDAD | L41: =+COUNT(F41,H41,J41) -> 3 | M41: =+AVERAGE(F41,H41,J41) -> 753666.67 | N41: =+STDEVA(F41,H41,J41) -> 18177.55 | O41: =+N41/M41 -> 0.024118819 | Q41: =+MEDIAN(J41,H41,F41) -> 749700 | R41: =+_xlfn.CEILING.MATH(M41,50,FALSE) -> 753700 | S41: 1 | T41: =+R41*S41 -> 753700 | W41: 750000 | X41: =+ROUND(W41,0) -> 750000 | Y41: =+X41*$S41 -> 750000 | Z41: =+IF(OR(X41>$R41,X41=0,Y41>$T41),"RECHAZADO","ACEPTADA") -> ACEPTADA | AA41: 753700 | AB41: =+ROUND(AA41,0) -> 753700 | AC41: =+AB41*$S41 -> 753700 | AD41: =+IF(OR(AB41>$R41,AB41=0,AC41>$T41),"RECHAZADO","ACEPTADA") -> ACEPTADA | AE41: 753700 | AF41: =+ROUND(AE41,0) -> 753700 | AG41: =+AF41*$S41 -> 753700 | AH41: =+IF(OR(AF41>$R41,AF41=0,AG41>$T41),"RECHAZADO","ACEPTADA") -> ACEPTADA | AI41: 716352 | AJ41: =+ROUND(AI41,0) -> 716352 | AK41: =+AJ41*$S41 -> 716352 | AL41: =+IF(OR(AJ41>$R41,AJ41=0,AK41>$T41),"RECHAZADO","ACEPTADA") -> ACEPTADA | AM41: 753700 | AN41: =+ROUND(AM41,0) -> 753700 | AO41: =+AN41*$S41 -> 753700 | AP41: =+IF(OR(AN41>$R41,AN41=0,AO41>$T41),"RECHAZADO","ACEPTADA") -> ACEPTADA | AQ41: 734000 | AR41: =+ROUND(AQ41,0) -> 734000 | AS41: =+AR41*$S41 -> 734000 | AT41: =+IF(OR(AR41>$R41,AR41=0,AS41>$T41),"RECHAZADO","ACEPTADA") -> ACEPTADA | AU41: 753700 | AV41: =+ROUND(AU41,0) -> 753700 | AW41: =+AV41*$S41 -> 753700 | AX41: =+IF(OR(AV41>$R41,AV41=0,AW41>$T41),"RECHAZADO","ACEPTADA") -> ACEPTADA | AY41: 731747.57 | AZ41: =+ROUND(AY41,0) -> 731748 | BA41: =+AZ41*$S41 -> 731748 | BB41: =+IF(OR(AZ41>$R41,AZ41=0,BA41>$T41),"RECHAZADO","ACEPTADA") -> ACEPTADA | BC41: 753700 | BD41: =+ROUND(BC41,0) -> 753700 | BE41: =+BD41*$S41 -> 753700 | BF41: =+IF(OR(BD41>$R41,BD41=0,BE41>$T41),"RECHAZADO","ACEPTADA") -> ACEPTADA | BG41: 719255.91 | BH41: =+ROUND(BG41,0) -> 719256 | BI41: =+BH41*$S41 -> 719256 | BJ41: =+IF(OR(BH41>$R41,BH41=0,BI41>$T41),"RECHAZADO","ACEPTADA") -> ACEPTADA | BK41: 725000 | BL41: =+ROUND(BK41,0) -> 725000 | BM41: =+BL41*$S41 -> 725000 | BN41: =+IF(OR(BL41>$R41,BL41=0,BM41>$T41),"RECHAZADO","ACEPTADA") -> ACEPTADA | BO41: 731089 | BP41: =+ROUND(BO41,0) -> 731089 | BQ41: =+BP41*$S41 -> 731089 | BR41: =+IF(OR(BP41>$R41,BP41=0,BQ41>$T41),"RECHAZADO","ACEPTADA") -> ACEPTADA | BS41: 6753666 | BT41: =+ROUND(BS41,0) -> 6753666 | BU41: =+BT41*$S41 -> 6753666 | BV41: =+IF(OR(BT41>$R41,BT41=0,BU41>$T41),"RECHAZADO","ACEPTADA") -> RECHAZADO
A42: =+A41+1 -> 31 | B42: AGENDA ARGOLLADA | C42: Agenda argollada de medidas 21cmx14cm, con las 3 primeras impresas con fotografías de la organización, losgos y una reseña de la política pública de libertad religiosa, pasta dura y de 100 hojas C/U (Reseña, generalizar) | D42: UNIDAD | E42: 300 | F42: 13628 | G42: NEO BRAND S.A.S | H42: 13685 | I42: PROMOCIONALES BORDADOS Y DOTACIONES | J42: =10000*1.19 -> 11900 | K42: ZOOM PUBLICIDAD | L42: =+COUNT(F42,H42,J42) -> 3 | M42: =+AVERAGE(F42,H42,J42) -> 13071 | N42: =+STDEVA(F42,H42,J42) -> 1014.5161 | O42: =+N42/M42 -> 0.077615801 | Q42: =+MEDIAN(J42,H42,F42) -> 13628 | R42: =+_xlfn.CEILING.MATH(M42,50,FALSE) -> 13100 | S42: 300 | T42: =+R42*S42 -> 3930000 | W42: 13000 | X42: =+ROUND(W42,0) -> 13000 | Y42: =+X42*$S42 -> 3900000 | Z42: =+IF(OR(X42>$R42,X42=0,Y42>$T42),"RECHAZADO","ACEPTADA") -> ACEPTADA | AA42: 13100 | AB42: =+ROUND(AA42,0) -> 13100 | AC42: =+AB42*$S42 -> 3930000 | AD42: =+IF(OR(AB42>$R42,AB42=0,AC42>$T42),"RECHAZADO","ACEPTADA") -> ACEPTADA | AE42: 13100 | AF42: =+ROUND(AE42,0) -> 13100 | AG42: =+AF42*$S42 -> 3930000 | AH42: =+IF(OR(AF42>$R42,AF42=0,AG42>$T42),"RECHAZADO","ACEPTADA") -> ACEPTADA | AI42: 12451 | AJ42: =+ROUND(AI42,0) -> 12451 | AK42: =+AJ42*$S42 -> 3735300 | AL42: =+IF(OR(AJ42>$R42,AJ42=0,AK42>$T42),"RECHAZADO","ACEPTADA") -> ACEPTADA | AM42: 12445 | AN42: =+ROUND(AM42,0) -> 12445 | AO42: =+AN42*$S42 -> 3733500 | AP42: =+IF(OR(AN42>$R42,AN42=0,AO42>$T42),"RECHAZADO","ACEPTADA") -> ACEPTADA | AQ42: 12700 | AR42: =+ROUND(AQ42,0) -> 12700 | AS42: =+AR42*$S42 -> 3810000 | AT42: =+IF(OR(AR42>$R42,AR42=0,AS42>$T42),"RECHAZADO","ACEPTADA") -> ACEPTADA | AU42: 13100 | AV42: =+ROUND(AU42,0) -> 13100 | AW42: =+AV42*$S42 -> 3930000 | AX42: =+IF(OR(AV42>$R42,AV42=0,AW42>$T42),"RECHAZADO","ACEPTADA") -> ACEPTADA | AY42: 12718.447 | AZ42: =+ROUND(AY42,0) -> 12718 | BA42: =+AZ42*$S42 -> 3815400 | BB42: =+IF(OR(AZ42>$R42,AZ42=0,BA42>$T42),"RECHAZADO","ACEPTADA") -> ACEPTADA | BC42: 13100 | BD42: =+ROUND(BC42,0) -> 13100 | BE42: =+BD42*$S42 -> 3930000 | BF42: =+IF(OR(BD42>$R42,BD42=0,BE42>$T42),"RECHAZADO","ACEPTADA") -> ACEPTADA | BG42: 12501.33 | BH42: =+ROUND(BG42,0) -> 12501 | BI42: =+BH42*$S42 -> 3750300 | BJ42: =+IF(OR(BH42>$R42,BH42=0,BI42>$T42),"RECHAZADO","ACEPTADA") -> ACEPTADA | BK42: 12800 | BL42: =+ROUND(BK42,0) -> 12800 | BM42: =+BL42*$S42 -> 3840000 | BN42: =+IF(OR(BL42>$R42,BL42=0,BM42>$T42),"RECHAZADO","ACEPTADA") -> ACEPTADA | BO42: 12707 | BP42: =+ROUND(BO42,0) -> 12707 | BQ42: =+BP42*$S42 -> 3812100 | BR42: =+IF(OR(BP42>$R42,BP42=0,BQ42>$T42),"RECHAZADO","ACEPTADA") -> ACEPTADA | BS42: 13071 | BT42: =+ROUND(BS42,0) -> 13071 | BU42: =+BT42*$S42 -> 3921300 | BV42: =+IF(OR(BT42>$R42,BT42=0,BU42>$T42),"RECHAZADO","ACEPTADA") -> ACEPTADA
A43: =+A42+1 -> 32 | B43: BOLIGRAFOS PERSONALIZADOS | C43: Boligrafos personalizados con el logo de la Alcaldía y del comité de libertad religiosa, retractil y con resaltador en la cabeza del bolígrafo | D43: UNIDAD | E43: 300 | F43: =1956*1.19 -> 2327.64 | G43: PROMOCIONALES BORDADOS Y DOTACIONES | H43: 740 | I43: ZOOM | J43: 2500 | K43: SENI | L43: =+COUNT(F43,H43,J43) -> 3 | M43: =+AVERAGE(F43,H43,J43) -> 1855.88 | N43: =+STDEVA(F43,H43,J43) -> 970.2155 | O43: =+N43/M43 -> 0.52277922 | Q43: =+MEDIAN(J43,H43,F43) -> 2327.64 | R43: =+_xlfn.CEILING.MATH(M43,50,FALSE) -> 1900 | S43: 300 | T43: =+R43*S43 -> 570000 | W43: 1850 | X43: =+ROUND(W43,0) -> 1850 | Y43: =+X43*$S43 -> 555000 | Z43: =+IF(OR(X43>$R43,X43=0,Y43>$T43),"RECHAZADO","ACEPTADA") -> ACEPTADA | AA43: 1900 | AB43: =+ROUND(AA43,0) -> 1900 | AC43: =+AB43*$S43 -> 570000 | AD43: =+IF(OR(AB43>$R43,AB43=0,AC43>$T43),"RECHAZADO","ACEPTADA") -> ACEPTADA | AE43: 1900 | AF43: =+ROUND(AE43,0) -> 1900 | AG43: =+AF43*$S43 -> 570000 | AH43: =+IF(OR(AF43>$R43,AF43=0,AG43>$T43),"RECHAZADO","ACEPTADA") -> ACEPTADA | AI43: 1806 | AJ43: =+ROUND(AI43,0) -> 1806 | AK43: =+AJ43*$S43 -> 541800 | AL43: =+IF(OR(AJ43>$R43,AJ43=0,AK43>$T43),"RECHAZADO","ACEPTADA") -> ACEPTADA | AM43: 1900 | AN43: =+ROUND(AM43,0) -> 1900 | AO43: =+AN43*$S43 -> 570000 | AP43: =+IF(OR(AN43>$R43,AN43=0,AO43>$T43),"RECHAZADO","ACEPTADA") -> ACEPTADA | AQ43: 1851 | AR43: =+ROUND(AQ43,0) -> 1851 | AS43: =+AR43*$S43 -> 555300 | AT43: =+IF(OR(AR43>$R43,AR43=0,AS43>$T43),"RECHAZADO","ACEPTADA") -> ACEPTADA | AU43: 1900 | AV43: =+ROUND(AU43,0) -> 1900 | AW43: =+AV43*$S43 -> 570000 | AX43: =+IF(OR(AV43>$R43,AV43=0,AW43>$T43),"RECHAZADO","ACEPTADA") -> ACEPTADA | AY43: 1844.6602 | AZ43: =+ROUND(AY43,0) -> 1845 | BA43: =+AZ43*$S43 -> 553500 | BB43: =+IF(OR(AZ43>$R43,AZ43=0,BA43>$T43),"RECHAZADO","ACEPTADA") -> ACEPTADA | BC43: 1900 | BD43: =+ROUND(BC43,0) -> 1900 | BE43: =+BD43*$S43 -> 570000 | BF43: =+IF(OR(BD43>$R43,BD43=0,BE43>$T43),"RECHAZADO","ACEPTADA") -> ACEPTADA | BG43: 1813.17 | BH43: =+ROUND(BG43,0) -> 1813 | BI43: =+BH43*$S43 -> 543900 | BJ43: =+IF(OR(BH43>$R43,BH43=0,BI43>$T43),"RECHAZADO","ACEPTADA") -> ACEPTADA | BK43: 1850 | BL43: =+ROUND(BK43,0) -> 1850 | BM43: =+BL43*$S43 -> 555000 | BN43: =+IF(OR(BL43>$R43,BL43=0,BM43>$T43),"RECHAZADO","ACEPTADA") -> ACEPTADA | BO43: 1843 | BP43: =+ROUND(BO43,0) -> 1843 | BQ43: =+BP43*$S43 -> 552900 | BR43: =+IF(OR(BP43>$R43,BP43=0,BQ43>$T43),"RECHAZADO","ACEPTADA") -> ACEPTADA | BS43: 1855 | BT43: =+ROUND(BS43,0) -> 1855 | BU43: =+BT43*$S43 -> 556500 | BV43: =+IF(OR(BT43>$R43,BT43=0,BU43>$T43),"RECHAZADO","ACEPTADA") -> ACEPTADA
A44: =+A43+1 -> 33 | B44: PINES DE SOLAPA | C44: Pines de solapa redondos de 20 mm borde dorado, con logo del comité de libertad religiosa y logos de la Alcaldía | D44: UNIDAD | E44: 500 | F44: 5600 | G44: NEO BRAND S.A.S | H44: 5355 | I44: PROMOCIONALES BORDADOS Y DOTACIONES | J44: =5000*1.19 -> 5950 | K44: ZOOM PUBLICIDAD | L44: =+COUNT(F44,H44,J44) -> 3 | M44: =+AVERAGE(F44,H44,J44) -> 5635 | N44: =+STDEVA(F44,H44,J44) -> 299.04013 | O44: =+N44/M44 -> 0.053068346 | Q44: =+MEDIAN(J44,H44,F44) -> 5600 | R44: =+_xlfn.CEILING.MATH(M44,50,FALSE) -> 5650 | S44: 500 | T44: =+R44*S44 -> 2825000 | W44: 5500 | X44: =+ROUND(W44,0) -> 5500 | Y44: =+X44*$S44 -> 2750000 | Z44: =+IF(OR(X44>$R44,X44=0,Y44>$T44),"RECHAZADO","ACEPTADA") -> ACEPTADA | AA44: 5650 | AB44: =+ROUND(AA44,0) -> 5650 | AC44: =+AB44*$S44 -> 2825000 | AD44: =+IF(OR(AB44>$R44,AB44=0,AC44>$T44),"RECHAZADO","ACEPTADA") -> ACEPTADA | AE44: 5000 | AF44: =+ROUND(AE44,0) -> 5000 | AG44: =+AF44*$S44 -> 2500000 | AH44: =+IF(OR(AF44>$R44,AF44=0,AG44>$T44),"RECHAZADO","ACEPTADA") -> ACEPTADA | AI44: 5370 | AJ44: =+ROUND(AI44,0) -> 5370 | AK44: =+AJ44*$S44 -> 2685000 | AL44: =+IF(OR(AJ44>$R44,AJ44=0,AK44>$T44),"RECHAZADO","ACEPTADA") -> ACEPTADA | AM44: 5537 | AN44: =+ROUND(AM44,0) -> 5537 | AO44: =+AN44*$S44 -> 2768500 | AP44: =+IF(OR(AN44>$R44,AN44=0,AO44>$T44),"RECHAZADO","ACEPTADA") -> ACEPTADA | AQ44: 5500 | AR44: =+ROUND(AQ44,0) -> 5500 | AS44: =+AR44*$S44 -> 2750000 | AT44: =+IF(OR(AR44>$R44,AR44=0,AS44>$T44),"RECHAZADO","ACEPTADA") -> ACEPTADA | AU44: 5650 | AV44: =+ROUND(AU44,0) -> 5650 | AW44: =+AV44*$S44 -> 2825000 | AX44: =+IF(OR(AV44>$R44,AV44=0,AW44>$T44),"RECHAZADO","ACEPTADA") -> ACEPTADA | AY44: 5485.4369 | AZ44: =+ROUND(AY44,0) -> 5485 | BA44: =+AZ44*$S44 -> 2742500 | BB44: =+IF(OR(AZ44>$R44,AZ44=0,BA44>$T44),"RECHAZADO","ACEPTADA") -> ACEPTADA | BC44: 5650 | BD44: =+ROUND(BC44,0) -> 5650 | BE44: =+BD44*$S44 -> 2825000 | BF44: =+IF(OR(BD44>$R44,BD44=0,BE44>$T44),"RECHAZADO","ACEPTADA") -> ACEPTADA | BG44: 5391.795 | BH44: =+ROUND(BG44,0) -> 5392 | BI44: =+BH44*$S44 -> 2696000 | BJ44: =+IF(OR(BH44>$R44,BH44=0,BI44>$T44),"RECHAZADO","ACEPTADA") -> ACEPTADA | BK44: 5400 | BL44: =+ROUND(BK44,0) -> 5400 | BM44: =+BL44*$S44 -> 2700000 | BN44: =+IF(OR(BL44>$R44,BL44=0,BM44>$T44),"RECHAZADO","ACEPTADA") -> ACEPTADA | BO44: 5481 | BP44: =+ROUND(BO44,0) -> 5481 | BQ44: =+BP44*$S44 -> 2740500 | BR44: =+IF(OR(BP44>$R44,BP44=0,BQ44>$T44),"RECHAZADO","ACEPTADA") -> ACEPTADA | BS44: 5635 | BT44: =+ROUND(BS44,0) -> 5635 | BU44: =+BT44*$S44 -> 2817500 | BV44: =+IF(OR(BT44>$R44,BT44=0,BU44>$T44),"RECHAZADO","ACEPTADA") -> ACEPTADA
A45: =+A44+1 -> 34 | B45: RESMA DE PAPEL | C45: Resma membreteada tamaño carta, con los logos del Comité de Libertad Religiosa y logos de la Alcaldia | D45: UNIDAD | E45: 2 | F45: 149600 | G45: NEO BRAND S.A.S | H45: =90000*1.19 -> 107100 | I45: PROMOCIONALES BORDADOS Y DOTACIONES | J45: 134000 | K45: DESING PUBLICIDAD | L45: =+COUNT(F45,H45,J45) -> 3 | M45: =+AVERAGE(F45,H45,J45) -> 130233.33 | N45: =+STDEVA(F45,H45,J45) -> 21498.915 | O45: =+N45/M45 -> 0.16507997 | Q45: =+MEDIAN(J45,H45,F45) -> 134000 | R45: =+_xlfn.CEILING.MATH(M45,50,FALSE) -> 130250 | S45: 2 | T45: =+R45*S45 -> 260500 | W45: 130000 | X45: =+ROUND(W45,0) -> 130000 | Y45: =+X45*$S45 -> 260000 | Z45: =+IF(OR(X45>$R45,X45=0,Y45>$T45),"RECHAZADO","ACEPTADA") -> ACEPTADA | AA45: 130250 | AB45: =+ROUND(AA45,0) -> 130250 | AC45: =+AB45*$S45 -> 260500 | AD45: =+IF(OR(AB45>$R45,AB45=0,AC45>$T45),"RECHAZADO","ACEPTADA") -> ACEPTADA | AE45: 130250 | AF45: =+ROUND(AE45,0) -> 130250 | AG45: =+AF45*$S45 -> 260500 | AH45: =+IF(OR(AF45>$R45,AF45=0,AG45>$T45),"RECHAZADO","ACEPTADA") -> ACEPTADA | AI45: 123796 | AJ45: =+ROUND(AI45,0) -> 123796 | AK45: =+AJ45*$S45 -> 247592 | AL45: =+IF(OR(AJ45>$R45,AJ45=0,AK45>$T45),"RECHAZADO","ACEPTADA") -> ACEPTADA | AM45: 130250 | AN45: =+ROUND(AM45,0) -> 130250 | AO45: =+AN45*$S45 -> 260500 | AP45: =+IF(OR(AN45>$R45,AN45=0,AO45>$T45),"RECHAZADO","ACEPTADA") -> ACEPTADA | AQ45: 126800 | AR45: =+ROUND(AQ45,0) -> 126800 | AS45: =+AR45*$S45 -> 253600 | AT45: =+IF(OR(AR45>$R45,AR45=0,AS45>$T45),"RECHAZADO","ACEPTADA") -> ACEPTADA | AU45: 130250 | AV45: =+ROUND(AU45,0) -> 130250 | AW45: =+AV45*$S45 -> 260500 | AX45: =+IF(OR(AV45>$R45,AV45=0,AW45>$T45),"RECHAZADO","ACEPTADA") -> ACEPTADA | AY45: 126456.31 | AZ45: =+ROUND(AY45,0) -> 126456 | BA45: =+AZ45*$S45 -> 252912 | BB45: =+IF(OR(AZ45>$R45,AZ45=0,BA45>$T45),"RECHAZADO","ACEPTADA") -> ACEPTADA | BC45: 131250 | BD45: =+ROUND(BC45,0) -> 131250 | BE45: =+BD45*$S45 -> 262500 | BF45: =+IF(OR(BD45>$R45,BD45=0,BE45>$T45),"RECHAZADO","ACEPTADA") -> RECHAZADO | BG45: 124297.57 | BH45: =+ROUND(BG45,0) -> 124298 | BI45: =+BH45*$S45 -> 248596 | BJ45: =+IF(OR(BH45>$R45,BH45=0,BI45>$T45),"RECHAZADO","ACEPTADA") -> ACEPTADA | BK45: 125000 | BL45: =+ROUND(BK45,0) -> 125000 | BM45: =+BL45*$S45 -> 250000 | BN45: =+IF(OR(BL45>$R45,BL45=0,BM45>$T45),"RECHAZADO","ACEPTADA") -> ACEPTADA | BO45: 126343 | BP45: =+ROUND(BO45,0) -> 126343 | BQ45: =+BP45*$S45 -> 252686 | BR45: =+IF(OR(BP45>$R45,BP45=0,BQ45>$T45),"RECHAZADO","ACEPTADA") -> ACEPTADA | BS45: 130233 | BT45: =+ROUND(BS45,0) -> 130233 | BU45: =+BT45*$S45 -> 260466 | BV45: =+IF(OR(BT45>$R45,BT45=0,BU45>$T45),"RECHAZADO","ACEPTADA") -> ACEPTADA
A46: =+A45+1 -> 35 | B46: CARPETAS CORPORATIVAS | C46: Carpetas corporativas tamaño carta, impresas a full color, papel propalcote 300gr, impresa 4x4 las caras, laminada | D46: UNIDAD | E46: 200 | F46: 3700 | G46: NEO BRAND S.A.S | H46: 4105 | I46: PROMOCIONALES BORDADOS Y DOTACIONES | J46: =3200*1.19 -> 3808 | K46: ZOOM PUBLICIDAD | L46: =+COUNT(F46,H46,J46) -> 3 | M46: =+AVERAGE(F46,H46,J46) -> 3871 | N46: =+STDEVA(F46,H46,J46) -> 209.72124 | O46: =+N46/M46 -> 0.054177536 | Q46: =+MEDIAN(J46,H46,F46) -> 3808 | R46: =+_xlfn.CEILING.MATH(M46,50,FALSE) -> 3900 | S46: 2000 | T46: =+R46*S46 -> 7800000 | W46: 3800 | X46: =+ROUND(W46,0) -> 3800 | Y46: =+X46*$S46 -> 7600000 | Z46: =+IF(OR(X46>$R46,X46=0,Y46>$T46),"RECHAZADO","ACEPTADA") -> ACEPTADA | AA46: 3900 | AB46: =+ROUND(AA46,0) -> 3900 | AC46: =+AB46*$S46 -> 7800000 | AD46: =+IF(OR(AB46>$R46,AB46=0,AC46>$T46),"RECHAZADO","ACEPTADA") -> ACEPTADA | AE46: 3900 | AF46: =+ROUND(AE46,0) -> 3900 | AG46: =+AF46*$S46 -> 7800000 | AH46: =+IF(OR(AF46>$R46,AF46=0,AG46>$T46),"RECHAZADO","ACEPTADA") -> ACEPTADA | AI46: 3707 | AJ46: =+ROUND(AI46,0) -> 3707 | AK46: =+AJ46*$S46 -> 7414000 | AL46: =+IF(OR(AJ46>$R46,AJ46=0,AK46>$T46),"RECHAZADO","ACEPTADA") -> ACEPTADA | AM46: 3588 | AN46: =+ROUND(AM46,0) -> 3588 | AO46: =+AN46*$S46 -> 7176000 | AP46: =+IF(OR(AN46>$R46,AN46=0,AO46>$T46),"RECHAZADO","ACEPTADA") -> ACEPTADA | AQ46: 3790 | AR46: =+ROUND(AQ46,0) -> 3790 | AS46: =+AR46*$S46 -> 7580000 | AT46: =+IF(OR(AR46>$R46,AR46=0,AS46>$T46),"RECHAZADO","ACEPTADA") -> ACEPTADA | AU46: 3900 | AV46: =+ROUND(AU46,0) -> 3900 | AW46: =+AV46*$S46 -> 7800000 | AX46: =+IF(OR(AV46>$R46,AV46=0,AW46>$T46),"RECHAZADO","ACEPTADA") -> ACEPTADA | AY46: 3786.4078 | AZ46: =+ROUND(AY46,0) -> 3786 | BA46: =+AZ46*$S46 -> 7572000 | BB46: =+IF(OR(AZ46>$R46,AZ46=0,BA46>$T46),"RECHAZADO","ACEPTADA") -> ACEPTADA | BC46: 3850 | BD46: =+ROUND(BC46,0) -> 3850 | BE46: =+BD46*$S46 -> 7700000 | BF46: =+IF(OR(BD46>$R46,BD46=0,BE46>$T46),"RECHAZADO","ACEPTADA") -> ACEPTADA | BG46: 3721.77 | BH46: =+ROUND(BG46,0) -> 3722 | BI46: =+BH46*$S46 -> 7444000 | BJ46: =+IF(OR(BH46>$R46,BH46=0,BI46>$T46),"RECHAZADO","ACEPTADA") -> ACEPTADA | BK46: 3800 | BL46: =+ROUND(BK46,0) -> 3800 | BM46: =+BL46*$S46 -> 7600000 | BN46: =+IF(OR(BL46>$R46,BL46=0,BM46>$T46),"RECHAZADO","ACEPTADA") -> ACEPTADA | BO46: 3783 | BP46: =+ROUND(BO46,0) -> 3783 | BQ46: =+BP46*$S46 -> 7566000 | BR46: =+IF(OR(BP46>$R46,BP46=0,BQ46>$T46),"RECHAZADO","ACEPTADA") -> ACEPTADA | BS46: 3871 | BT46: =+ROUND(BS46,0) -> 3871 | BU46: =+BT46*$S46 -> 7742000 | BV46: =+IF(OR(BT46>$R46,BT46=0,BU46>$T46),"RECHAZADO","ACEPTADA") -> ACEPTADA
A47: =+A46+1 -> 36 | B47: ESCARAPELAS | C47: Escaraperla tipo periodista con cinta marcada con el logo del Comité de libertad religiosa y logos de la Alcaldía, fundas en acetato alto calibre, cintas estampadas a 1tinta y full color | D47: UNIDAD | E47: 200 | F47: 4227 | G47: NEO BRAND S.A.S | H47: 4998 | I47: PROMOCIONALES BORDADOS Y DOTACIONES | J47: =4500*1.19 -> 5355 | K47: ZOOM PUBLICIDAD | L47: =+COUNT(F47,H47,J47) -> 3 | M47: =+AVERAGE(F47,H47,J47) -> 4860 | N47: =+STDEVA(F47,H47,J47) -> 576.5232 | O47: =+N47/M47 -> 0.11862617 | Q47: =+MEDIAN(J47,H47,F47) -> 4998 | R47: =+_xlfn.CEILING.MATH(M47,50,FALSE) -> 4900 | S47: 200 | T47: =+R47*S47 -> 980000 | W47: 4800 | X47: =+ROUND(W47,0) -> 4800 | Y47: =+X47*$S47 -> 960000 | Z47: =+IF(OR(X47>$R47,X47=0,Y47>$T47),"RECHAZADO","ACEPTADA") -> ACEPTADA | AA47: 4900 | AB47: =+ROUND(AA47,0) -> 4900 | AC47: =+AB47*$S47 -> 980000 | AD47: =+IF(OR(AB47>$R47,AB47=0,AC47>$T47),"RECHAZADO","ACEPTADA") -> ACEPTADA | AE47: 4900 | AF47: =+ROUND(AE47,0) -> 4900 | AG47: =+AF47*$S47 -> 980000 | AH47: =+IF(OR(AF47>$R47,AF47=0,AG47>$T47),"RECHAZADO","ACEPTADA") -> ACEPTADA | AI47: 4657 | AJ47: =+ROUND(AI47,0) -> 4657 | AK47: =+AJ47*$S47 -> 931400 | AL47: =+IF(OR(AJ47>$R47,AJ47=0,AK47>$T47),"RECHAZADO","ACEPTADA") -> ACEPTADA | AM47: 4900 | AN47: =+ROUND(AM47,0) -> 4900 | AO47: =+AN47*$S47 -> 980000 | AP47: =+IF(OR(AN47>$R47,AN47=0,AO47>$T47),"RECHAZADO","ACEPTADA") -> ACEPTADA | AQ47: 4750 | AR47: =+ROUND(AQ47,0) -> 4750 | AS47: =+AR47*$S47 -> 950000 | AT47: =+IF(OR(AR47>$R47,AR47=0,AS47>$T47),"RECHAZADO","ACEPTADA") -> ACEPTADA | AU47: 4900 | AV47: =+ROUND(AU47,0) -> 4900 | AW47: =+AV47*$S47 -> 980000 | AX47: =+IF(OR(AV47>$R47,AV47=0,AW47>$T47),"RECHAZADO","ACEPTADA") -> ACEPTADA | AY47: 4757.2816 | AZ47: =+ROUND(AY47,0) -> 4757 | BA47: =+AZ47*$S47 -> 951400 | BB47: =+IF(OR(AZ47>$R47,AZ47=0,BA47>$T47),"RECHAZADO","ACEPTADA") -> ACEPTADA | BC47: 4600 | BD47: =+ROUND(BC47,0) -> 4600 | BE47: =+BD47*$S47 -> 920000 | BF47: =+IF(OR(BD47>$R47,BD47=0,BE47>$T47),"RECHAZADO","ACEPTADA") -> ACEPTADA | BG47: 4676.07 | BH47: =+ROUND(BG47,0) -> 4676 | BI47: =+BH47*$S47 -> 935200 | BJ47: =+IF(OR(BH47>$R47,BH47=0,BI47>$T47),"RECHAZADO","ACEPTADA") -> ACEPTADA | BK47: 4800 | BL47: =+ROUND(BK47,0) -> 4800 | BM47: =+BL47*$S47 -> 960000 | BN47: =+IF(OR(BL47>$R47,BL47=0,BM47>$T47),"RECHAZADO","ACEPTADA") -> ACEPTADA | BO47: 4753 | BP47: =+ROUND(BO47,0) -> 4753 | BQ47: =+BP47*$S47 -> 950600 | BR47: =+IF(OR(BP47>$R47,BP47=0,BQ47>$T47),"RECHAZADO","ACEPTADA") -> ACEPTADA | BS47: 4860 | BT47: =+ROUND(BS47,0) -> 4860 | BU47: =+BT47*$S47 -> 972000 | BV47: =+IF(OR(BT47>$R47,BT47=0,BU47>$T47),"RECHAZADO","ACEPTADA") -> ACEPTADA
A48: =+A47+1 -> 37 | B48: CARNETS CORPORATIVOS | C48: Carnets corporativos para empresas impresos en PVC con tintas UV LED, con porta-escarapela y un yoyo o cinta | D48: UNIDAD | E48: 20 | F48: 16660 | G48: NEO BRAND S.A.S | H48: 17850 | I48: PROMOCIONALES BORDADOS Y DOTACIONES | J48: =13500*1.19 -> 16065 | K48: ZOOM PUBLICIDAD | L48: =+COUNT(F48,H48,J48) -> 3 | M48: =+AVERAGE(F48,H48,J48) -> 16858.333 | N48: =+STDEVA(F48,H48,J48) -> 908.87751 | O48: =+N48/M48 -> 0.053912655 | Q48: =+MEDIAN(J48,H48,F48) -> 16660 | R48: =+_xlfn.CEILING.MATH(M48,50,FALSE) -> 16900 | S48: 20 | T48: =+R48*S48 -> 338000 | W48: 15000 | X48: =+ROUND(W48,0) -> 15000 | Y48: =+X48*$S48 -> 300000 | Z48: =+IF(OR(X48>$R48,X48=0,Y48>$T48),"RECHAZADO","ACEPTADA") -> ACEPTADA | AA48: 16900 | AB48: =+ROUND(AA48,0) -> 16900 | AC48: =+AB48*$S48 -> 338000 | AD48: =+IF(OR(AB48>$R48,AB48=0,AC48>$T48),"RECHAZADO","ACEPTADA") -> ACEPTADA | AE48: 14000 | AF48: =+ROUND(AE48,0) -> 14000 | AG48: =+AF48*$S48 -> 280000 | AH48: =+IF(OR(AF48>$R48,AF48=0,AG48>$T48),"RECHAZADO","ACEPTADA") -> ACEPTADA | AI48: 16063 | AJ48: =+ROUND(AI48,0) -> 16063 | AK48: =+AJ48*$S48 -> 321260 | AL48: =+IF(OR(AJ48>$R48,AJ48=0,AK48>$T48),"RECHAZADO","ACEPTADA") -> ACEPTADA | AM48: 16900 | AN48: =+ROUND(AM48,0) -> 16900 | AO48: =+AN48*$S48 -> 338000 | AP48: =+IF(OR(AN48>$R48,AN48=0,AO48>$T48),"RECHAZADO","ACEPTADA") -> ACEPTADA | AQ48: 16450 | AR48: =+ROUND(AQ48,0) -> 16450 | AS48: =+AR48*$S48 -> 329000 | AT48: =+IF(OR(AR48>$R48,AR48=0,AS48>$T48),"RECHAZADO","ACEPTADA") -> ACEPTADA | AU48: 16900 | AV48: =+ROUND(AU48,0) -> 16900 | AW48: =+AV48*$S48 -> 338000 | AX48: =+IF(OR(AV48>$R48,AV48=0,AW48>$T48),"RECHAZADO","ACEPTADA") -> ACEPTADA | AY48: 16407.767 | AZ48: =+ROUND(AY48,0) -> 16408 | BA48: =+AZ48*$S48 -> 328160 | BB48: =+IF(OR(AZ48>$R48,AZ48=0,BA48>$T48),"RECHAZADO","ACEPTADA") -> ACEPTADA | BC48: 16900 | BD48: =+ROUND(BC48,0) -> 16900 | BE48: =+BD48*$S48 -> 338000 | BF48: =+IF(OR(BD48>$R48,BD48=0,BE48>$T48),"RECHAZADO","ACEPTADA") -> ACEPTADA | BG48: 16127.67 | BH48: =+ROUND(BG48,0) -> 16128 | BI48: =+BH48*$S48 -> 322560 | BJ48: =+IF(OR(BH48>$R48,BH48=0,BI48>$T48),"RECHAZADO","ACEPTADA") -> ACEPTADA | BK48: 16500 | BL48: =+ROUND(BK48,0) -> 16500 | BM48: =+BL48*$S48 -> 330000 | BN48: =+IF(OR(BL48>$R48,BL48=0,BM48>$T48),"RECHAZADO","ACEPTADA") -> ACEPTADA | BO48: 16393 | BP48: =+ROUND(BO48,0) -> 16393 | BQ48: =+BP48*$S48 -> 327860 | BR48: =+IF(OR(BP48>$R48,BP48=0,BQ48>$T48),"RECHAZADO","ACEPTADA") -> ACEPTADA | BS48: 16858 | BT48: =+ROUND(BS48,0) -> 16858 | BU48: =+BT48*$S48 -> 337160 | BV48: =+IF(OR(BT48>$R48,BT48=0,BU48>$T48),"RECHAZADO","ACEPTADA") -> ACEPTADA
A49: =+A48+1 -> 38 | B49: SOBRE DE INVITACIÓN | C49: Sobres de invitación de tamaño 18cm x 13,5 cm membretiados con los logos de la Alcadía y del comité de libertad religiosa | D49: UNIDAD | E49: 100 | F49: 3332 | G49: NEO BRAND S.A.S | H49: 3808 | I49: PROMOCIONALES BORDADOS Y DOTACIONES | J49: =3000*1.19 -> 3570 | K49: ZOOM PUBLICIDAD | L49: =+COUNT(F49,H49,J49) -> 3 | M49: =+AVERAGE(F49,H49,J49) -> 3570 | N49: =+STDEVA(F49,H49,J49) -> 238 | O49: =+N49/M49 -> 0.066666667 | Q49: =+MEDIAN(J49,H49,F49) -> 3570 | R49: =+_xlfn.CEILING.MATH(M49,50,FALSE) -> 3600 | S49: 100 | T49: =+R49*S49 -> 360000 | W49: 3400 | X49: =+ROUND(W49,0) -> 3400 | Y49: =+X49*$S49 -> 340000 | Z49: =+IF(OR(X49>$R49,X49=0,Y49>$T49),"RECHAZADO","ACEPTADA") -> ACEPTADA | AA49: 3600 | AB49: =+ROUND(AA49,0) -> 3600 | AC49: =+AB49*$S49 -> 360000 | AD49: =+IF(OR(AB49>$R49,AB49=0,AC49>$T49),"RECHAZADO","ACEPTADA") -> ACEPTADA | AE49: 3000 | AF49: =+ROUND(AE49,0) -> 3000 | AG49: =+AF49*$S49 -> 300000 | AH49: =+IF(OR(AF49>$R49,AF49=0,AG49>$T49),"RECHAZADO","ACEPTADA") -> ACEPTADA | AI49: 3422 | AJ49: =+ROUND(AI49,0) -> 3422 | AK49: =+AJ49*$S49 -> 342200 | AL49: =+IF(OR(AJ49>$R49,AJ49=0,AK49>$T49),"RECHAZADO","ACEPTADA") -> ACEPTADA | AM49: 3600 | AN49: =+ROUND(AM49,0) -> 3600 | AO49: =+AN49*$S49 -> 360000 | AP49: =+IF(OR(AN49>$R49,AN49=0,AO49>$T49),"RECHAZADO","ACEPTADA") -> ACEPTADA | AQ49: 3500 | AR49: =+ROUND(AQ49,0) -> 3500 | AS49: =+AR49*$S49 -> 350000 | AT49: =+IF(OR(AR49>$R49,AR49=0,AS49>$T49),"RECHAZADO","ACEPTADA") -> ACEPTADA | AU49: 3600 | AV49: =+ROUND(AU49,0) -> 3600 | AW49: =+AV49*$S49 -> 360000 | AX49: =+IF(OR(AV49>$R49,AV49=0,AW49>$T49),"RECHAZADO","ACEPTADA") -> ACEPTADA | AY49: 3495.1456 | AZ49: =+ROUND(AY49,0) -> 3495 | BA49: =+AZ49*$S49 -> 349500 | BB49: =+IF(OR(AZ49>$R49,AZ49=0,BA49>$T49),"RECHAZADO","ACEPTADA") -> ACEPTADA | BC49: 3600 | BD49: =+ROUND(BC49,0) -> 3600 | BE49: =+BD49*$S49 -> 360000 | BF49: =+IF(OR(BD49>$R49,BD49=0,BE49>$T49),"RECHAZADO","ACEPTADA") -> ACEPTADA | BG49: 3435.48 | BH49: =+ROUND(BG49,0) -> 3435 | BI49: =+BH49*$S49 -> 343500 | BJ49: =+IF(OR(BH49>$R49,BH49=0,BI49>$T49),"RECHAZADO","ACEPTADA") -> ACEPTADA | BK49: 3500 | BL49: =+ROUND(BK49,0) -> 3500 | BM49: =+BL49*$S49 -> 350000 | BN49: =+IF(OR(BL49>$R49,BL49=0,BM49>$T49),"RECHAZADO","ACEPTADA") -> ACEPTADA | BO49: 3492 | BP49: =+ROUND(BO49,0) -> 3492 | BQ49: =+BP49*$S49 -> 349200 | BR49: =+IF(OR(BP49>$R49,BP49=0,BQ49>$T49),"RECHAZADO","ACEPTADA") -> ACEPTADA | BS49: 3570 | BT49: =+ROUND(BS49,0) -> 3570 | BU49: =+BT49*$S49 -> 357000 | BV49: =+IF(OR(BT49>$R49,BT49=0,BU49>$T49),"RECHAZADO","ACEPTADA") -> ACEPTADA
A50: =+A49+1 -> 39 | B50: INVITACIONES | C50: Invitaciones de 9,5 cm x 9,5cm membretiados con los logos de la Alcaldía y del Comité de Libertad Religiosa. | D50: UNIDAD | E50: 100 | F50: 3100 | G50: NEO BRAND S.A.S | H50: 4165 | I50: PROMOCIONALES BORDADOS Y DOTACIONES | J50: =3000*1.19 -> 3570 | K50: ZOOM PUBLICIDAD | L50: =+COUNT(F50,H50,J50) -> 3 | M50: =+AVERAGE(F50,H50,J50) -> 3611.6667 | N50: =+STDEVA(F50,H50,J50) -> 533.72121 | O50: =+N50/M50 -> 0.14777699 | Q50: =+MEDIAN(J50,H50,F50) -> 3570 | R50: =+_xlfn.CEILING.MATH(M50,50,FALSE) -> 3650 | S50: 100 | T50: =+R50*S50 -> 365000 | U50: =+SUM(T37:T50) -> 22047350 | W50: 3500 | X50: =+ROUND(W50,0) -> 3500 | Y50: =+X50*$S50 -> 350000 | Z50: =+IF(OR(X50>$R50,X50=0,Y50>$T50),"RECHAZADO","ACEPTADA") -> ACEPTADA | AA50: 3650 | AB50: =+ROUND(AA50,0) -> 3650 | AC50: =+AB50*$S50 -> 365000 | AD50: =+IF(OR(AB50>$R50,AB50=0,AC50>$T50),"RECHAZADO","ACEPTADA") -> ACEPTADA | AE50: 3650 | AF50: =+ROUND(AE50,0) -> 3650 | AG50: =+AF50*$S50 -> 365000 | AH50: =+IF(OR(AF50>$R50,AF50=0,AG50>$T50),"RECHAZADO","ACEPTADA") -> ACEPTADA | AI50: 3469 | AJ50: =+ROUND(AI50,0) -> 3469 | AK50: =+AJ50*$S50 -> 346900 | AL50: =+IF(OR(AJ50>$R50,AJ50=0,AK50>$T50),"RECHAZADO","ACEPTADA") -> ACEPTADA | AM50: 3650 | AN50: =+ROUND(AM50,0) -> 3650 | AO50: =+AN50*$S50 -> 365000 | AP50: =+IF(OR(AN50>$R50,AN50=0,AO50>$T50),"RECHAZADO","ACEPTADA") -> ACEPTADA | AQ50: 3550 | AR50: =+ROUND(AQ50,0) -> 3550 | AS50: =+AR50*$S50 -> 355000 | AT50: =+IF(OR(AR50>$R50,AR50=0,AS50>$T50),"RECHAZADO","ACEPTADA") -> ACEPTADA | AU50: 3650 | AV50: =+ROUND(AU50,0) -> 3650 | AW50: =+AV50*$S50 -> 365000 | AX50: =+IF(OR(AV50>$R50,AV50=0,AW50>$T50),"RECHAZADO","ACEPTADA") -> ACEPTADA | AY50: 3543.6893 | AZ50: =+ROUND(AY50,0) -> 3544 | BA50: =+AZ50*$S50 -> 354400 | BB50: =+IF(OR(AZ50>$R50,AZ50=0,BA50>$T50),"RECHAZADO","ACEPTADA") -> ACEPTADA | BC50: 3650 | BD50: =+ROUND(BC50,0) -> 3650 | BE50: =+BD50*$S50 -> 365000 | BF50: =+IF(OR(BD50>$R50,BD50=0,BE50>$T50),"RECHAZADO","ACEPTADA") -> ACEPTADA | BG50: 3483.195 | BH50: =+ROUND(BG50,0) -> 3483 | BI50: =+BH50*$S50 -> 348300 | BJ50: =+IF(OR(BH50>$R50,BH50=0,BI50>$T50),"RECHAZADO","ACEPTADA") -> ACEPTADA | BK50: 3500 | BL50: =+ROUND(BK50,0) -> 3500 | BM50: =+BL50*$S50 -> 350000 | BN50: =+IF(OR(BL50>$R50,BL50=0,BM50>$T50),"RECHAZADO","ACEPTADA") -> ACEPTADA | BO50: 3541 | BP50: =+ROUND(BO50,0) -> 3541 | BQ50: =+BP50*$S50 -> 354100 | BR50: =+IF(OR(BP50>$R50,BP50=0,BQ50>$T50),"RECHAZADO","ACEPTADA") -> ACEPTADA | BS50: 3611 | BT50: =+ROUND(BS50,0) -> 3611 | BU50: =+BT50*$S50 -> 361100 | BV50: =+IF(OR(BT50>$R50,BT50=0,BU50>$T50),"RECHAZADO","ACEPTADA") -> ACEPTADA
B52: Bolsa de monto agotable, dotación a organizaciones, instancias de participacion y mesas | C52: El monto disponible para esta bolsa es de $26.223.071 y los ítems que componen dicha bolsa, pueden ser ofertados en la pestaña de este documento denominada INSUMOS DE LAS BOLSAS | D52: UNIDAD | E52: 1 | T52: 211961550 | U52: =+T52 -> 211961550 | Y52: 211961550 | Z52: =+EXACT($T$52,Y52) -> TRUE | AC52: 211961550 | AD52: =+EXACT($T$52,AC52) -> TRUE | AG52: 211961550 | AH52: =+EXACT($T$52,AG52) -> TRUE | AK52: 211961550 | AL52: =+EXACT($T$52,AK52) -> TRUE | AO52: 211961550 | AP52: =+EXACT($T$52,AO52) -> TRUE | AS52: 211961550 | AT52: =+EXACT($T$52,AS52) -> TRUE | AW52: 211961550 | AX52: =+EXACT($T$52,AW52) -> TRUE | BA52: 211961550 | BB52: =+EXACT($T$52,BA52) -> TRUE | BE52: 211961550 | BF52: =+EXACT($T$52,BE52) -> TRUE | BI52: 211961550 | BJ52: =+EXACT($T$52,BI52) -> TRUE | BM52: 211961550 | BN52: =+EXACT($T$52,BM52) -> TRUE | BQ52: 211961550 | BR52: =+EXACT($T$52,BQ52) -> TRUE | BU52: 211961550 | BV52: =+EXACT($T$52,BU52) -> TRUE
Y53: =SUM(Y6:Y52) -> 359898550 | AC53: =SUM(AC6:AC52) -> 361004000 | AG53: =SUM(AG6:AG52) -> 361476099 | AK53: =SUM(AK6:AK52) -> 358831271 | AO53: =SUM(AO6:AO52) -> 358663448 | AS53: =SUM(AS6:AS52) -> 360947750 | AW53: =SUM(AW6:AW52) -> 358451000 | BA53: =SUM(BA6:BA52) -> 360974002 | BE53: =SUM(BE6:BE52) -> 362794000 | BI53: =SUM(BI6:BI52) -> 359722934 | BM53: =SUM(BM6:BM52) -> 357167550 | BQ53: =SUM(BQ6:BQ52) -> 360871610 | BU53: =SUM(BU6:BU52) -> 368253118
Y54: ACEPTADAS | Z54: =+COUNTIF(Z6:Z50,"ACEPTADA") -> 37 | AC54: ACEPTADAS | AD54: =+COUNTIF(AD6:AD50,"ACEPTADA") -> 37 | AG54: ACEPTADAS | AH54: =+COUNTIF(AH6:AH50,"ACEPTADA") -> 37 | AK54: ACEPTADAS | AL54: =+COUNTIF(AL6:AL50,"ACEPTADA") -> 37 | AO54: ACEPTADAS | AP54: =+COUNTIF(AP6:AP50,"ACEPTADA") -> 37 | AS54: ACEPTADAS | AT54: =+COUNTIF(AT6:AT50,"ACEPTADA") -> 37 | AW54: ACEPTADAS | AX54: =+COUNTIF(AX6:AX50,"ACEPTADA") -> 37 | BA54: ACEPTADAS | BB54: =+COUNTIF(BB6:BB50,"ACEPTADA") -> 37 | BE54: ACEPTADAS | BF54: =+COUNTIF(BF6:BF50,"ACEPTADA") -> 36 | BI54: ACEPTADAS | BJ54: =+COUNTIF(BJ6:BJ50,"ACEPTADA") -> 37 | BM54: ACEPTADAS | BN54: =+COUNTIF(BN6:BN50,"ACEPTADA") -> 36 | BQ54: ACEPTADAS | BR54: =+COUNTIF(BR6:BR50,"ACEPTADA") -> 37 | BU54: ACEPTADAS | BV54: =+COUNTIF(BV6:BV50,"ACEPTADA") -> 30
Y55: NO OFERTABLES | Z55: =+COUNTIF(Z6:Z52,"VERDADERO") -> 3 | AC55: NO OFERTABLES | AD55: =+COUNTIF(AD6:AD52,"VERDADERO") -> 3 | AG55: NO OFERTABLES | AH55: =+COUNTIF(AH6:AH52,"VERDADERO") -> 3 | AK55: NO OFERTABLES | AL55: =+COUNTIF(AL6:AL52,"VERDADERO") -> 3 | AO55: NO OFERTABLES | AP55: =+COUNTIF(AP6:AP52,"VERDADERO") -> 3 | AS55: NO OFERTABLES | AT55: =+COUNTIF(AT6:AT52,"VERDADERO") -> 3 | AW55: NO OFERTABLES | AX55: =+COUNTIF(AX6:AX52,"VERDADERO") -> 1 | BA55: NO OFERTABLES | BB55: =+COUNTIF(BB6:BB52,"VERDADERO") -> 3 | BE55: NO OFERTABLES | BF55: =+COUNTIF(BF6:BF52,"VERDADERO") -> 3 | BI55: NO OFERTABLES | BJ55: =+COUNTIF(BJ6:BJ52,"VERDADERO") -> 3 | BM55: NO OFERTABLES | BN55: =+COUNTIF(BN6:BN52,"VERDADERO") -> 3 | BQ55: NO OFERTABLES | BR55: =+COUNTIF(BR6:BR52,"VERDADERO") -> 3 | BU55: NO OFERTABLES | BV55: =+COUNTIF(BV6:BV52,"VERDADERO") -> 3
Z56: =+Z54+Z55 -> 40 | AD56: =+AD54+AD55 -> 40 | AH56: =+AH54+AH55 -> 40 | AL56: =+AL54+AL55 -> 40 | AP56: =+AP54+AP55 -> 40 | AT56: =+AT54+AT55 -> 40 | AX56: =+AX54+AX55 -> 38 | BB56: =+BB54+BB55 -> 40 | BF56: =+BF54+BF55 -> 39 | BJ56: =+BJ54+BJ55 -> 40 | BN56: =+BN54+BN55 -> 39 | BR56: =+BR54+BR55 -> 40 | BV56: =+BV54+BV55 -> 33
A58: Bolsa de monto agotable, dotación a organizaciones, instancias de participacion y mesas | Z58: =+IF(Z54+Z55=40,"ACEPTADA","RECHAZADA") -> ACEPTADA | AD58: =+IF(AD54+AD55=40,"ACEPTADA","RECHAZADA") -> ACEPTADA | AH58: =+IF(AH54+AH55=40,"ACEPTADA","RECHAZADA") -> ACEPTADA | AL58: =+IF(AL54+AL55=40,"ACEPTADA","RECHAZADA") -> ACEPTADA | AP58: =+IF(AP54+AP55=40,"ACEPTADA","RECHAZADA") -> ACEPTADA | AT58: =+IF(AT54+AT55=40,"ACEPTADA","RECHAZADA") -> ACEPTADA | AX58: =+IF(AX54+AX55=40,"ACEPTADA","RECHAZADA") -> RECHAZADA | BB58: =+IF(BB54+BB55=40,"ACEPTADA","RECHAZADA") -> ACEPTADA | BF58: =+IF(BF54+BF55=40,"ACEPTADA","RECHAZADA") -> RECHAZADA | BJ58: =+IF(BJ54+BJ55=40,"ACEPTADA","RECHAZADA") -> ACEPTADA | BN58: =+IF(BN54+BN55=40,"ACEPTADA","RECHAZADA") -> RECHAZADA | BR58: =+IF(BR54+BR55=40,"ACEPTADA","RECHAZADA") -> ACEPTADA | BV58: =+IF(BV54+BV55=40,"ACEPTADA","RECHAZADA") -> RECHAZADA
A59: 1 | B59: CHAQUETA DOBLE FAZ | C59: Chaqueta unisex, en material antifluido impermeable, doble faz, con dos bolsillos laterales, de colores, con capota con el logos de la agrupación y de la Alcaldía. | F59: 89964 | G59: NEO BRAND S.A.S | H59: =85000*1.19 -> 101150 | I59: PROMOCIONALES BORDADOS Y DOTACIONES | J59: =90000*1.19 -> 107100 | K59: ZOOM PUBLICIDAD | L59: =+COUNT(F59,H59,J59) -> 3 | M59: =+AVERAGE(F59,H59,J59) -> 99404.667 | N59: =+STDEVA(F59,H59,J59) -> 8700.3026 | O59: =+N59/M59 -> 0.087524086 | P59: =+MEDIAN(J59,H59,F59) -> 101150 | R59: =+_xlfn.CEILING.MATH(M59,50,FALSE) -> 99450 | S59: 1 | T59: =+R59*S59 -> 99450 | W59: 98000 | X59: =+ROUND(W59,0) -> 98000 | Y59: =+X59*$S59 -> 98000 | Z59: =+IF(OR(X59>$R59,X59=0,Y59>$T59),"RECHAZADO","ACEPTADA") -> ACEPTADA | AA59: 99450 | AB59: =+ROUND(AA59,0) -> 99450 | AC59: =+AB59*$S59 -> 99450 | AD59: =+IF(OR(AB59>$R59,AB59=0,AC59>$T59),"RECHAZADO","ACEPTADA") -> ACEPTADA | AE59: 99450 | AF59: =+ROUND(AE59,0) -> 99450 | AG59: =+AF59*$S59 -> 99450 | AH59: =+IF(OR(AF59>$R59,AF59=0,AG59>$T59),"RECHAZADO","ACEPTADA") -> ACEPTADA | AI59: 99450 | AJ59: =+ROUND(AI59,0) -> 99450 | AK59: =+AJ59*$S59 -> 99450 | AL59: =+IF(OR(AJ59>$R59,AJ59=0,AK59>$T59),"RECHAZADO","ACEPTADA") -> ACEPTADA | AM59: 99450 | AN59: =+ROUND(AM59,0) -> 99450 | AO59: =+AN59*$S59 -> 99450 | AP59: =+IF(OR(AN59>$R59,AN59=0,AO59>$T59),"RECHAZADO","ACEPTADA") -> ACEPTADA | AQ59: 96800 | AR59: =+ROUND(AQ59,0) -> 96800 | AS59: =+AR59*$S59 -> 96800 | AT59: =+IF(OR(AR59>$R59,AR59=0,AS59>$T59),"RECHAZADO","ACEPTADA") -> ACEPTADA | AU59: 99450 | AV59: =+ROUND(AU59,0) -> 99450 | AW59: =+AV59*$S59 -> 99450 | AX59: =+IF(OR(AV59>$R59,AV59=0,AW59>$T59),"RECHAZADO","ACEPTADA") -> ACEPTADA | AY59: 99450 | AZ59: =+ROUND(AY59,0) -> 99450 | BA59: =+AZ59*$S59 -> 99450 | BB59: =+IF(OR(AZ59>$R59,AZ59=0,BA59>$T59),"RECHAZADO","ACEPTADA") -> ACEPTADA | BC59: 99450 | BD59: =+ROUND(BC59,0) -> 99450 | BE59: =+BD59*$S59 -> 99450 | BF59: =+IF(OR(BD59>$R59,BD59=0,BE59>$T59),"RECHAZADO","ACEPTADA") -> ACEPTADA | BG59: 95919.525 | BH59: =+ROUND(BG59,0) -> 95920 | BI59: =+BH59*$S59 -> 95920 | BJ59: =+IF(OR(BH59>$R59,BH59=0,BI59>$T59),"RECHAZADO","ACEPTADA") -> ACEPTADA | BK59: 96450 | BL59: =+ROUND(BK59,0) -> 96450 | BM59: =+BL59*$S59 -> 96450 | BN59: =+IF(OR(BL59>$R59,BL59=0,BM59>$T59),"RECHAZADO","ACEPTADA") -> ACEPTADA | BO59: 96467 | BP59: =+ROUND(BO59,0) -> 96467 | BQ59: =+BP59*$S59 -> 96467 | BR59: =+IF(OR(BP59>$R59,BP59=0,BQ59>$T59),"RECHAZADO","ACEPTADA") -> ACEPTADA | BT59: =+ROUND(BS59,0) -> 0 | BU59: =+BT59*$S59 -> 0 | BV59: =+IF(OR(BT59>$R59,BT59=0,BU59>$T59),"RECHAZADO","ACEPTADA") -> RECHAZADO
A60: 2 | B60: Grabadora de voz | C60: Grabadora de voz (de periodista) Con monitor de grabación (pantalla) 4 GB de almacenamiento, con posibilidad de ser expandible. Con capaciadd de grabar en formato MP3. Con altavoz para escuchar las grabaciones y puerto para conectividad USB. | D60: Unidad | F60: 130000 | G60: M&C TECHNOLOGY | H60: 150000 | I60: MEGASTORE | J60: 140000 | K60: CDPRONTO | L60: =+COUNT(F60,H60,J60) -> 3 | M60: =+AVERAGE(F60,H60,J60) -> 140000 | N60: =+STDEVA(F60,H60,J60) -> 10000 | O60: =+N60/M60 -> 0.071428571 | P60: =+MEDIAN(J60,H60,F60) -> 140000 | R60: =+_xlfn.CEILING.MATH(M60,50,FALSE) -> 140000 | S60: 1 | T60: =+R60*S60 -> 140000 | W60: 135000 | X60: =+ROUND(W60,0) -> 135000 | Y60: =+X60*$S60 -> 135000 | Z60: =+IF(OR(X60>$R60,X60=0,Y60>$T60),"RECHAZADO","ACEPTADA") -> ACEPTADA | AA60: 140000 | AB60: =+ROUND(AA60,0) -> 140000 | AC60: =+AB60*$S60 -> 140000 | AD60: =+IF(OR(AB60>$R60,AB60=0,AC60>$T60),"RECHAZADO","ACEPTADA") -> ACEPTADA | AE60: 140000 | AF60: =+ROUND(AE60,0) -> 140000 | AG60: =+AF60*$S60 -> 140000 | AH60: =+IF(OR(AF60>$R60,AF60=0,AG60>$T60),"RECHAZADO","ACEPTADA") -> ACEPTADA | AI60: 140000 | AJ60: =+ROUND(AI60,0) -> 140000 | AK60: =+AJ60*$S60 -> 140000 | AL60: =+IF(OR(AJ60>$R60,AJ60=0,AK60>$T60),"RECHAZADO","ACEPTADA") -> ACEPTADA | AM60: 140000 | AN60: =+ROUND(AM60,0) -> 140000 | AO60: =+AN60*$S60 -> 140000 | AP60: =+IF(OR(AN60>$R60,AN60=0,AO60>$T60),"RECHAZADO","ACEPTADA") -> ACEPTADA | AQ60: 136000 | AR60: =+ROUND(AQ60,0) -> 136000 | AS60: =+AR60*$S60 -> 136000 | AT60: =+IF(OR(AR60>$R60,AR60=0,AS60>$T60),"RECHAZADO","ACEPTADA") -> ACEPTADA | AU60: 140000 | AV60: =+ROUND(AU60,0) -> 140000 | AW60: =+AV60*$S60 -> 140000 | AX60: =+IF(OR(AV60>$R60,AV60=0,AW60>$T60),"RECHAZADO","ACEPTADA") -> ACEPTADA | AY60: 140000 | AZ60: =+ROUND(AY60,0) -> 140000 | BA60: =+AZ60*$S60 -> 140000 | BB60: =+IF(OR(AZ60>$R60,AZ60=0,BA60>$T60),"RECHAZADO","ACEPTADA") -> ACEPTADA | BC60: 140000 | BD60: =+ROUND(BC60,0) -> 140000 | BE60: =+BD60*$S60 -> 140000 | BF60: =+IF(OR(BD60>$R60,BD60=0,BE60>$T60),"RECHAZADO","ACEPTADA") -> ACEPTADA | BG60: 135030 | BH60: =+ROUND(BG60,0) -> 135030 | BI60: =+BH60*$S60 -> 135030 | BJ60: =+IF(OR(BH60>$R60,BH60=0,BI60>$T60),"RECHAZADO","ACEPTADA") -> ACEPTADA | BK60: 135000 | BL60: =+ROUND(BK60,0) -> 135000 | BM60: =+BL60*$S60 -> 135000 | BN60: =+IF(OR(BL60>$R60,BL60=0,BM60>$T60),"RECHAZADO","ACEPTADA") -> ACEPTADA | BO60: 135800 | BP60: =+ROUND(BO60,0) -> 135800 | BQ60: =+BP60*$S60 -> 135800 | BR60: =+IF(OR(BP60>$R60,BP60=0,BQ60>$T60),"RECHAZADO","ACEPTADA") -> ACEPTADA | BT60: =+ROUND(BS60,0) -> 0 | BU60: =+BT60*$S60 -> 0 | BV60: =+IF(OR(BT60>$R60,BT60=0,BU60>$T60),"RECHAZADO","ACEPTADA") -> RECHAZADO
A61: 3 | B61: MORRAL | C61: Morral para adultos con medidas de 30 cm de ancho, 42 cm de alto y 12 cm de profundidad, elaborados en lona y forrados, estampado o sublimado según manual de imagen y diseño de la Alcaldía de la mejor tela | F61: =35000*1.19 -> 41650 | G61: PROMOCIONALES BORDADOS Y DOTACIONES | H61: =40000*1.19 -> 47600 | I61: ZOOM PUBLICIDAD | J61: =38050*1.19 -> 45279.5 | K61: NEO BRAND S.A.S | L61: =+COUNT(F61,H61,J61) -> 3 | M61: =+AVERAGE(F61,H61,J61) -> 44843.167 | N61: =+STDEVA(F61,H61,J61) -> 2998.9023 | O61: =+N61/M61 -> 0.066875347 | P61: =+MEDIAN(J61,H61,F61) -> 45279.5 | R61: =+_xlfn.CEILING.MATH(M61,50,FALSE) -> 44850 | S61: 1 | T61: =+R61*S61 -> 44850 | W61: 44000 | X61: =+ROUND(W61,0) -> 44000 | Y61: =+X61*$S61 -> 44000 | Z61: =+IF(OR(X61>$R61,X61=0,Y61>$T61),"RECHAZADO","ACEPTADA") -> ACEPTADA | AA61: 44850 | AB61: =+ROUND(AA61,0) -> 44850 | AC61: =+AB61*$S61 -> 44850 | AD61: =+IF(OR(AB61>$R61,AB61=0,AC61>$T61),"RECHAZADO","ACEPTADA") -> ACEPTADA | AE61: 44850 | AF61: =+ROUND(AE61,0) -> 44850 | AG61: =+AF61*$S61 -> 44850 | AH61: =+IF(OR(AF61>$R61,AF61=0,AG61>$T61),"RECHAZADO","ACEPTADA") -> ACEPTADA | AI61: 44850 | AJ61: =+ROUND(AI61,0) -> 44850 | AK61: =+AJ61*$S61 -> 44850 | AL61: =+IF(OR(AJ61>$R61,AJ61=0,AK61>$T61),"RECHAZADO","ACEPTADA") -> ACEPTADA | AM61: 44850 | AN61: =+ROUND(AM61,0) -> 44850 | AO61: =+AN61*$S61 -> 44850 | AP61: =+IF(OR(AN61>$R61,AN61=0,AO61>$T61),"RECHAZADO","ACEPTADA") -> ACEPTADA | AQ61: 43000 | AR61: =+ROUND(AQ61,0) -> 43000 | AS61: =+AR61*$S61 -> 43000 | AT61: =+IF(OR(AR61>$R61,AR61=0,AS61>$T61),"RECHAZADO","ACEPTADA") -> ACEPTADA | AU61: 44850 | AV61: =+ROUND(AU61,0) -> 44850 | AW61: =+AV61*$S61 -> 44850 | AX61: =+IF(OR(AV61>$R61,AV61=0,AW61>$T61),"RECHAZADO","ACEPTADA") -> ACEPTADA | AY61: 44850 | AZ61: =+ROUND(AY61,0) -> 44850 | BA61: =+AZ61*$S61 -> 44850 | BB61: =+IF(OR(AZ61>$R61,AZ61=0,BA61>$T61),"RECHAZADO","ACEPTADA") -> ACEPTADA | BC61: 44850 | BD61: =+ROUND(BC61,0) -> 44850 | BE61: =+BD61*$S61 -> 44850 | BF61: =+IF(OR(BD61>$R61,BD61=0,BE61>$T61),"RECHAZADO","ACEPTADA") -> ACEPTADA | BG61: 43257.825 | BH61: =+ROUND(BG61,0) -> 43258 | BI61: =+BH61*$S61 -> 43258 | BJ61: =+IF(OR(BH61>$R61,BH61=0,BI61>$T61),"RECHAZADO","ACEPTADA") -> ACEPTADA | BK61: 42000 | BL61: =+ROUND(BK61,0) -> 42000 | BM61: =+BL61*$S61 -> 42000 | BN61: =+IF(OR(BL61>$R61,BL61=0,BM61>$T61),"RECHAZADO","ACEPTADA") -> ACEPTADA | BO61: 43505 | BP61: =+ROUND(BO61,0) -> 43505 | BQ61: =+BP61*$S61 -> 43505 | BR61: =+IF(OR(BP61>$R61,BP61=0,BQ61>$T61),"RECHAZADO","ACEPTADA") -> ACEPTADA | BT61: =+ROUND(BS61,0) -> 0 | BU61: =+BT61*$S61 -> 0 | BV61: =+IF(OR(BT61>$R61,BT61=0,BU61>$T61),"RECHAZADO","ACEPTADA") -> RECHAZADO
A62: 4 | B62: AGENDAS CON PROGRAMADOR | C62: AGENDA CON PLANEADOR DIARIO, EN PASTA DURA, DE 100 HOJAS (tamaño carta) | F62: =22015*1.19 -> 26197.85 | G62: NEO BRAND S.A.S | H62: =23800*1.19 -> 28322 | I62: PROMOCIONALES BORDADOS Y DOTACIONES | J62: =24500*1.19 -> 29155 | K62: ZOOM PUBLICIDAD | L62: =+COUNT(F62,H62,J62) -> 3 | M62: =+AVERAGE(F62,H62,J62) -> 27891.617 | N62: =+STDEVA(F62,H62,J62) -> 1524.83 | O62: =+N62/M62 -> 0.05466983 | P62: =+MEDIAN(J62,H62,F62) -> 28322 | R62: =+_xlfn.CEILING.MATH(M62,50,FALSE) -> 27900 | S62: 1 | T62: =+R62*S62 -> 27900 | W62: 27000 | X62: =+ROUND(W62,0) -> 27000 | Y62: =+X62*$S62 -> 27000 | Z62: =+IF(OR(X62>$R62,X62=0,Y62>$T62),"RECHAZADO","ACEPTADA") -> ACEPTADA | AA62: 27900 | AB62: =+ROUND(AA62,0) -> 27900 | AC62: =+AB62*$S62 -> 27900 | AD62: =+IF(OR(AB62>$R62,AB62=0,AC62>$T62),"RECHAZADO","ACEPTADA") -> ACEPTADA | AE62: 27900 | AF62: =+ROUND(AE62,0) -> 27900 | AG62: =+AF62*$S62 -> 27900 | AH62: =+IF(OR(AF62>$R62,AF62=0,AG62>$T62),"RECHAZADO","ACEPTADA") -> ACEPTADA | AI62: 27900 | AJ62: =+ROUND(AI62,0) -> 27900 | AK62: =+AJ62*$S62 -> 27900 | AL62: =+IF(OR(AJ62>$R62,AJ62=0,AK62>$T62),"RECHAZADO","ACEPTADA") -> ACEPTADA | AM62: 27900 | AN62: =+ROUND(AM62,0) -> 27900 | AO62: =+AN62*$S62 -> 27900 | AP62: =+IF(OR(AN62>$R62,AN62=0,AO62>$T62),"RECHAZADO","ACEPTADA") -> ACEPTADA | AQ62: 27000 | AR62: =+ROUND(AQ62,0) -> 27000 | AS62: =+AR62*$S62 -> 27000 | AT62: =+IF(OR(AR62>$R62,AR62=0,AS62>$T62),"RECHAZADO","ACEPTADA") -> ACEPTADA | AU62: 27900 | AV62: =+ROUND(AU62,0) -> 27900 | AW62: =+AV62*$S62 -> 27900 | AX62: =+IF(OR(AV62>$R62,AV62=0,AW62>$T62),"RECHAZADO","ACEPTADA") -> ACEPTADA | AY62: 27900 | AZ62: =+ROUND(AY62,0) -> 27900 | BA62: =+AZ62*$S62 -> 27900 | BB62: =+IF(OR(AZ62>$R62,AZ62=0,BA62>$T62),"RECHAZADO","ACEPTADA") -> ACEPTADA | BC62: 27900 | BD62: =+ROUND(BC62,0) -> 27900 | BE62: =+BD62*$S62 -> 27900 | BF62: =+IF(OR(BD62>$R62,BD62=0,BE62>$T62),"RECHAZADO","ACEPTADA") -> ACEPTADA | BG62: 26909.55 | BH62: =+ROUND(BG62,0) -> 26910 | BI62: =+BH62*$S62 -> 26910 | BJ62: =+IF(OR(BH62>$R62,BH62=0,BI62>$T62),"RECHAZADO","ACEPTADA") -> ACEPTADA | BK62: 27000 | BL62: =+ROUND(BK62,0) -> 27000 | BM62: =+BL62*$S62 -> 27000 | BN62: =+IF(OR(BL62>$R62,BL62=0,BM62>$T62),"RECHAZADO","ACEPTADA") -> ACEPTADA | BO62: 27063 | BP62: =+ROUND(BO62,0) -> 27063 | BQ62: =+BP62*$S62 -> 27063 | BR62: =+IF(OR(BP62>$R62,BP62=0,BQ62>$T62),"RECHAZADO","ACEPTADA") -> ACEPTADA | BT62: =+ROUND(BS62,0) -> 0 | BU62: =+BT62*$S62 -> 0 | BV62: =+IF(OR(BT62>$R62,BT62=0,BU62>$T62),"RECHAZADO","ACEPTADA") -> RECHAZADO
A63: 5 | B63: Caja de esferos de colores surtidos x 12 | C63: Boligrafos Negro con mina 0.7 mm y con tapa. Punta Coreana de 0.7 mm. Tinta gel de secado inmediato | F63: 5450 | G63: CIPE | H63: 6600 | I63: DISFENIX | J63: 4500 | K63: LUKS DU | L63: =+COUNT(F63,H63,J63) -> 3 | M63: =+AVERAGE(F63,H63,J63) -> 5516.6667 | N63: =+STDEVA(F63,H63,J63) -> 1051.5861 | O63: =+N63/M63 -> 0.19061984 | P63: =+MEDIAN(J63,H63,F63) -> 5450 | R63: =+_xlfn.CEILING.MATH(M63,50,FALSE) -> 5550 | S63: 1 | T63: =+R63*S63 -> 5550 | W63: 5500 | X63: =+ROUND(W63,0) -> 5500 | Y63: =+X63*$S63 -> 5500 | Z63: =+IF(OR(X63>$R63,X63=0,Y63>$T63),"RECHAZADO","ACEPTADA") -> ACEPTADA | AA63: 5550 | AB63: =+ROUND(AA63,0) -> 5550 | AC63: =+AB63*$S63 -> 5550 | AD63: =+IF(OR(AB63>$R63,AB63=0,AC63>$T63),"RECHAZADO","ACEPTADA") -> ACEPTADA | AE63: 5550 | AF63: =+ROUND(AE63,0) -> 5550 | AG63: =+AF63*$S63 -> 5550 | AH63: =+IF(OR(AF63>$R63,AF63=0,AG63>$T63),"RECHAZADO","ACEPTADA") -> ACEPTADA | AI63: 5550 | AJ63: =+ROUND(AI63,0) -> 5550 | AK63: =+AJ63*$S63 -> 5550 | AL63: =+IF(OR(AJ63>$R63,AJ63=0,AK63>$T63),"RECHAZADO","ACEPTADA") -> ACEPTADA | AM63: 5550 | AN63: =+ROUND(AM63,0) -> 5550 | AO63: =+AN63*$S63 -> 5550 | AP63: =+IF(OR(AN63>$R63,AN63=0,AO63>$T63),"RECHAZADO","ACEPTADA") -> ACEPTADA | AQ63: 5400 | AR63: =+ROUND(AQ63,0) -> 5400 | AS63: =+AR63*$S63 -> 5400 | AT63: =+IF(OR(AR63>$R63,AR63=0,AS63>$T63),"RECHAZADO","ACEPTADA") -> ACEPTADA | AU63: 5550 | AV63: =+ROUND(AU63,0) -> 5550 | AW63: =+AV63*$S63 -> 5550 | AX63: =+IF(OR(AV63>$R63,AV63=0,AW63>$T63),"RECHAZADO","ACEPTADA") -> ACEPTADA | AY63: 5550 | AZ63: =+ROUND(AY63,0) -> 5550 | BA63: =+AZ63*$S63 -> 5550 | BB63: =+IF(OR(AZ63>$R63,AZ63=0,BA63>$T63),"RECHAZADO","ACEPTADA") -> ACEPTADA | BC63: 5550 | BD63: =+ROUND(BC63,0) -> 5550 | BE63: =+BD63*$S63 -> 5550 | BF63: =+IF(OR(BD63>$R63,BD63=0,BE63>$T63),"RECHAZADO","ACEPTADA") -> ACEPTADA | BG63: 5352.975 | BH63: =+ROUND(BG63,0) -> 5353 | BI63: =+BH63*$S63 -> 5353 | BJ63: =+IF(OR(BH63>$R63,BH63=0,BI63>$T63),"RECHAZADO","ACEPTADA") -> ACEPTADA | BK63: 5400 | BL63: =+ROUND(BK63,0) -> 5400 | BM63: =+BL63*$S63 -> 5400 | BN63: =+IF(OR(BL63>$R63,BL63=0,BM63>$T63),"RECHAZADO","ACEPTADA") -> ACEPTADA | BO63: 5384 | BP63: =+ROUND(BO63,0) -> 5384 | BQ63: =+BP63*$S63 -> 5384 | BR63: =+IF(OR(BP63>$R63,BP63=0,BQ63>$T63),"RECHAZADO","ACEPTADA") -> ACEPTADA | BT63: =+ROUND(BS63,0) -> 0 | BU63: =+BT63*$S63 -> 0 | BV63: =+IF(OR(BT63>$R63,BT63=0,BU63>$T63),"RECHAZADO","ACEPTADA") -> RECHAZADO
A64: 6 | B64: Hoodie | C64: Buzo capota “hoodie”, unisex, con un bolsillo grande en la zona delantera inferior, 100% algodón perchado Con tres (3) logos institucionales 2 atrás tamaño bolsillo y uno (1) adelante tamaño carta con frase alusiva al proyecto, el diseño de los logos será entregado por la oficina de prensa. Tamaños desed la s, hasta la xl | F64: =50000*1.19 -> 59500 | G64: MGR | H64: =50000*1.19 -> 59500 | I64: ZOOM PUBLICIDAD | J64: =50000*1.19 -> 59500 | K64: PROMOCIONALES BORDADOS Y DOTACIONES | L64: =+COUNT(F64,H64,J64) -> 3 | M64: =+AVERAGE(F64,H64,J64) -> 59500 | N64: =+STDEVA(F64,H64,J64) -> 0 | O64: =+N64/M64 -> 0 | P64: =+MEDIAN(J64,H64,F64) -> 59500 | R64: =+_xlfn.CEILING.MATH(M64,50,FALSE) -> 59500 | S64: 1 | T64: =+R64*S64 -> 59500 | W64: 58000 | X64: =+ROUND(W64,0) -> 58000 | Y64: =+X64*$S64 -> 58000 | Z64: =+IF(OR(X64>$R64,X64=0,Y64>$T64),"RECHAZADO","ACEPTADA") -> ACEPTADA | AA64: 59500 | AB64: =+ROUND(AA64,0) -> 59500 | AC64: =+AB64*$S64 -> 59500 | AD64: =+IF(OR(AB64>$R64,AB64=0,AC64>$T64),"RECHAZADO","ACEPTADA") -> ACEPTADA | AE64: 59500 | AF64: =+ROUND(AE64,0) -> 59500 | AG64: =+AF64*$S64 -> 59500 | AH64: =+IF(OR(AF64>$R64,AF64=0,AG64>$T64),"RECHAZADO","ACEPTADA") -> ACEPTADA | AI64: 59500 | AJ64: =+ROUND(AI64,0) -> 59500 | AK64: =+AJ64*$S64 -> 59500 | AL64: =+IF(OR(AJ64>$R64,AJ64=0,AK64>$T64),"RECHAZADO","ACEPTADA") -> ACEPTADA | AM64: 59500 | AN64: =+ROUND(AM64,0) -> 59500 | AO64: =+AN64*$S64 -> 59500 | AP64: =+IF(OR(AN64>$R64,AN64=0,AO64>$T64),"RECHAZADO","ACEPTADA") -> ACEPTADA | AQ64: 57000 | AR64: =+ROUND(AQ64,0) -> 57000 | AS64: =+AR64*$S64 -> 57000 | AT64: =+IF(OR(AR64>$R64,AR64=0,AS64>$T64),"RECHAZADO","ACEPTADA") -> ACEPTADA | AU64: 59500 | AV64: =+ROUND(AU64,0) -> 59500 | AW64: =+AV64*$S64 -> 59500 | AX64: =+IF(OR(AV64>$R64,AV64=0,AW64>$T64),"RECHAZADO","ACEPTADA") -> ACEPTADA | AY64: 59500 | AZ64: =+ROUND(AY64,0) -> 59500 | BA64: =+AZ64*$S64 -> 59500 | BB64: =+IF(OR(AZ64>$R64,AZ64=0,BA64>$T64),"RECHAZADO","ACEPTADA") -> ACEPTADA | BC64: 59500 | BD64: =+ROUND(BC64,0) -> 59500 | BE64: =+BD64*$S64 -> 59500 | BF64: =+IF(OR(BD64>$R64,BD64=0,BE64>$T64),"RECHAZADO","ACEPTADA") -> ACEPTADA | BG64: 57387.75 | BH64: =+ROUND(BG64,0) -> 57388 | BI64: =+BH64*$S64 -> 57388 | BJ64: =+IF(OR(BH64>$R64,BH64=0,BI64>$T64),"RECHAZADO","ACEPTADA") -> ACEPTADA | BK64: 57000 | BL64: =+ROUND(BK64,0) -> 57000 | BM64: =+BL64*$S64 -> 57000 | BN64: =+IF(OR(BL64>$R64,BL64=0,BM64>$T64),"RECHAZADO","ACEPTADA") -> ACEPTADA | BO64: 57715 | BP64: =+ROUND(BO64,0) -> 57715 | BQ64: =+BP64*$S64 -> 57715 | BR64: =+IF(OR(BP64>$R64,BP64=0,BQ64>$T64),"RECHAZADO","ACEPTADA") -> ACEPTADA | BT64: =+ROUND(BS64,0) -> 0 | BU64: =+BT64*$S64 -> 0 | BV64: =+IF(OR(BT64>$R64,BT64=0,BU64>$T64),"RECHAZADO","ACEPTADA") -> RECHAZADO
